Workbook
Name Print_Area: Grayling!$A$1:$S$38
Name д: 'Расчет ПРЕДЗАКАЗ'!$B$51:$B$56
Name ДилерГГ: #REF!
Name ОплатаГГ: #REF!
Name со: 'Расчет ПРЕДЗАКАЗ'!$D$51:$D$54

Sheet Расчет ПРЕДЗАКАЗ
G1: Инструкция по заполнению информации в Прайс-листе: 1. Во вкладке "Расчёт", расположенной в нижней части Excel, выбираете свой "Статус" партнёра: бронзовый, серебряный, золотой, платиновый, алмазный (Для Вашего удобства выделена жёлтым цветом). 2. Не покидая вкладку "Расчёт", нажмите на колонку "Способ оплаты" и выберите оптимальную для Вашего бизнеса отсрочку/предоплату (Выделена жёлтым цветом). 3. Весь дальнейший расчёт Вы сможете наблюдать в таблице, которая автоматически рассчитывает за Вас сумму заказа в ценах и скидках. 4. Переходите в нижней части Excel на вкладку интересующей Вас торговой марки: Grayling, Pride или др. 5. Для Вашего удобства, рабочая зона выделена зелёным цветом для заполнения интересующей позиции товара в ШТ. При заполнении позиций в штуках, вся информация о стоимости, скидках, с учетом Вашего "Статуса" будет отражена далее во вкладке "Расчёт".
A5: Обязательно к заполнению
A6: Статус | B6: Способ оплаты | I6: Дилер | J6: Скидка дилера | K6: Скидка от обьема | L6: Скидка опалат | M6: Скидка итого
A7: Платиновый дилер | B7: Предоплата 30%, пост оплата 70% | I7: =IF(EXACT(A7,B51),A51,IF(EXACT(A7,B52),A52,IF(EXACT(A7,B53),A53,IF(EXACT(A7,B54),A54,IF(EXACT(A7,B55),A55,IF(EXACT(A7,B56),A56,0)))))) -> 40 | K7: =IF(EXACT(B56,A7),0,IF(EXACT(B7,D51),C51,IF(EXACT(B7,D52),C52,IF(EXACT(B7,D53),C53,0)))) -> 30 | M7: =L9+L10+J8+J9+J10+J11+J12+L11+L12+L13+L14+M9+M10+M11+M12+M13+N9+N10+N11+N12+N13+O9+O11+O10+O12+O13+0.02 -> 0.02
I8: =IF(EXACT(A7,B56),A56,0) -> 0 | J8: =IF(AND(EXACT(A7,J22),EXACT(B7,J24)),IF(B12>J38,P38,IF(B12>J37,P37,IF(B12>J36,P36,IF(B12>J35,P35,IF(B12>J34,P34,IF(B12>J33,P33,IF(B12>J32,P32,0)))))))) -> FALSE
B9: Сумма заказа в Базовых ценах | C9: Сумма заказа с учетом скидок | D9: Ваша Скидка | J9: =IF(AND(EXACT(A7,J22),EXACT(B7,J26)),IF(B12>J38,N38,IF(B12>J37,N37,IF(B12>J36,N36,IF(B12>J35,N35,IF(B12>J34,N34,IF(B12>J33,N33,IF(B12>J32,N32,0)))))))) -> FALSE | L9: =IF(AND(EXACT(A7,J17),EXACT(B7,J24)),IF(B12>J48,P48,IF(B12>J47,P47,IF(B12>J46,P46,IF(B12>J45,P45,IF(B12>J44,P44,IF(B12>J43,P43,IF(B12>J42,P42,0)))))))) -> FALSE | M9: =IF(AND(EXACT(A7,J17),EXACT(B7,J25)),IF(B12>J48,M48,IF(B12>J47,M47,IF(B12>J46,M46,IF(B12>J45,M45,IF(B12>J44,M44,IF(B12>J43,M43,IF(B12>J42,M42,0)))))))) -> FALSE | N9: =IF(AND(EXACT(A7,J17),EXACT(B7,J26)),IF(B12>J48,N48,IF(B12>J47,N47,IF(B12>J46,N46,IF(B12>J45,N45,IF(B12>J44,N44,IF(B12>J43,N43,IF(B12>J42,N42,0)))))))) -> FALSE | O9: =IF(AND(EXACT(A7,J17),EXACT(B7,J27)),IF(B12>J48,O48,IF(B12>J47,O47,IF(B12>J46,O46,IF(B12>J45,O45,IF(B12>J44,O44,IF(B12>J43,O43,IF(B12>J42,O42,0)))))))) -> FALSE
A10: Сумма товара по стоп ценам | B10: =Grayling!Z22+Pride!Z22+Payer!Z22+'7.62'!Z22+'Orion Active'!Z22+AURAPRO!Z22 -> 0 | C10: =B10 -> 0 | D10: =M7 -> 0.02 | J10: =IF(AND(EXACT(A7,J22),EXACT(B7,J27)),IF(B12>J38,O38,IF(B12>J37,O37,IF(B12>J36,O36,IF(B12>J35,O35,IF(B12>J34,O34,IF(B12>J33,O33,IF(B12>J32,O32,0)))))))) -> FALSE | L10: =IF(AND(EXACT(A7,J18),EXACT(B7,J24)),IF(B12>J48,P48,IF(B12>J47,P47,IF(B12>J46,P46,IF(B12>J45,P45,IF(B12>J44,P44,IF(B12>J43,P43,IF(B12>J42,P42,0)))))))) -> FALSE | M10: =IF(AND(EXACT(A7,J18),EXACT(B7,J25)),IF(B12>J48,M48,IF(B12>J47,M47,IF(B12>J46,M46,IF(B12>J45,M45,IF(B12>J44,M44,IF(B12>J43,M43,IF(B12>J42,M42,0)))))))) -> FALSE | N10: =IF(AND(EXACT(A7,J18),EXACT(B7,J26)),IF(B12>J48,N48,IF(B12>J47,N47,IF(B12>J46,N46,IF(B12>J45,N45,IF(B12>J44,N44,IF(B12>J43,N43,IF(B12>J42,N42,0)))))))) -> FALSE | O10: =IF(AND(EXACT(A7,J18),EXACT(B7,J27)),IF(B12>J48,O48,IF(B12>J47,O47,IF(B12>J46,O46,IF(B12>J45,O45,IF(B12>J44,O44,IF(B12>J43,O43,IF(B12>J42,O42,0)))))))) -> FALSE
A11: Сумма товара по Базовому опту | B11: =Grayling!AA22+Pride!AA22+Payer!AA22+'7.62'!AA22+'Orion Active'!AA22+AURAPRO!AA22 -> 0 | C11: =B11*(1-M7) -> 0 | J11: =IF(AND(EXACT(A7,J22),EXACT(B7,J25)),IF(B12>J38,M38,IF(B12>J37,M37,IF(B12>J36,M36,IF(B12>J35,M35,IF(B12>J34,M34,IF(B12>J33,M33,IF(B12>J32,M32,0)))))))) -> FALSE | L11: =IF(AND(EXACT(A7,J19),EXACT(B7,J24)),IF(B12>J48,P48,IF(B12>J47,P47,IF(B12>J46,P46,IF(B12>J45,P45,IF(B12>J44,P44,IF(B12>J43,P43,IF(B12>J42,P42,0)))))))) -> FALSE | M11: =IF(AND(EXACT(A7,J19),EXACT(B7,J25)),IF(B12>J48,M48,IF(B12>J47,M47,IF(B12>J46,M46,IF(B12>J45,M45,IF(B12>J44,M44,IF(B12>J43,M43,IF(B12>J42,M42,0)))))))) -> FALSE | N11: =IF(AND(EXACT(A7,J19),EXACT(B7,J26)),IF(B12>J48,N48,IF(B12>J47,N47,IF(B12>J46,N46,IF(B12>J45,N45,IF(B12>J44,N44,IF(B12>J43,N43,IF(B12>J42,N42,0)))))))) -> FALSE | O11: =IF(AND(EXACT(A7,J19),EXACT(B7,J27)),IF(B12>J48,O48,IF(B12>J47,O47,IF(B12>J46,O46,IF(B12>J45,O45,IF(B12>J44,O44,IF(B12>J43,O43,IF(B12>J42,O42,0)))))))) -> FALSE
A12: Итого | B12: =B11+B10 -> 0 | C12: =C11+C10 -> 0 | J12: =IF(AND(EXACT(A7,J22),EXACT(B7,J29)),IF(B12>J38,N38,IF(B12>J37,N37,IF(B12>J36,N36,IF(B12>J35,N35,IF(B12>J34,N34,IF(B12>J33,N33,IF(B12>J32,N32,0)))))))) -> FALSE | L12: =IF(AND(EXACT(A7,J20),EXACT(B7,J24)),IF(B12>J48,P48,IF(B12>J47,P47,IF(B12>J46,P46,IF(B12>J45,P45,IF(B12>J44,P44,IF(B12>J43,P43,IF(B12>J42,P42,0)))))))) -> FALSE | M12: =IF(AND(EXACT(A7,J20),EXACT(B7,J25)),IF(B12>J48,M48,IF(B12>J47,M47,IF(B12>J46,M46,IF(B12>J45,M45,IF(B12>J44,M44,IF(B12>J43,M43,IF(B12>J42,M42,0)))))))) -> FALSE | N12: =IF(AND(EXACT(A7,J20),EXACT(B7,J26)),IF(B12>J48,N48,IF(B12>J47,N47,IF(B12>J46,N46,IF(B12>J45,N45,IF(B12>J44,N44,IF(B12>J43,N43,IF(B12>J42,N42,0)))))))) -> 0 | O12: =IF(AND(EXACT(A7,J20),EXACT(B7,J27)),IF(B12>J48,O48,IF(B12>J47,O47,IF(B12>J46,O46,IF(B12>J45,O45,IF(B12>J44,O44,IF(B12>J43,O43,IF(B12>J42,O42,0)))))))) -> FALSE
L13: =IF(AND(EXACT(A7,J21),EXACT(B7,J24)),IF(B12>J48,P48,IF(B12>J47,P47,IF(B12>J46,P46,IF(B12>J45,P45,IF(B12>J44,P44,IF(B12>J43,P43,IF(B12>J42,P42,0)))))))) -> FALSE | M13: =IF(AND(EXACT(A7,J21),EXACT(B7,J25)),IF(B12>J48,M48,IF(B12>J47,M47,IF(B12>J46,M46,IF(B12>J45,M45,IF(B12>J44,M44,IF(B12>J43,M43,IF(B12>J42,M42,0)))))))) -> FALSE | N13: =IF(AND(EXACT(A7,J21),EXACT(B7,J26)),IF(B12>J48,N48,IF(B12>J47,N47,IF(B12>J46,N46,IF(B12>J45,N45,IF(B12>J44,N44,IF(B12>J43,N43,IF(B12>J42,N42,0)))))))) -> FALSE | O13: =IF(AND(EXACT(A7,J21),EXACT(B7,J27)),IF(B12>J48,O48,IF(B12>J47,O47,IF(B12>J46,O46,IF(B12>J45,O45,IF(B12>J44,O44,IF(B12>J43,O43,IF(B12>J42,O42,0)))))))) -> FALSE
I17: 10 | J17: Бронзовый дилер | K17: 0.1
I18: 20 | J18: Серебряный дилер | K18: 0.13
I19: 30 | J19: Золотой дилер | K19: 0.15
A20: Сумма заказа базовый опт | B20: скидка от оптовой цены | C20: скидка за участие в предзаказе | D20: скидка за предоплату в 20% пост оплата 80% | E20: скидка за предоплату в 30% пост оплата 70% | F20: скидка за предоплату в 50% пост оплата 50% | G20: скидка за предоплату в 100% | I20: 40 | J20: Платиновый дилер | K20: 0.17
A21: 550000 | B21: 0.03 | C21: 0.02 | D21: 0 | E21: 0.01 | F21: 0.02 | G21: 0.03 | I21: 50 | J21: Алмазный дилер | K21: 0.2
A22: 850000 | B22: 0.07 | C22: 0.02 | D22: 0 | E22: 0.01 | F22: 0.02 | G22: 0.03 | I22: 60 | J22: Разовая закупка
A23: 1500000 | B23: 0.1 | C23: 0.02 | D23: 0 | E23: 0.01 | F23: 0.02 | G23: 0.03
A24: 3400000 | B24: 0.12 | C24: 0.02 | D24: 0 | E24: 0.01 | F24: 0.02 | G24: 0.03 | I24: 10 | J24: Предоплата 100% | K24: 0.04
A25: 5500000 | B25: 0.14 | C25: 0.02 | D25: 0 | E25: 0.01 | F25: 0.02 | G25: 0.03 | I25: 20 | J25: Предоплата 20%, пост оплата 80% | K25: 0.02
A26: 8500000 | B26: 0.16 | C26: 0.02 | D26: 0 | E26: 0.01 | F26: 0.02 | G26: 0.03 | I26: 30 | J26: Предоплата 30%, пост оплата 70% | K26: 0
A27: 8500000 | B27: 0.16 | C27: 0.02 | D27: 0 | E27: 0.01 | F27: 0.02 | G27: 0.03 | I27: 40 | J27: Предоплата 50%, пост оплата 50%
I28: 50 | J28: Отсрочка 45 дней
I29: 60 | J29: Отсрочка 60 дней
J30: Разовые скидки и наценки при пост оплате
A31: Сумма заказа базовый опт | B31: скидка от оптовой цены | C31: скидка за участие в предзаказе | D31: скидка за предоплату в 20% пост оплата 80% | E31: скидка за предоплату в 30% пост оплата 70% | F31: скидка за предоплату в 50% пост оплата 50% | G31: скидка за предоплату в 100% | J31: Сумма заказа базовый опт | K31: скидка от оптовой цены | L31: скидка за участие в предзаказе | M31: скидка за предоплату в 20% пост оплата 80% | N31: скидка за предоплату в 30% пост оплата 70% | O31: скидка за предоплату в 50% пост оплата 50% | P31: скидка за предоплату в 100% | T31: Разовые скидки и наценки при предоплате
A32: 750000 | B32: 0.1 | C32: 0.02 | D32: 0 | E32: 0.01 | F32: 0.02 | G32: 0.03 | J32: 550000 | K32: 0.03 | L32: 0.02 | M32: =K32 -> 0.03 | N32: =K32+1% -> 0.04 | O32: =K32+2% -> 0.05 | P32: =K32+3% -> 0.06 | T32: Сумма заказа базовый опт | U32: Скидка от БОЦ(Баззовая оптовая цена)
A33: 1500000 | B33: 0.13 | C33: 0.02 | D33: 0 | E33: 0.01 | F33: 0.02 | G33: 0.03 | J33: 850000 | K33: 0.07 | L33: 0.02 | M33: =K33 -> 0.07 | N33: =K33+1% -> 0.08 | O33: =K33+2% -> 0.09 | P33: =K33+3% -> 0.1 | T33: 50000 | U33: 0.03
A34: 250000 | B34: 0.15 | C34: 0.02 | D34: 0 | E34: 0.01 | F34: 0.02 | G34: 0.03 | J34: 1500000 | K34: 0.1 | L34: 0.02 | M34: =K34 -> 0.1 | N34: =K34+1% -> 0.11 | O34: =K34+2% -> 0.12 | P34: =K34+3% -> 0.13 | T34: 350000 | U34: 0.05
A35: 5000000 | B35: 0.17 | C35: 0.02 | D35: 0 | E35: 0.01 | F35: 0.02 | G35: 0.03 | J35: 3400000 | K35: 0.12 | L35: 0.02 | M35: =K35 -> 0.12 | N35: =K35+1% -> 0.13 | O35: =K35+2% -> 0.14 | P35: =K35+3% -> 0.15 | T35: 750000 | U35: 0.07
A36: 7500000 | B36: 0.2 | C36: 0.02 | D36: 0 | E36: 0.01 | F36: 0.02 | G36: 0.03 | J36: 5500000 | K36: 0.14 | L36: 0.02 | M36: =K36 -> 0.14 | N36: =K36+1% -> 0.15 | O36: =K36+2% -> 0.16 | P36: =K36+3% -> 0.17 | T36: 1500000 | U36: 0.1
A37: 7500001 | B37: 0.2 | C37: 0.02 | D37: 0 | E37: 0.01 | F37: 0.02 | G37: 0.03 | J37: 8500000 | K37: 0.16 | L37: 0.02 | M37: =K37 -> 0.16 | N37: =K37+1% -> 0.17 | O37: =K37+2% -> 0.18 | P37: =K37+3% -> 0.19 | T37: 3400000 | U37: 0.12
A38: 7500002 | B38: 0.2 | C38: 0.02 | D38: 0 | E38: 0.01 | F38: 0.02 | G38: 0.03 | J38: 8500000 | K38: 0.16 | L38: 0.02 | M38: =K38 -> 0.16 | N38: =K38+1% -> 0.17 | O38: =K38+2% -> 0.18 | P38: =K38+3% -> 0.19 | T38: 5500000 | U38: 0.15
T39: 10000000 | U39: 0.17
J40: дилер
J41: Сумма заказа базовый опт | K41: скидка от оптовой цены | L41: скидка за участие в предзаказе | M41: скидка за предоплату в 20% пост оплата 80% | N41: скидка за предоплату в 30% пост оплата 70% | O41: скидка за предоплату в 50% пост оплата 50% | P41: скидка за предоплату в 100%
J42: 750000 | K42: 0.1 | L42: 0.02 | M42: =K42 -> 0.1 | N42: =K42+1% -> 0.11 | O42: =K42+2% -> 0.12 | P42: =K42+3% -> 0.13
J43: 1500000 | K43: 0.13 | L43: 0.02 | M43: =K43 -> 0.13 | N43: =K43+1% -> 0.14 | O43: =K43+2% -> 0.15 | P43: =K43+3% -> 0.16
J44: 2500000 | K44: 0.15 | L44: 0.02 | M44: =K44 -> 0.15 | N44: =K44+1% -> 0.16 | O44: =K44+2% -> 0.17 | P44: =K44+3% -> 0.18
J45: 5000000 | K45: 0.17 | L45: 0.02 | M45: =K45 -> 0.17 | N45: =K45+1% -> 0.18 | O45: =K45+2% -> 0.19 | P45: =K45+3% -> 0.2
J46: 7500000 | K46: 0.2 | L46: 0.02 | M46: =K46 -> 0.2 | N46: =K46+1% -> 0.21 | O46: =K46+2% -> 0.22 | P46: =K46+3% -> 0.23
J47: 7500001 | K47: 0.2 | L47: 0.02 | M47: =K47 -> 0.2 | N47: =K47+1% -> 0.21 | O47: =K47+2% -> 0.22 | P47: =K47+3% -> 0.23
J48: 7500002 | K48: 0.2 | L48: 0.02 | M48: =K48 -> 0.2 | N48: =K48+1% -> 0.21 | O48: =K48+2% -> 0.22 | P48: =K48+3% -> 0.23
B50: Дилеръ | D50: Способ оплаты
A51: 10 | B51: Бронзовый дилер | C51: 10 | D51: Предоплата 100%
A52: 20 | B52: Серебряный дилер | C52: 20 | D52: Предоплата 20%, пост оплата 80%
A53: 30 | B53: Золотой дилер | C53: 30 | D53: Предоплата 30%, пост оплата 70%
A54: 40 | B54: Платиновый дилер | C54: 40 | D54: Предоплата 50%, пост оплата 50%
A55: 50 | B55: Алмазный дилер | C55: 50
A56: 60 | B56: Разовая закупка | C56: 60
A61: Курс доллара на момент запуска предзаказа | C61: Коридор цен в зависимости от курса доллара на момент отгрузки
A62: 85 | C62: Курс доллара в рублях | D62: Изменение цены в процентах
C63: 90 | D63: увеличение на 3%
C64: 99 | D64: увеличение на 5%
C65: Более 102 | D65: увеличение пропорционально росту курса доллара

Sheet Grayling
AA3: =IF(O24=СторЦена,M24*P24,) -> #NAME?
Z22: =SUM(Z24:Z760839) -> 0 | AA22: =SUM(AA24:AA760839) -> 0
A23: № | B23: Артикул | C23: Наименование как в 1С | D23: Фото Перед | F23: Ткань | G23: Цвет | H23: Особенности модели | I23: Описание | J23: Подробнее | K23: Размер | L23: РРЦ НОВАЯ | M23: оптовая | N23: Штрихкод | O23: СТОП ЦЕНА | P23: Количество ЗАКАЗ в шт (внести) | Q23: Сумма заказа в руб. по оптовой цене | S23: Остатки в шт | U23: Цена за штуку с учетом вашей скидки | V23: Сумма заказа в руб. с учетом вашей скидки | W23: Цена за штуку с учетом вашей скидки | X23: Сумма заказа в руб. с учетом вашей скидки | Z23: Расчет стоп цены | AA23: Расчет цены | AB23: Наценка РРЦ | AC23: Наценка РРЦ
A24: 232 | B24: 110-1102096123-148 | C24: Термобелье мужское "Inzer (Инзер)" (полиэстер, хаки) | D24: Фото отсутствует | F24: Ткань верха: трикотаж: полиэстер 100% | G24: хаки | H24: Материал отводит влагу от тела и поддерживает комфортный микроклимат Быстросохнущая ткань удобна в активном режиме и поездках Продуманная конструкция сохраняет комфорт при длительной носке | I24: Термобельё 1-го слоя «Inzer (Инзер)» ТМ GRAYLING — выбор для рыбалки, туризма и активного отдыха в течение всего года. Материал помогает отводить влагу от тела, поддерживает терморегуляцию и быстро сохнет после нагрузки. Лёгкий полиэстеровый трикотаж эффективно отводит влагу, быстро сохнет и комфортно ощущается при длительной активности. Сезон: всесезонное | J24: WEB-Сайт | K24: р-р 48-50 рост 170-176 | L24: 4470 | M24: 2790 | N24: 4660335544554 | Q24: =P24*M24 -> 0 | S24: 23 | U24: =IF(EXACT(O24,Y24),M24,M24*(1-'Расчет ПРЕДЗАКАЗ'!$D$10)) -> 2734.2 | V24: =P24*U24 -> 0 | W24: =IF(EXACT(O24,Y24),M24,M24*(1-#REF!)) -> #REF! | X24: =P24*W24 -> #REF! | Y24: СтопЦена | Z24: =IF(EXACT(O24,Y24),Q24,0) -> 0 | AA24: =IF(Z24=0,Q24,0) -> 0 | AB24: =IF(U24=0,"",L24/U24-1) -> 0.63484749 | AC24: =IF(W24=0,"",L24/W24-1) -> #REF!
K25: р-р 52-54 рост 170-176 | L25: 4470 | M25: 2790 | N25: 4660335544578 | Q25: =P25*M25 -> 0 | S25: 19 | U25: =IF(EXACT(O25,Y25),M25,M25*(1-'Расчет ПРЕДЗАКАЗ'!$D$10)) -> 2734.2 | V25: =P25*U25 -> 0 | W25: =IF(EXACT(O25,Y25),M25,M25*(1-#REF!)) -> #REF! | X25: =P25*W25 -> #REF! | Y25: СтопЦена | Z25: =IF(EXACT(O25,Y25),Q25,0) -> 0 | AA25: =IF(Z25=0,Q25,0) -> 0 | AB25: =IF(U25=0,"",L25/U25-1) -> 0.63484749 | AC25: =IF(W25=0,"",L25/W25-1) -> #REF!
L26: =M26-M26*30% -> 0 | Q26: =P26*M26 -> 0 | U26: =IF(EXACT(O26,Y26),M26,M26*(1-'Расчет ПРЕДЗАКАЗ'!$D$10)) -> 0 | V26: =P26*U26 -> 0 | W26: =IF(EXACT(O26,Y26),M26,M26*(1-#REF!)) -> #REF! | X26: =P26*W26 -> #REF! | Y26: СтопЦена | Z26: =IF(EXACT(O26,Y26),Q26,0) -> 0 | AA26: =IF(Z26=0,Q26,0) -> 0 | AB26: =IF(U26=0,"",L26/U26-1) | AC26: =IF(W26=0,"",L26/W26-1) -> #REF!
L27: =M27-M27*30% -> 0 | Q27: =P27*M27 -> 0 | U27: =IF(EXACT(O27,Y27),M27,M27*(1-'Расчет ПРЕДЗАКАЗ'!$D$10)) -> 0 | V27: =P27*U27 -> 0 | W27: =IF(EXACT(O27,Y27),M27,M27*(1-#REF!)) -> #REF! | X27: =P27*W27 -> #REF! | Y27: СтопЦена | Z27: =IF(EXACT(O27,Y27),Q27,0) -> 0 | AA27: =IF(Z27=0,Q27,0) -> 0 | AB27: =IF(U27=0,"",L27/U27-1) | AC27: =IF(W27=0,"",L27/W27-1) -> #REF!
L28: =M28-M28*30% -> 0 | Q28: =P28*M28 -> 0 | U28: =IF(EXACT(O28,Y28),M28,M28*(1-'Расчет ПРЕДЗАКАЗ'!$D$10)) -> 0 | V28: =P28*U28 -> 0 | W28: =IF(EXACT(O28,Y28),M28,M28*(1-#REF!)) -> #REF! | X28: =P28*W28 -> #REF! | Y28: СтопЦена | Z28: =IF(EXACT(O28,Y28),Q28,0) -> 0 | AA28: =IF(Z28=0,Q28,0) -> 0 | AB28: =IF(U28=0,"",L28/U28-1) | AC28: =IF(W28=0,"",L28/W28-1) -> #REF!
L29: =M29-M29*30% -> 0 | Q29: =P29*M29 -> 0 | U29: =IF(EXACT(O29,Y29),M29,M29*(1-'Расчет ПРЕДЗАКАЗ'!$D$10)) -> 0 | V29: =P29*U29 -> 0 | W29: =IF(EXACT(O29,Y29),M29,M29*(1-#REF!)) -> #REF! | X29: =P29*W29 -> #REF! | Y29: СтопЦена | Z29: =IF(EXACT(O29,Y29),Q29,0) -> 0 | AA29: =IF(Z29=0,Q29,0) -> 0 | AB29: =IF(U29=0,"",L29/U29-1) | AC29: =IF(W29=0,"",L29/W29-1) -> #REF!
L30: =M30-M30*30% -> 0 | Q30: =P30*M30 -> 0 | U30: =IF(EXACT(O30,Y30),M30,M30*(1-'Расчет ПРЕДЗАКАЗ'!$D$10)) -> 0 | V30: =P30*U30 -> 0 | W30: =IF(EXACT(O30,Y30),M30,M30*(1-#REF!)) -> #REF! | X30: =P30*W30 -> #REF! | Y30: СтопЦена | Z30: =IF(EXACT(O30,Y30),Q30,0) -> 0 | AA30: =IF(Z30=0,Q30,0) -> 0 | AB30: =IF(U30=0,"",L30/U30-1) | AC30: =IF(W30=0,"",L30/W30-1) -> #REF!
L31: =M31-M31*30% -> 0 | Q31: =P31*M31 -> 0 | U31: =IF(EXACT(O31,Y31),M31,M31*(1-'Расчет ПРЕДЗАКАЗ'!$D$10)) -> 0 | V31: =P31*U31 -> 0 | W31: =IF(EXACT(O31,Y31),M31,M31*(1-#REF!)) -> #REF! | X31: =P31*W31 -> #REF! | Y31: СтопЦена | Z31: =IF(EXACT(O31,Y31),Q31,0) -> 0 | AA31: =IF(Z31=0,Q31,0) -> 0 | AB31: =IF(U31=0,"",L31/U31-1) | AC31: =IF(W31=0,"",L31/W31-1) -> #REF!
L32: =M32-M32*30% -> 0 | Q32: =P32*M32 -> 0 | U32: =IF(EXACT(O32,Y32),M32,M32*(1-'Расчет ПРЕДЗАКАЗ'!$D$10)) -> 0 | V32: =P32*U32 -> 0 | W32: =IF(EXACT(O32,Y32),M32,M32*(1-#REF!)) -> #REF! | X32: =P32*W32 -> #REF! | Y32: СтопЦена | Z32: =IF(EXACT(O32,Y32),Q32,0) -> 0 | AA32: =IF(Z32=0,Q32,0) -> 0 | AB32: =IF(U32=0,"",L32/U32-1) | AC32: =IF(W32=0,"",L32/W32-1) -> #REF!
L33: =M33-M33*30% -> 0 | Q33: =P33*M33 -> 0 | U33: =IF(EXACT(O33,Y33),M33,M33*(1-'Расчет ПРЕДЗАКАЗ'!$D$10)) -> 0 | V33: =P33*U33 -> 0 | W33: =IF(EXACT(O33,Y33),M33,M33*(1-#REF!)) -> #REF! | X33: =P33*W33 -> #REF! | Y33: СтопЦена | Z33: =IF(EXACT(O33,Y33),Q33,0) -> 0 | AA33: =IF(Z33=0,Q33,0) -> 0 | AB33: =IF(U33=0,"",L33/U33-1) | AC33: =IF(W33=0,"",L33/W33-1) -> #REF!
L34: =M34-M34*30% -> 0 | Q34: =P34*M34 -> 0 | U34: =IF(EXACT(O34,Y34),M34,M34*(1-'Расчет ПРЕДЗАКАЗ'!$D$10)) -> 0 | V34: =P34*U34 -> 0 | W34: =IF(EXACT(O34,Y34),M34,M34*(1-#REF!)) -> #REF! | X34: =P34*W34 -> #REF! | Y34: СтопЦена | Z34: =IF(EXACT(O34,Y34),Q34,0) -> 0 | AA34: =IF(Z34=0,Q34,0) -> 0 | AB34: =IF(U34=0,"",L34/U34-1) | AC34: =IF(W34=0,"",L34/W34-1) -> #REF!
L35: =M35-M35*30% -> 0 | Q35: =P35*M35 -> 0 | U35: =IF(EXACT(O35,Y35),M35,M35*(1-'Расчет ПРЕДЗАКАЗ'!$D$10)) -> 0 | V35: =P35*U35 -> 0 | W35: =IF(EXACT(O35,Y35),M35,M35*(1-#REF!)) -> #REF! | X35: =P35*W35 -> #REF! | Y35: СтопЦена | Z35: =IF(EXACT(O35,Y35),Q35,0) -> 0 | AA35: =IF(Z35=0,Q35,0) -> 0 | AB35: =IF(U35=0,"",L35/U35-1) | AC35: =IF(W35=0,"",L35/W35-1) -> #REF!
L36: =M36-M36*30% -> 0 | Q36: =P36*M36 -> 0 | U36: =IF(EXACT(O36,Y36),M36,M36*(1-'Расчет ПРЕДЗАКАЗ'!$D$10)) -> 0 | V36: =P36*U36 -> 0 | W36: =IF(EXACT(O36,Y36),M36,M36*(1-#REF!)) -> #REF! | X36: =P36*W36 -> #REF! | Y36: СтопЦена | Z36: =IF(EXACT(O36,Y36),Q36,0) -> 0 | AA36: =IF(Z36=0,Q36,0) -> 0 | AB36: =IF(U36=0,"",L36/U36-1) | AC36: =IF(W36=0,"",L36/W36-1) -> #REF!
L37: =M37-M37*30% -> 0 | Q37: =P37*M37 -> 0 | U37: =IF(EXACT(O37,Y37),M37,M37*(1-'Расчет ПРЕДЗАКАЗ'!$D$10)) -> 0 | V37: =P37*U37 -> 0 | W37: =IF(EXACT(O37,Y37),M37,M37*(1-#REF!)) -> #REF! | X37: =P37*W37 -> #REF! | Y37: СтопЦена | Z37: =IF(EXACT(O37,Y37),Q37,0) -> 0 | AA37: =IF(Z37=0,Q37,0) -> 0 | AB37: =IF(U37=0,"",L37/U37-1) | AC37: =IF(W37=0,"",L37/W37-1) -> #REF!
L38: =M38-M38*30% -> 0 | Q38: =P38*M38 -> 0 | U38: =IF(EXACT(O38,Y38),M38,M38*(1-'Расчет ПРЕДЗАКАЗ'!$D$10)) -> 0 | V38: =P38*U38 -> 0 | W38: =IF(EXACT(O38,Y38),M38,M38*(1-#REF!)) -> #REF! | X38: =P38*W38 -> #REF! | Y38: СтопЦена | Z38: =IF(EXACT(O38,Y38),Q38,0) -> 0 | AA38: =IF(Z38=0,Q38,0) -> 0 | AB38: =IF(U38=0,"",L38/U38-1) | AC38: =IF(W38=0,"",L38/W38-1) -> #REF!
A40: 233 | B40: 110-1302096123-122 | C40: Термобелье мужское "Inzer (Инзер)" (полиэстер, т.графит) | D40: Фото отсутствует | F40: Ткань верха: трикотаж: полиэстер 100% | G40: т.графит | H40: Материал отводит влагу от тела и поддерживает комфортный микроклимат Быстросохнущая ткань удобна в активном режиме и поездках Продуманная конструкция сохраняет комфорт при длительной носке | I40: Термобельё 1-го слоя «Inzer (Инзер)» ТМ GRAYLING — выбор для рыбалки, туризма и активного отдыха в течение всего года. Материал помогает отводить влагу от тела, поддерживает терморегуляцию и быстро сохнет после нагрузки. Лёгкий полиэстеровый трикотаж эффективно отводит влагу, быстро сохнет и комфортно ощущается при длительной активности. Сезон: всесезонное | J40: WEB-Сайт | K40: р-р 48-50 рост 170-176 | L40: 2840 | M40: 1770 | N40: 4660335544462 | O40: СтопЦена | Q40: =P40*M40 -> 0 | S40: 1 | U40: =IF(EXACT(O40,Y40),M40,M40*(1-'Расчет ПРЕДЗАКАЗ'!$D$10)) -> 1770 | V40: =P40*U40 -> 0 | W40: =IF(EXACT(O40,Y40),M40,M40*(1-#REF!)) -> 1770 | X40: =P40*W40 -> 0 | Y40: СтопЦена | Z40: =IF(EXACT(O40,Y40),Q40,0) -> 0 | AA40: =IF(Z40=0,Q40,0) -> 0 | AB40: =IF(U40=0,"",L40/U40-1) -> 0.60451977 | AC40: =IF(W40=0,"",L40/W40-1) -> 0.60451977
Q41: =P41*M41 -> 0 | U41: =IF(EXACT(O41,Y41),M41,M41*(1-'Расчет ПРЕДЗАКАЗ'!$D$10)) -> 0 | V41: =P41*U41 -> 0 | W41: =IF(EXACT(O41,Y41),M41,M41*(1-#REF!)) -> #REF! | X41: =P41*W41 -> #REF! | Y41: СтопЦена | Z41: =IF(EXACT(O41,Y41),Q41,0) -> 0 | AA41: =IF(Z41=0,Q41,0) -> 0 | AB41: =IF(U41=0,"",L41/U41-1) | AC41: =IF(W41=0,"",L41/W41-1) -> #REF!
Q42: =P42*M42 -> 0 | U42: =IF(EXACT(O42,Y42),M42,M42*(1-'Расчет ПРЕДЗАКАЗ'!$D$10)) -> 0 | V42: =P42*U42 -> 0 | W42: =IF(EXACT(O42,Y42),M42,M42*(1-#REF!)) -> #REF! | X42: =P42*W42 -> #REF! | Y42: СтопЦена | Z42: =IF(EXACT(O42,Y42),Q42,0) -> 0 | AA42: =IF(Z42=0,Q42,0) -> 0 | AB42: =IF(U42=0,"",L42/U42-1) | AC42: =IF(W42=0,"",L42/W42-1) -> #REF!
Q43: =P43*M43 -> 0 | U43: =IF(EXACT(O43,Y43),M43,M43*(1-'Расчет ПРЕДЗАКАЗ'!$D$10)) -> 0 | V43: =P43*U43 -> 0 | W43: =IF(EXACT(O43,Y43),M43,M43*(1-#REF!)) -> #REF! | X43: =P43*W43 -> #REF! | Y43: СтопЦена | Z43: =IF(EXACT(O43,Y43),Q43,0) -> 0 | AA43: =IF(Z43=0,Q43,0) -> 0 | AB43: =IF(U43=0,"",L43/U43-1) | AC43: =IF(W43=0,"",L43/W43-1) -> #REF!
Q44: =P44*M44 -> 0 | U44: =IF(EXACT(O44,Y44),M44,M44*(1-'Расчет ПРЕДЗАКАЗ'!$D$10)) -> 0 | V44: =P44*U44 -> 0 | W44: =IF(EXACT(O44,Y44),M44,M44*(1-#REF!)) -> #REF! | X44: =P44*W44 -> #REF! | Y44: СтопЦена | Z44: =IF(EXACT(O44,Y44),Q44,0) -> 0 | AA44: =IF(Z44=0,Q44,0) -> 0 | AB44: =IF(U44=0,"",L44/U44-1) | AC44: =IF(W44=0,"",L44/W44-1) -> #REF!
Q45: =P45*M45 -> 0 | U45: =IF(EXACT(O45,Y45),M45,M45*(1-'Расчет ПРЕДЗАКАЗ'!$D$10)) -> 0 | V45: =P45*U45 -> 0 | W45: =IF(EXACT(O45,Y45),M45,M45*(1-#REF!)) -> #REF! | X45: =P45*W45 -> #REF! | Y45: СтопЦена | Z45: =IF(EXACT(O45,Y45),Q45,0) -> 0 | AA45: =IF(Z45=0,Q45,0) -> 0 | AB45: =IF(U45=0,"",L45/U45-1) | AC45: =IF(W45=0,"",L45/W45-1) -> #REF!
Q46: =P46*M46 -> 0 | U46: =IF(EXACT(O46,Y46),M46,M46*(1-'Расчет ПРЕДЗАКАЗ'!$D$10)) -> 0 | V46: =P46*U46 -> 0 | W46: =IF(EXACT(O46,Y46),M46,M46*(1-#REF!)) -> #REF! | X46: =P46*W46 -> #REF! | Y46: СтопЦена | Z46: =IF(EXACT(O46,Y46),Q46,0) -> 0 | AA46: =IF(Z46=0,Q46,0) -> 0 | AB46: =IF(U46=0,"",L46/U46-1) | AC46: =IF(W46=0,"",L46/W46-1) -> #REF!
Q47: =P47*M47 -> 0 | U47: =IF(EXACT(O47,Y47),M47,M47*(1-'Расчет ПРЕДЗАКАЗ'!$D$10)) -> 0 | V47: =P47*U47 -> 0 | W47: =IF(EXACT(O47,Y47),M47,M47*(1-#REF!)) -> #REF! | X47: =P47*W47 -> #REF! | Y47: СтопЦена | Z47: =IF(EXACT(O47,Y47),Q47,0) -> 0 | AA47: =IF(Z47=0,Q47,0) -> 0 | AB47: =IF(U47=0,"",L47/U47-1) | AC47: =IF(W47=0,"",L47/W47-1) -> #REF!
Q48: =P48*M48 -> 0 | U48: =IF(EXACT(O48,Y48),M48,M48*(1-'Расчет ПРЕДЗАКАЗ'!$D$10)) -> 0 | V48: =P48*U48 -> 0 | W48: =IF(EXACT(O48,Y48),M48,M48*(1-#REF!)) -> #REF! | X48: =P48*W48 -> #REF! | Y48: СтопЦена | Z48: =IF(EXACT(O48,Y48),Q48,0) -> 0 | AA48: =IF(Z48=0,Q48,0) -> 0 | AB48: =IF(U48=0,"",L48/U48-1) | AC48: =IF(W48=0,"",L48/W48-1) -> #REF!
Q49: =P49*M49 -> 0 | U49: =IF(EXACT(O49,Y49),M49,M49*(1-'Расчет ПРЕДЗАКАЗ'!$D$10)) -> 0 | V49: =P49*U49 -> 0 | W49: =IF(EXACT(O49,Y49),M49,M49*(1-#REF!)) -> #REF! | X49: =P49*W49 -> #REF! | Y49: СтопЦена | Z49: =IF(EXACT(O49,Y49),Q49,0) -> 0 | AA49: =IF(Z49=0,Q49,0) -> 0 | AB49: =IF(U49=0,"",L49/U49-1) | AC49: =IF(W49=0,"",L49/W49-1) -> #REF!
Q50: =P50*M50 -> 0 | U50: =IF(EXACT(O50,Y50),M50,M50*(1-'Расчет ПРЕДЗАКАЗ'!$D$10)) -> 0 | V50: =P50*U50 -> 0 | W50: =IF(EXACT(O50,Y50),M50,M50*(1-#REF!)) -> #REF! | X50: =P50*W50 -> #REF! | Y50: СтопЦена | Z50: =IF(EXACT(O50,Y50),Q50,0) -> 0 | AA50: =IF(Z50=0,Q50,0) -> 0 | AB50: =IF(U50=0,"",L50/U50-1) | AC50: =IF(W50=0,"",L50/W50-1) -> #REF!
Q51: =P51*M51 -> 0 | U51: =IF(EXACT(O51,Y51),M51,M51*(1-'Расчет ПРЕДЗАКАЗ'!$D$10)) -> 0 | V51: =P51*U51 -> 0 | W51: =IF(EXACT(O51,Y51),M51,M51*(1-#REF!)) -> #REF! | X51: =P51*W51 -> #REF! | Y51: СтопЦена | Z51: =IF(EXACT(O51,Y51),Q51,0) -> 0 | AA51: =IF(Z51=0,Q51,0) -> 0 | AB51: =IF(U51=0,"",L51/U51-1) | AC51: =IF(W51=0,"",L51/W51-1) -> #REF!
Q52: =P52*M52 -> 0 | U52: =IF(EXACT(O52,Y52),M52,M52*(1-'Расчет ПРЕДЗАКАЗ'!$D$10)) -> 0 | V52: =P52*U52 -> 0 | W52: =IF(EXACT(O52,Y52),M52,M52*(1-#REF!)) -> #REF! | X52: =P52*W52 -> #REF! | Y52: СтопЦена | Z52: =IF(EXACT(O52,Y52),Q52,0) -> 0 | AA52: =IF(Z52=0,Q52,0) -> 0 | AB52: =IF(U52=0,"",L52/U52-1) | AC52: =IF(W52=0,"",L52/W52-1) -> #REF!
... Q54: =P54*M54 -> 0 | U54: =IF(EXACT(O54,Y54),M54,M54*(1-'Расчет ПРЕДЗАКАЗ'!$D$10)) -> 0 | V54: =P54*U54 -> 0 | W54: =IF(EXACT(O54,Y54),M54,M54*(1-#REF!)) -> #REF! | X54: =P54*W54 -> #REF! | Y54: СтопЦена | Z54: =IF(EXACT(O54,Y54),Q54,0) -> 0 | AA54: =IF(Z54=0,Q54,0) -> 0 | AB54: =IF(U54=0,"",L54/U54-1) | AC54: =IF(W54=0,"",L54/W54-1) -> #REF!
A56: 234 | B56: 110-1102096123-112 | C56: Термобелье мужское "Inzer (Инзер)" (трикотаж, синий/графит) | D56: Фото отсутствует | F56: Ткань верха: трикотаж: полиэстер 100% | G56: синий | H56: Материал отводит влагу от тела и поддерживает комфортный микроклимат Быстросохнущая ткань удобна в активном режиме и поездках Продуманная конструкция сохраняет комфорт при длительной носке | I56: Термобельё 1-го слоя «Inzer (Инзер)» ТМ GRAYLING — выбор для рыбалки, туризма и активного отдыха в течение всего года. Материал помогает отводить влагу от тела, поддерживает терморегуляцию и быстро сохнет после нагрузки. Лёгкий полиэстеровый трикотаж эффективно отводит влагу, быстро сохнет и комфортно ощущается при длительной активности. Сезон: всесезонное | J56: WEB-Сайт | K56: р-р 44-46 рост 170-176 | L56: 2860 | M56: 1592 | N56: 04660335539376 | O56: СтопЦена | Q56: =P56*M56 -> 0 | S56: 12 | U56: =IF(EXACT(O56,Y56),M56,M56*(1-'Расчет ПРЕДЗАКАЗ'!$D$10)) -> 1592 | V56: =P56*U56 -> 0 | W56: =IF(EXACT(O56,Y56),M56,M56*(1-#REF!)) -> 1592 | X56: =P56*W56 -> 0 | Y56: СтопЦена | Z56: =IF(EXACT(O56,Y56),Q56,0) -> 0 | AA56: =IF(Z56=0,Q56,0) -> 0 | AB56: =IF(U56=0,"",L56/U56-1) -> 0.79648241 | AC56: =IF(W56=0,"",L56/W56-1) -> 0.79648241
K57: р-р 48-50 рост 170-176 | L57: 2860 | M57: 1592 | N57: 04660335539062 | O57: СтопЦена | Q57: =P57*M57 -> 0 | S57: 1 | U57: =IF(EXACT(O57,Y57),M57,M57*(1-'Расчет ПРЕДЗАКАЗ'!$D$10)) -> 1592 | V57: =P57*U57 -> 0 | W57: =IF(EXACT(O57,Y57),M57,M57*(1-#REF!)) -> 1592 | X57: =P57*W57 -> 0 | Y57: СтопЦена | Z57: =IF(EXACT(O57,Y57),Q57,0) -> 0 | AA57: =IF(Z57=0,Q57,0) -> 0 | AB57: =IF(U57=0,"",L57/U57-1) -> 0.79648241 | AC57: =IF(W57=0,"",L57/W57-1) -> 0.79648241
K58: р-р 56-58 рост 182-188 | L58: 2860 | M58: 1592 | N58: 4660335539420 | O58: СтопЦена | Q58: =P58*M58 -> 0 | S58: 1 | U58: =IF(EXACT(O58,Y58),M58,M58*(1-'Расчет ПРЕДЗАКАЗ'!$D$10)) -> 1592 | V58: =P58*U58 -> 0 | W58: =IF(EXACT(O58,Y58),M58,M58*(1-#REF!)) -> 1592 | X58: =P58*W58 -> 0 | Y58: СтопЦена | Z58: =IF(EXACT(O58,Y58),Q58,0) -> 0 | AA58: =IF(Z58=0,Q58,0) -> 0 | AB58: =IF(U58=0,"",L58/U58-1) -> 0.79648241 | AC58: =IF(W58=0,"",L58/W58-1) -> 0.79648241
K59: р-р 60-62 рост 170-176 | L59: 2860 | M59: 1592 | N59: 04660335539079 | O59: СтопЦена | Q59: =P59*M59 -> 0 | S59: 1 | U59: =IF(EXACT(O59,Y59),M59,M59*(1-'Расчет ПРЕДЗАКАЗ'!$D$10)) -> 1592 | V59: =P59*U59 -> 0 | W59: =IF(EXACT(O59,Y59),M59,M59*(1-#REF!)) -> 1592 | X59: =P59*W59 -> 0 | Y59: СтопЦена | Z59: =IF(EXACT(O59,Y59),Q59,0) -> 0 | AA59: =IF(Z59=0,Q59,0) -> 0 | AB59: =IF(U59=0,"",L59/U59-1) -> 0.79648241 | AC59: =IF(W59=0,"",L59/W59-1) -> 0.79648241
K60: р-р 60-62 рост 182-188 | L60: 2860 | M60: 1592 | N60: 04660335539437 | O60: СтопЦена | Q60: =P60*M60 -> 0 | S60: 23 | U60: =IF(EXACT(O60,Y60),M60,M60*(1-'Расчет ПРЕДЗАКАЗ'!$D$10)) -> 1592 | V60: =P60*U60 -> 0 | W60: =IF(EXACT(O60,Y60),M60,M60*(1-#REF!)) -> 1592 | X60: =P60*W60 -> 0 | Y60: СтопЦена | Z60: =IF(EXACT(O60,Y60),Q60,0) -> 0 | AA60: =IF(Z60=0,Q60,0) -> 0 | AB60: =IF(U60=0,"",L60/U60-1) -> 0.79648241 | AC60: =IF(W60=0,"",L60/W60-1) -> 0.79648241
Q61: =P61*M61 -> 0 | U61: =IF(EXACT(O61,Y61),M61,M61*(1-'Расчет ПРЕДЗАКАЗ'!$D$10)) -> 0 | V61: =P61*U61 -> 0 | W61: =IF(EXACT(O61,Y61),M61,M61*(1-#REF!)) -> #REF! | X61: =P61*W61 -> #REF! | Y61: СтопЦена | Z61: =IF(EXACT(O61,Y61),Q61,0) -> 0 | AA61: =IF(Z61=0,Q61,0) -> 0 | AB61: =IF(U61=0,"",L61/U61-1) | AC61: =IF(W61=0,"",L61/W61-1) -> #REF!
Q62: =P62*M62 -> 0 | U62: =IF(EXACT(O62,Y62),M62,M62*(1-'Расчет ПРЕДЗАКАЗ'!$D$10)) -> 0 | V62: =P62*U62 -> 0 | W62: =IF(EXACT(O62,Y62),M62,M62*(1-#REF!)) -> #REF! | X62: =P62*W62 -> #REF! | Y62: СтопЦена | Z62: =IF(EXACT(O62,Y62),Q62,0) -> 0 | AA62: =IF(Z62=0,Q62,0) -> 0 | AB62: =IF(U62=0,"",L62/U62-1) | AC62: =IF(W62=0,"",L62/W62-1) -> #REF!
Q63: =P63*M63 -> 0 | U63: =IF(EXACT(O63,Y63),M63,M63*(1-'Расчет ПРЕДЗАКАЗ'!$D$10)) -> 0 | V63: =P63*U63 -> 0 | W63: =IF(EXACT(O63,Y63),M63,M63*(1-#REF!)) -> #REF! | X63: =P63*W63 -> #REF! | Y63: СтопЦена | Z63: =IF(EXACT(O63,Y63),Q63,0) -> 0 | AA63: =IF(Z63=0,Q63,0) -> 0 | AB63: =IF(U63=0,"",L63/U63-1) | AC63: =IF(W63=0,"",L63/W63-1) -> #REF!
Q64: =P64*M64 -> 0 | U64: =IF(EXACT(O64,Y64),M64,M64*(1-'Расчет ПРЕДЗАКАЗ'!$D$10)) -> 0 | V64: =P64*U64 -> 0 | W64: =IF(EXACT(O64,Y64),M64,M64*(1-#REF!)) -> #REF! | X64: =P64*W64 -> #REF! | Y64: СтопЦена | Z64: =IF(EXACT(O64,Y64),Q64,0) -> 0 | AA64: =IF(Z64=0,Q64,0) -> 0 | AB64: =IF(U64=0,"",L64/U64-1) | AC64: =IF(W64=0,"",L64/W64-1) -> #REF!
Q65: =P65*M65 -> 0 | U65: =IF(EXACT(O65,Y65),M65,M65*(1-'Расчет ПРЕДЗАКАЗ'!$D$10)) -> 0 | V65: =P65*U65 -> 0 | W65: =IF(EXACT(O65,Y65),M65,M65*(1-#REF!)) -> #REF! | X65: =P65*W65 -> #REF! | Y65: СтопЦена | Z65: =IF(EXACT(O65,Y65),Q65,0) -> 0 | AA65: =IF(Z65=0,Q65,0) -> 0 | AB65: =IF(U65=0,"",L65/U65-1) | AC65: =IF(W65=0,"",L65/W65-1) -> #REF!
Q66: =P66*M66 -> 0 | U66: =IF(EXACT(O66,Y66),M66,M66*(1-'Расчет ПРЕДЗАКАЗ'!$D$10)) -> 0 | V66: =P66*U66 -> 0 | W66: =IF(EXACT(O66,Y66),M66,M66*(1-#REF!)) -> #REF! | X66: =P66*W66 -> #REF! | Y66: СтопЦена | Z66: =IF(EXACT(O66,Y66),Q66,0) -> 0 | AA66: =IF(Z66=0,Q66,0) -> 0 | AB66: =IF(U66=0,"",L66/U66-1) | AC66: =IF(W66=0,"",L66/W66-1) -> #REF!
Q67: =P67*M67 -> 0 | U67: =IF(EXACT(O67,Y67),M67,M67*(1-'Расчет ПРЕДЗАКАЗ'!$D$10)) -> 0 | V67: =P67*U67 -> 0 | W67: =IF(EXACT(O67,Y67),M67,M67*(1-#REF!)) -> #REF! | X67: =P67*W67 -> #REF! | Y67: СтопЦена | Z67: =IF(EXACT(O67,Y67),Q67,0) -> 0 | AA67: =IF(Z67=0,Q67,0) -> 0 | AB67: =IF(U67=0,"",L67/U67-1) | AC67: =IF(W67=0,"",L67/W67-1) -> #REF!
Q68: =P68*M68 -> 0 | U68: =IF(EXACT(O68,Y68),M68,M68*(1-'Расчет ПРЕДЗАКАЗ'!$D$10)) -> 0 | V68: =P68*U68 -> 0 | W68: =IF(EXACT(O68,Y68),M68,M68*(1-#REF!)) -> #REF! | X68: =P68*W68 -> #REF! | Y68: СтопЦена | Z68: =IF(EXACT(O68,Y68),Q68,0) -> 0 | AA68: =IF(Z68=0,Q68,0) -> 0 | AB68: =IF(U68=0,"",L68/U68-1) | AC68: =IF(W68=0,"",L68/W68-1) -> #REF!
Q69: =P69*M69 -> 0 | U69: =IF(EXACT(O69,Y69),M69,M69*(1-'Расчет ПРЕДЗАКАЗ'!$D$10)) -> 0 | V69: =P69*U69 -> 0 | W69: =IF(EXACT(O69,Y69),M69,M69*(1-#REF!)) -> #REF! | X69: =P69*W69 -> #REF! | Y69: СтопЦена | Z69: =IF(EXACT(O69,Y69),Q69,0) -> 0 | AA69: =IF(Z69=0,Q69,0) -> 0 | AB69: =IF(U69=0,"",L69/U69-1) | AC69: =IF(W69=0,"",L69/W69-1) -> #REF!
Q70: =P70*M70 -> 0 | U70: =IF(EXACT(O70,Y70),M70,M70*(1-'Расчет ПРЕДЗАКАЗ'!$D$10)) -> 0 | V70: =P70*U70 -> 0 | W70: =IF(EXACT(O70,Y70),M70,M70*(1-#REF!)) -> #REF! | X70: =P70*W70 -> #REF! | Y70: СтопЦена | Z70: =IF(EXACT(O70,Y70),Q70,0) -> 0 | AA70: =IF(Z70=0,Q70,0) -> 0 | AB70: =IF(U70=0,"",L70/U70-1) | AC70: =IF(W70=0,"",L70/W70-1) -> #REF!
A72: 235 | B72: 110-0102205123-122 | C72: Синара термобелье GRAYLING | D72: Фото отсутствует | F72: Ткань верха: флис-стрейч: полиэстер 85%, спандекс 15% | G72: т.графит | H72: Анатомический крой обеспечивает удобную посадку и свободу движений Материал отводит влагу от тела и поддерживает комфортный микроклимат Быстросохнущая ткань удобна в активном режиме и поездках Флис приятен к телу, помогает удерживать тепло и быстро сохнет | I72: Термобельё «Синара» ТМ GRAYLING — выбор для рыбалки, туризма и активного отдыха в межсезонье и зимой. Анатомичный крой повторяет движения тела и не мешает активности. Материал помогает отводить влагу от тела, поддерживает терморегуляцию и быстро сохнет после нагрузки. Флисовый материал приятен к телу, помогает сохранять тепло, быстро сохнет и удобен в качестве самостоятельного или дополнительного слоя. Сезон: демисезон / зима | J72: WEB-Сайт | K72: р-р 40-42 рост 170-176 | L72: 4180 | M72: 2610 | N72: 4660335519125 | O72: СтопЦена | Q72: =P72*M72 -> 0 | S72: 1 | U72: =IF(EXACT(O72,Y72),M72,M72*(1-'Расчет ПРЕДЗАКАЗ'!$D$10)) -> 2610 | V72: =P72*U72 -> 0 | W72: =IF(EXACT(O72,Y72),M72,M72*(1-#REF!)) -> 2610 | X72: =P72*W72 -> 0 | Y72: СтопЦена | Z72: =IF(EXACT(O72,Y72),Q72,0) -> 0 | AA72: =IF(Z72=0,Q72,0) -> 0 | AB72: =IF(U72=0,"",L72/U72-1) -> 0.60153257 | AC72: =IF(W72=0,"",L72/W72-1) -> 0.60153257
K73: р-р 48-50 рост 158-164 | L73: 4180 | M73: 2610 | N73: 4660335519156 | O73: СтопЦена | Q73: =P73*M73 -> 0 | S73: 1 | U73: =IF(EXACT(O73,Y73),M73,M73*(1-'Расчет ПРЕДЗАКАЗ'!$D$10)) -> 2610 | V73: =P73*U73 -> 0 | W73: =IF(EXACT(O73,Y73),M73,M73*(1-#REF!)) -> 2610 | X73: =P73*W73 -> 0 | Y73: СтопЦена | Z73: =IF(EXACT(O73,Y73),Q73,0) -> 0 | AA73: =IF(Z73=0,Q73,0) -> 0 | AB73: =IF(U73=0,"",L73/U73-1) -> 0.60153257 | AC73: =IF(W73=0,"",L73/W73-1) -> 0.60153257
K74: р-р 48-50 рост 170-176 | L74: 4180 | M74: 2610 | N74: 4660335519163 | O74: СтопЦена | Q74: =P74*M74 -> 0 | S74: 1 | U74: =IF(EXACT(O74,Y74),M74,M74*(1-'Расчет ПРЕДЗАКАЗ'!$D$10)) -> 2610 | V74: =P74*U74 -> 0 | W74: =IF(EXACT(O74,Y74),M74,M74*(1-#REF!)) -> 2610 | X74: =P74*W74 -> 0 | Y74: СтопЦена | Z74: =IF(EXACT(O74,Y74),Q74,0) -> 0 | AA74: =IF(Z74=0,Q74,0) -> 0 | AB74: =IF(U74=0,"",L74/U74-1) -> 0.60153257 | AC74: =IF(W74=0,"",L74/W74-1) -> 0.60153257
Q75: =P75*M75 -> 0 | U75: =IF(EXACT(O75,Y75),M75,M75*(1-'Расчет ПРЕДЗАКАЗ'!$D$10)) -> 0 | V75: =P75*U75 -> 0 | W75: =IF(EXACT(O75,Y75),M75,M75*(1-#REF!)) -> #REF! | X75: =P75*W75 -> #REF! | Y75: СтопЦена | Z75: =IF(EXACT(O75,Y75),Q75,0) -> 0 | AA75: =IF(Z75=0,Q75,0) -> 0 | AB75: =IF(U75=0,"",L75/U75-1) | AC75: =IF(W75=0,"",L75/W75-1) -> #REF!
Q76: =P76*M76 -> 0 | U76: =IF(EXACT(O76,Y76),M76,M76*(1-'Расчет ПРЕДЗАКАЗ'!$D$10)) -> 0 | V76: =P76*U76 -> 0 | W76: =IF(EXACT(O76,Y76),M76,M76*(1-#REF!)) -> #REF! | X76: =P76*W76 -> #REF! | Y76: СтопЦена | Z76: =IF(EXACT(O76,Y76),Q76,0) -> 0 | AA76: =IF(Z76=0,Q76,0) -> 0 | AB76: =IF(U76=0,"",L76/U76-1) | AC76: =IF(W76=0,"",L76/W76-1) -> #REF!
Q77: =P77*M77 -> 0 | U77: =IF(EXACT(O77,Y77),M77,M77*(1-'Расчет ПРЕДЗАКАЗ'!$D$10)) -> 0 | V77: =P77*U77 -> 0 | W77: =IF(EXACT(O77,Y77),M77,M77*(1-#REF!)) -> #REF! | X77: =P77*W77 -> #REF! | Y77: СтопЦена | Z77: =IF(EXACT(O77,Y77),Q77,0) -> 0 | AA77: =IF(Z77=0,Q77,0) -> 0 | AB77: =IF(U77=0,"",L77/U77-1) | AC77: =IF(W77=0,"",L77/W77-1) -> #REF!
Q78: =P78*M78 -> 0 | U78: =IF(EXACT(O78,Y78),M78,M78*(1-'Расчет ПРЕДЗАКАЗ'!$D$10)) -> 0 | V78: =P78*U78 -> 0 | W78: =IF(EXACT(O78,Y78),M78,M78*(1-#REF!)) -> #REF! | X78: =P78*W78 -> #REF! | Y78: СтопЦена | Z78: =IF(EXACT(O78,Y78),Q78,0) -> 0 | AA78: =IF(Z78=0,Q78,0) -> 0 | AB78: =IF(U78=0,"",L78/U78-1) | AC78: =IF(W78=0,"",L78/W78-1) -> #REF!
Q79: =P79*M79 -> 0 | U79: =IF(EXACT(O79,Y79),M79,M79*(1-'Расчет ПРЕДЗАКАЗ'!$D$10)) -> 0 | V79: =P79*U79 -> 0 | W79: =IF(EXACT(O79,Y79),M79,M79*(1-#REF!)) -> #REF! | X79: =P79*W79 -> #REF! | Y79: СтопЦена | Z79: =IF(EXACT(O79,Y79),Q79,0) -> 0 | AA79: =IF(Z79=0,Q79,0) -> 0 | AB79: =IF(U79=0,"",L79/U79-1) | AC79: =IF(W79=0,"",L79/W79-1) -> #REF!
Q80: =P80*M80 -> 0 | U80: =IF(EXACT(O80,Y80),M80,M80*(1-'Расчет ПРЕДЗАКАЗ'!$D$10)) -> 0 | V80: =P80*U80 -> 0 | W80: =IF(EXACT(O80,Y80),M80,M80*(1-#REF!)) -> #REF! | X80: =P80*W80 -> #REF! | Y80: СтопЦена | Z80: =IF(EXACT(O80,Y80),Q80,0) -> 0 | AA80: =IF(Z80=0,Q80,0) -> 0 | AB80: =IF(U80=0,"",L80/U80-1) | AC80: =IF(W80=0,"",L80/W80-1) -> #REF!
Q81: =P81*M81 -> 0 | U81: =IF(EXACT(O81,Y81),M81,M81*(1-'Расчет ПРЕДЗАКАЗ'!$D$10)) -> 0 | V81: =P81*U81 -> 0 | W81: =IF(EXACT(O81,Y81),M81,M81*(1-#REF!)) -> #REF! | X81: =P81*W81 -> #REF! | Y81: СтопЦена | Z81: =IF(EXACT(O81,Y81),Q81,0) -> 0 | AA81: =IF(Z81=0,Q81,0) -> 0 | AB81: =IF(U81=0,"",L81/U81-1) | AC81: =IF(W81=0,"",L81/W81-1) -> #REF!
Q82: =P82*M82 -> 0 | U82: =IF(EXACT(O82,Y82),M82,M82*(1-'Расчет ПРЕДЗАКАЗ'!$D$10)) -> 0 | V82: =P82*U82 -> 0 | W82: =IF(EXACT(O82,Y82),M82,M82*(1-#REF!)) -> #REF! | X82: =P82*W82 -> #REF! | Y82: СтопЦена | Z82: =IF(EXACT(O82,Y82),Q82,0) -> 0 | AA82: =IF(Z82=0,Q82,0) -> 0 | AB82: =IF(U82=0,"",L82/U82-1) | AC82: =IF(W82=0,"",L82/W82-1) -> #REF!
Q83: =P83*M83 -> 0 | U83: =IF(EXACT(O83,Y83),M83,M83*(1-'Расчет ПРЕДЗАКАЗ'!$D$10)) -> 0 | V83: =P83*U83 -> 0 | W83: =IF(EXACT(O83,Y83),M83,M83*(1-#REF!)) -> #REF! | X83: =P83*W83 -> #REF! | Y83: СтопЦена | Z83: =IF(EXACT(O83,Y83),Q83,0) -> 0 | AA83: =IF(Z83=0,Q83,0) -> 0 | AB83: =IF(U83=0,"",L83/U83-1) | AC83: =IF(W83=0,"",L83/W83-1) -> #REF!
Q84: =P84*M84 -> 0 | U84: =IF(EXACT(O84,Y84),M84,M84*(1-'Расчет ПРЕДЗАКАЗ'!$D$10)) -> 0 | V84: =P84*U84 -> 0 | W84: =IF(EXACT(O84,Y84),M84,M84*(1-#REF!)) -> #REF! | X84: =P84*W84 -> #REF! | Y84: СтопЦена | Z84: =IF(EXACT(O84,Y84),Q84,0) -> 0 | AA84: =IF(Z84=0,Q84,0) -> 0 | AB84: =IF(U84=0,"",L84/U84-1) | AC84: =IF(W84=0,"",L84/W84-1) -> #REF!
Q85: =P85*M85 -> 0 | U85: =IF(EXACT(O85,Y85),M85,M85*(1-'Расчет ПРЕДЗАКАЗ'!$D$10)) -> 0 | V85: =P85*U85 -> 0 | W85: =IF(EXACT(O85,Y85),M85,M85*(1-#REF!)) -> #REF! | X85: =P85*W85 -> #REF! | Y85: СтопЦена | Z85: =IF(EXACT(O85,Y85),Q85,0) -> 0 | AA85: =IF(Z85=0,Q85,0) -> 0 | AB85: =IF(U85=0,"",L85/U85-1) | AC85: =IF(W85=0,"",L85/W85-1) -> #REF!
Q86: =P86*M86 -> 0 | U86: =IF(EXACT(O86,Y86),M86,M86*(1-'Расчет ПРЕДЗАКАЗ'!$D$10)) -> 0 | V86: =P86*U86 -> 0 | W86: =IF(EXACT(O86,Y86),M86,M86*(1-#REF!)) -> #REF! | X86: =P86*W86 -> #REF! | Y86: СтопЦена | Z86: =IF(EXACT(O86,Y86),Q86,0) -> 0 | AA86: =IF(Z86=0,Q86,0) -> 0 | AB86: =IF(U86=0,"",L86/U86-1) | AC86: =IF(W86=0,"",L86/W86-1) -> #REF!
A88: 236 | B88: 162-2302000125-027 | C88: Мерч толстовка флисовая GRAYLING, голубой | D88: Фото отсутствует | F88: Ткань верха: флис: полиэстер 100% | G88: голубой | H88: Флис приятен к телу, помогает удерживать тепло и быстро сохнет Функциональные карманы помогают держать важные мелочи под рукой Продуманная конструкция сохраняет комфорт при длительной носке | I88: Толстовка «Мерч флисовая» ТМ GRAYLING — выбор для рыбалки, туризма, активного отдыха и повседневное назначение в течение всего года. Антипиллинг повышает износостойкость материала и помогает дольше сохранять аккуратный внешний вид. Продуманные карманы и застёжки делают модель удобной для вещей, которые должны быть под рукой. Флисовый материал приятен к телу, помогает сохранять тепло, быстро сохнет и удобен в качестве самостоятельного или дополнительного слоя. Сезон: всесезонное | J88: WEB-Сайт | K88: р-р 44-46 рост 170-176 | L88: 3100 | M88: 1933 | N88: 4660335551385 | Q88: =P88*M88 -> 0 | S88: 18 | U88: =IF(EXACT(O88,Y88),M88,M88*(1-'Расчет ПРЕДЗАКАЗ'!$D$10)) -> 1894.34 | V88: =P88*U88 -> 0 | W88: =IF(EXACT(O88,Y88),M88,M88*(1-#REF!)) -> #REF! | X88: =P88*W88 -> #REF! | Y88: СтопЦена | Z88: =IF(EXACT(O88,Y88),Q88,0) -> 0 | AA88: =IF(Z88=0,Q88,0) -> 0 | AB88: =IF(U88=0,"",L88/U88-1) -> 0.63645386 | AC88: =IF(W88=0,"",L88/W88-1) -> #REF!
K89: р-р 48-50 рост 170-176 | L89: 3100 | M89: 1933 | N89: 4660335551224 | Q89: =P89*M89 -> 0 | S89: 9 | U89: =IF(EXACT(O89,Y89),M89,M89*(1-'Расчет ПРЕДЗАКАЗ'!$D$10)) -> 1894.34 | V89: =P89*U89 -> 0 | W89: =IF(EXACT(O89,Y89),M89,M89*(1-#REF!)) -> #REF! | X89: =P89*W89 -> #REF! | Y89: СтопЦена | Z89: =IF(EXACT(O89,Y89),Q89,0) -> 0 | AA89: =IF(Z89=0,Q89,0) -> 0 | AB89: =IF(U89=0,"",L89/U89-1) -> 0.63645386 | AC89: =IF(W89=0,"",L89/W89-1) -> #REF!
K90: р-р 52-54 рост 182-188 | L90: 3100 | M90: 1933 | N90: 4660335551248 | Q90: =P90*M90 -> 0 | S90: 13 | U90: =IF(EXACT(O90,Y90),M90,M90*(1-'Расчет ПРЕДЗАКАЗ'!$D$10)) -> 1894.34 | V90: =P90*U90 -> 0 | W90: =IF(EXACT(O90,Y90),M90,M90*(1-#REF!)) -> #REF! | X90: =P90*W90 -> #REF! | Y90: СтопЦена | Z90: =IF(EXACT(O90,Y90),Q90,0) -> 0 | AA90: =IF(Z90=0,Q90,0) -> 0 | AB90: =IF(U90=0,"",L90/U90-1) -> 0.63645386 | AC90: =IF(W90=0,"",L90/W90-1) -> #REF!
K91: р-р 56-58 рост 182-188 | L91: 3100 | M91: 1933 | N91: 4660335551217 | Q91: =P91*M91 -> 0 | S91: 3 | U91: =IF(EXACT(O91,Y91),M91,M91*(1-'Расчет ПРЕДЗАКАЗ'!$D$10)) -> 1894.34 | V91: =P91*U91 -> 0 | W91: =IF(EXACT(O91,Y91),M91,M91*(1-#REF!)) -> #REF! | X91: =P91*W91 -> #REF! | Y91: СтопЦена | Z91: =IF(EXACT(O91,Y91),Q91,0) -> 0 | AA91: =IF(Z91=0,Q91,0) -> 0 | AB91: =IF(U91=0,"",L91/U91-1) -> 0.63645386 | AC91: =IF(W91=0,"",L91/W91-1) -> #REF!
K92: р-р 60-62 рост 182-188 | L92: 3100 | M92: 1933 | N92: 4660335551231 | Q92: =P92*M92 -> 0 | S92: 8 | U92: =IF(EXACT(O92,Y92),M92,M92*(1-'Расчет ПРЕДЗАКАЗ'!$D$10)) -> 1894.34 | V92: =P92*U92 -> 0 | W92: =IF(EXACT(O92,Y92),M92,M92*(1-#REF!)) -> #REF! | X92: =P92*W92 -> #REF! | Y92: СтопЦена | Z92: =IF(EXACT(O92,Y92),Q92,0) -> 0 | AA92: =IF(Z92=0,Q92,0) -> 0 | AB92: =IF(U92=0,"",L92/U92-1) -> 0.63645386 | AC92: =IF(W92=0,"",L92/W92-1) -> #REF!
Q93: =P93*M93 -> 0 | U93: =IF(EXACT(O93,Y93),M93,M93*(1-'Расчет ПРЕДЗАКАЗ'!$D$10)) -> 0 | V93: =P93*U93 -> 0 | W93: =IF(EXACT(O93,Y93),M93,M93*(1-#REF!)) -> #REF! | X93: =P93*W93 -> #REF! | Y93: СтопЦена | Z93: =IF(EXACT(O93,Y93),Q93,0) -> 0 | AA93: =IF(Z93=0,Q93,0) -> 0 | AB93: =IF(U93=0,"",L93/U93-1) | AC93: =IF(W93=0,"",L93/W93-1) -> #REF!
Q94: =P94*M94 -> 0 | U94: =IF(EXACT(O94,Y94),M94,M94*(1-'Расчет ПРЕДЗАКАЗ'!$D$10)) -> 0 | V94: =P94*U94 -> 0 | W94: =IF(EXACT(O94,Y94),M94,M94*(1-#REF!)) -> #REF! | X94: =P94*W94 -> #REF! | Y94: СтопЦена | Z94: =IF(EXACT(O94,Y94),Q94,0) -> 0 | AA94: =IF(Z94=0,Q94,0) -> 0 | AB94: =IF(U94=0,"",L94/U94-1) | AC94: =IF(W94=0,"",L94/W94-1) -> #REF!
Q95: =P95*M95 -> 0 | U95: =IF(EXACT(O95,Y95),M95,M95*(1-'Расчет ПРЕДЗАКАЗ'!$D$10)) -> 0 | V95: =P95*U95 -> 0 | W95: =IF(EXACT(O95,Y95),M95,M95*(1-#REF!)) -> #REF! | X95: =P95*W95 -> #REF! | Y95: СтопЦена | Z95: =IF(EXACT(O95,Y95),Q95,0) -> 0 | AA95: =IF(Z95=0,Q95,0) -> 0 | AB95: =IF(U95=0,"",L95/U95-1) | AC95: =IF(W95=0,"",L95/W95-1) -> #REF!
Q96: =P96*M96 -> 0 | U96: =IF(EXACT(O96,Y96),M96,M96*(1-'Расчет ПРЕДЗАКАЗ'!$D$10)) -> 0 | V96: =P96*U96 -> 0 | W96: =IF(EXACT(O96,Y96),M96,M96*(1-#REF!)) -> #REF! | X96: =P96*W96 -> #REF! | Y96: СтопЦена | Z96: =IF(EXACT(O96,Y96),Q96,0) -> 0 | AA96: =IF(Z96=0,Q96,0) -> 0 | AB96: =IF(U96=0,"",L96/U96-1) | AC96: =IF(W96=0,"",L96/W96-1) -> #REF!
Q97: =P97*M97 -> 0 | U97: =IF(EXACT(O97,Y97),M97,M97*(1-'Расчет ПРЕДЗАКАЗ'!$D$10)) -> 0 | V97: =P97*U97 -> 0 | W97: =IF(EXACT(O97,Y97),M97,M97*(1-#REF!)) -> #REF! | X97: =P97*W97 -> #REF! | Y97: СтопЦена | Z97: =IF(EXACT(O97,Y97),Q97,0) -> 0 | AA97: =IF(Z97=0,Q97,0) -> 0 | AB97: =IF(U97=0,"",L97/U97-1) | AC97: =IF(W97=0,"",L97/W97-1) -> #REF!
Q98: =P98*M98 -> 0 | U98: =IF(EXACT(O98,Y98),M98,M98*(1-'Расчет ПРЕДЗАКАЗ'!$D$10)) -> 0 | V98: =P98*U98 -> 0 | W98: =IF(EXACT(O98,Y98),M98,M98*(1-#REF!)) -> #REF! | X98: =P98*W98 -> #REF! | Y98: СтопЦена | Z98: =IF(EXACT(O98,Y98),Q98,0) -> 0 | AA98: =IF(Z98=0,Q98,0) -> 0 | AB98: =IF(U98=0,"",L98/U98-1) | AC98: =IF(W98=0,"",L98/W98-1) -> #REF!
Q99: =P99*M99 -> 0 | U99: =IF(EXACT(O99,Y99),M99,M99*(1-'Расчет ПРЕДЗАКАЗ'!$D$10)) -> 0 | V99: =P99*U99 -> 0 | W99: =IF(EXACT(O99,Y99),M99,M99*(1-#REF!)) -> #REF! | X99: =P99*W99 -> #REF! | Y99: СтопЦена | Z99: =IF(EXACT(O99,Y99),Q99,0) -> 0 | AA99: =IF(Z99=0,Q99,0) -> 0 | AB99: =IF(U99=0,"",L99/U99-1) | AC99: =IF(W99=0,"",L99/W99-1) -> #REF!
Q100: =P100*M100 -> 0 | U100: =IF(EXACT(O100,Y100),M100,M100*(1-'Расчет ПРЕДЗАКАЗ'!$D$10)) -> 0 | V100: =P100*U100 -> 0 | W100: =IF(EXACT(O100,Y100),M100,M100*(1-#REF!)) -> #REF! | X100: =P100*W100 -> #REF! | Y100: СтопЦена | Z100: =IF(EXACT(O100,Y100),Q100,0) -> 0 | AA100: =IF(Z100=0,Q100,0) -> 0 | AB100: =IF(U100=0,"",L100/U100-1) | AC100: =IF(W100=0,"",L100/W100-1) -> #REF!
Q101: =P101*M101 -> 0 | U101: =IF(EXACT(O101,Y101),M101,M101*(1-'Расчет ПРЕДЗАКАЗ'!$D$10)) -> 0 | V101: =P101*U101 -> 0 | W101: =IF(EXACT(O101,Y101),M101,M101*(1-#REF!)) -> #REF! | X101: =P101*W101 -> #REF! | Y101: СтопЦена | Z101: =IF(EXACT(O101,Y101),Q101,0) -> 0 | AA101: =IF(Z101=0,Q101,0) -> 0 | AB101: =IF(U101=0,"",L101/U101-1) | AC101: =IF(W101=0,"",L101/W101-1) -> #REF!
Q102: =P102*M102 -> 0 | U102: =IF(EXACT(O102,Y102),M102,M102*(1-'Расчет ПРЕДЗАКАЗ'!$D$10)) -> 0 | V102: =P102*U102 -> 0 | W102: =IF(EXACT(O102,Y102),M102,M102*(1-#REF!)) -> #REF! | X102: =P102*W102 -> #REF! | Y102: СтопЦена | Z102: =IF(EXACT(O102,Y102),Q102,0) -> 0 | AA102: =IF(Z102=0,Q102,0) -> 0 | AB102: =IF(U102=0,"",L102/U102-1) | AC102: =IF(W102=0,"",L102/W102-1) -> #REF!
A104: 237 | B104: 162-1202243124-112 | C104: Тундра толстовка GRAYLING, демисезонный, флис, синий | D104: Фото отсутствует | F104: Ткань верха: флис: полиэстер 100% | G104: синий | H104: Флис приятен к телу, помогает удерживать тепло и быстро сохнет Функциональные карманы помогают держать важные мелочи под рукой Капюшон помогает защититься от ветра, солнца и лёгких осадков Эластичные элементы помогают изделию лучше садиться по фигуре | I104: Толстовка «Тундра» ТМ GRAYLING — выбор для рыбалки, туризма и активного отдыха в межсезонье. Антипиллинг повышает износостойкость материала и помогает дольше сохранять аккуратный внешний вид. Продуманные карманы и застёжки делают модель удобной для вещей, которые должны быть под рукой. Флисовый материал приятен к телу, помогает сохранять тепло, быстро сохнет и удобен в качестве самостоятельного или дополнительного слоя. Сезон: демисезон | J104: WEB-Сайт | K104: р-р 44-46 рост 170-176 | L104: 3140 | M104: 1963 | N104: 4610097091575 | Q104: =P104*M104 -> 0 | S104: 2 | U104: =IF(EXACT(O104,Y104),M104,M104*(1-'Расчет ПРЕДЗАКАЗ'!$D$10)) -> 1923.74 | V104: =P104*U104 -> 0 | W104: =IF(EXACT(O104,Y104),M104,M104*(1-#REF!)) -> #REF! | X104: =P104*W104 -> #REF! | Y104: СтопЦена | Z104: =IF(EXACT(O104,Y104),Q104,0) -> 0 | AA104: =IF(Z104=0,Q104,0) -> 0 | AB104: =IF(U104=0,"",L104/U104-1) -> 0.6322372 | AC104: =IF(W104=0,"",L104/W104-1) -> #REF!
K105: р-р 48-50 рост 182-188 | L105: 3140 | M105: 1963 | N105: 4610097091599 | Q105: =P105*M105 -> 0 | S105: 1 | U105: =IF(EXACT(O105,Y105),M105,M105*(1-'Расчет ПРЕДЗАКАЗ'!$D$10)) -> 1923.74 | V105: =P105*U105 -> 0 | W105: =IF(EXACT(O105,Y105),M105,M105*(1-#REF!)) -> #REF! | X105: =P105*W105 -> #REF! | Y105: СтопЦена | Z105: =IF(EXACT(O105,Y105),Q105,0) -> 0 | AA105: =IF(Z105=0,Q105,0) -> 0 | AB105: =IF(U105=0,"",L105/U105-1) -> 0.6322372 | AC105: =IF(W105=0,"",L105/W105-1) -> #REF!
Q106: =P106*M106 -> 0 | U106: =IF(EXACT(O106,Y106),M106,M106*(1-'Расчет ПРЕДЗАКАЗ'!$D$10)) -> 0 | V106: =P106*U106 -> 0 | W106: =IF(EXACT(O106,Y106),M106,M106*(1-#REF!)) -> #REF! | X106: =P106*W106 -> #REF! | Y106: СтопЦена | Z106: =IF(EXACT(O106,Y106),Q106,0) -> 0 | AA106: =IF(Z106=0,Q106,0) -> 0 | AB106: =IF(U106=0,"",L106/U106-1) | AC106: =IF(W106=0,"",L106/W106-1) -> #REF!
Q107: =P107*M107 -> 0 | U107: =IF(EXACT(O107,Y107),M107,M107*(1-'Расчет ПРЕДЗАКАЗ'!$D$10)) -> 0 | V107: =P107*U107 -> 0 | W107: =IF(EXACT(O107,Y107),M107,M107*(1-#REF!)) -> #REF! | X107: =P107*W107 -> #REF! | Y107: СтопЦена | Z107: =IF(EXACT(O107,Y107),Q107,0) -> 0 | AA107: =IF(Z107=0,Q107,0) -> 0 | AB107: =IF(U107=0,"",L107/U107-1) | AC107: =IF(W107=0,"",L107/W107-1) -> #REF!
Q108: =P108*M108 -> 0 | U108: =IF(EXACT(O108,Y108),M108,M108*(1-'Расчет ПРЕДЗАКАЗ'!$D$10)) -> 0 | V108: =P108*U108 -> 0 | W108: =IF(EXACT(O108,Y108),M108,M108*(1-#REF!)) -> #REF! | X108: =P108*W108 -> #REF! | Y108: СтопЦена | Z108: =IF(EXACT(O108,Y108),Q108,0) -> 0 | AA108: =IF(Z108=0,Q108,0) -> 0 | AB108: =IF(U108=0,"",L108/U108-1) | AC108: =IF(W108=0,"",L108/W108-1) -> #REF!
Q109: =P109*M109 -> 0 | U109: =IF(EXACT(O109,Y109),M109,M109*(1-'Расчет ПРЕДЗАКАЗ'!$D$10)) -> 0 | V109: =P109*U109 -> 0 | W109: =IF(EXACT(O109,Y109),M109,M109*(1-#REF!)) -> #REF! | X109: =P109*W109 -> #REF! | Y109: СтопЦена | Z109: =IF(EXACT(O109,Y109),Q109,0) -> 0 | AA109: =IF(Z109=0,Q109,0) -> 0 | AB109: =IF(U109=0,"",L109/U109-1) | AC109: =IF(W109=0,"",L109/W109-1) -> #REF!
Q110: =P110*M110 -> 0 | U110: =IF(EXACT(O110,Y110),M110,M110*(1-'Расчет ПРЕДЗАКАЗ'!$D$10)) -> 0 | V110: =P110*U110 -> 0 | W110: =IF(EXACT(O110,Y110),M110,M110*(1-#REF!)) -> #REF! | X110: =P110*W110 -> #REF! | Y110: СтопЦена | Z110: =IF(EXACT(O110,Y110),Q110,0) -> 0 | AA110: =IF(Z110=0,Q110,0) -> 0 | AB110: =IF(U110=0,"",L110/U110-1) | AC110: =IF(W110=0,"",L110/W110-1) -> #REF!
Q111: =P111*M111 -> 0 | U111: =IF(EXACT(O111,Y111),M111,M111*(1-'Расчет ПРЕДЗАКАЗ'!$D$10)) -> 0 | V111: =P111*U111 -> 0 | W111: =IF(EXACT(O111,Y111),M111,M111*(1-#REF!)) -> #REF! | X111: =P111*W111 -> #REF! | Y111: СтопЦена | Z111: =IF(EXACT(O111,Y111),Q111,0) -> 0 | AA111: =IF(Z111=0,Q111,0) -> 0 | AB111: =IF(U111=0,"",L111/U111-1) | AC111: =IF(W111=0,"",L111/W111-1) -> #REF!
Q112: =P112*M112 -> 0 | U112: =IF(EXACT(O112,Y112),M112,M112*(1-'Расчет ПРЕДЗАКАЗ'!$D$10)) -> 0 | V112: =P112*U112 -> 0 | W112: =IF(EXACT(O112,Y112),M112,M112*(1-#REF!)) -> #REF! | X112: =P112*W112 -> #REF! | Y112: СтопЦена | Z112: =IF(EXACT(O112,Y112),Q112,0) -> 0 | AA112: =IF(Z112=0,Q112,0) -> 0 | AB112: =IF(U112=0,"",L112/U112-1) | AC112: =IF(W112=0,"",L112/W112-1) -> #REF!
Q113: =P113*M113 -> 0 | U113: =IF(EXACT(O113,Y113),M113,M113*(1-'Расчет ПРЕДЗАКАЗ'!$D$10)) -> 0 | V113: =P113*U113 -> 0 | W113: =IF(EXACT(O113,Y113),M113,M113*(1-#REF!)) -> #REF! | X113: =P113*W113 -> #REF! | Y113: СтопЦена | Z113: =IF(EXACT(O113,Y113),Q113,0) -> 0 | AA113: =IF(Z113=0,Q113,0) -> 0 | AB113: =IF(U113=0,"",L113/U113-1) | AC113: =IF(W113=0,"",L113/W113-1) -> #REF!
Q114: =P114*M114 -> 0 | U114: =IF(EXACT(O114,Y114),M114,M114*(1-'Расчет ПРЕДЗАКАЗ'!$D$10)) -> 0 | V114: =P114*U114 -> 0 | W114: =IF(EXACT(O114,Y114),M114,M114*(1-#REF!)) -> #REF! | X114: =P114*W114 -> #REF! | Y114: СтопЦена | Z114: =IF(EXACT(O114,Y114),Q114,0) -> 0 | AA114: =IF(Z114=0,Q114,0) -> 0 | AB114: =IF(U114=0,"",L114/U114-1) | AC114: =IF(W114=0,"",L114/W114-1) -> #REF!
Q115: =P115*M115 -> 0 | U115: =IF(EXACT(O115,Y115),M115,M115*(1-'Расчет ПРЕДЗАКАЗ'!$D$10)) -> 0 | V115: =P115*U115 -> 0 | W115: =IF(EXACT(O115,Y115),M115,M115*(1-#REF!)) -> #REF! | X115: =P115*W115 -> #REF! | Y115: СтопЦена | Z115: =IF(EXACT(O115,Y115),Q115,0) -> 0 | AA115: =IF(Z115=0,Q115,0) -> 0 | AB115: =IF(U115=0,"",L115/U115-1) | AC115: =IF(W115=0,"",L115/W115-1) -> #REF!
Q116: =P116*M116 -> 0 | U116: =IF(EXACT(O116,Y116),M116,M116*(1-'Расчет ПРЕДЗАКАЗ'!$D$10)) -> 0 | V116: =P116*U116 -> 0 | W116: =IF(EXACT(O116,Y116),M116,M116*(1-#REF!)) -> #REF! | X116: =P116*W116 -> #REF! | Y116: СтопЦена | Z116: =IF(EXACT(O116,Y116),Q116,0) -> 0 | AA116: =IF(Z116=0,Q116,0) -> 0 | AB116: =IF(U116=0,"",L116/U116-1) | AC116: =IF(W116=0,"",L116/W116-1) -> #REF!
Q117: =P117*M117 -> 0 | U117: =IF(EXACT(O117,Y117),M117,M117*(1-'Расчет ПРЕДЗАКАЗ'!$D$10)) -> 0 | V117: =P117*U117 -> 0 | W117: =IF(EXACT(O117,Y117),M117,M117*(1-#REF!)) -> #REF! | X117: =P117*W117 -> #REF! | Y117: СтопЦена | Z117: =IF(EXACT(O117,Y117),Q117,0) -> 0 | AA117: =IF(Z117=0,Q117,0) -> 0 | AB117: =IF(U117=0,"",L117/U117-1) | AC117: =IF(W117=0,"",L117/W117-1) -> #REF!
Q118: =P118*M118 -> 0 | U118: =IF(EXACT(O118,Y118),M118,M118*(1-'Расчет ПРЕДЗАКАЗ'!$D$10)) -> 0 | V118: =P118*U118 -> 0 | W118: =IF(EXACT(O118,Y118),M118,M118*(1-#REF!)) -> #REF! | X118: =P118*W118 -> #REF! | Y118: СтопЦена | Z118: =IF(EXACT(O118,Y118),Q118,0) -> 0 | AA118: =IF(Z118=0,Q118,0) -> 0 | AB118: =IF(U118=0,"",L118/U118-1) | AC118: =IF(W118=0,"",L118/W118-1) -> #REF!
A120: 238 | B120: 162-1202243123-031 | C120: Тундра толстовка GRAYLING, флис, демисезонная, графит | D120: Фото отсутствует | F120: Ткань верха: флис: полиэстер 100% | G120: графит | H120: Флис приятен к телу, помогает удерживать тепло и быстро сохнет Функциональные карманы помогают держать важные мелочи под рукой Капюшон помогает защититься от ветра, солнца и лёгких осадков Эластичные элементы помогают изделию лучше садиться по фигуре | I120: Толстовка «Тундра» ТМ GRAYLING — выбор для рыбалки, туризма и активного отдыха в межсезонье. Антипиллинг повышает износостойкость материала и помогает дольше сохранять аккуратный внешний вид. Продуманные карманы и застёжки делают модель удобной для вещей, которые должны быть под рукой. Флисовый материал приятен к телу, помогает сохранять тепло, быстро сохнет и удобен в качестве самостоятельного или дополнительного слоя. Сезон: демисезон | J120: WEB-Сайт | K120: р-р 44-46 рост 170-176 | L120: 4760 | M120: 2970 | N120: 4610097068508 | Q120: =P120*M120 -> 0 | S120: 80 | U120: =IF(EXACT(O120,Y120),M120,M120*(1-'Расчет ПРЕДЗАКАЗ'!$D$10)) -> 2910.6 | V120: =P120*U120 -> 0 | W120: =IF(EXACT(O120,Y120),M120,M120*(1-#REF!)) -> #REF! | X120: =P120*W120 -> #REF! | Y120: СтопЦена | Z120: =IF(EXACT(O120,Y120),Q120,0) -> 0 | AA120: =IF(Z120=0,Q120,0) -> 0 | AB120: =IF(U120=0,"",L120/U120-1) -> 0.63540164 | AC120: =IF(W120=0,"",L120/W120-1) -> #REF!
Q121: =P121*M121 -> 0 | U121: =IF(EXACT(O121,Y121),M121,M121*(1-'Расчет ПРЕДЗАКАЗ'!$D$10)) -> 0 | V121: =P121*U121 -> 0 | W121: =IF(EXACT(O121,Y121),M121,M121*(1-#REF!)) -> #REF! | X121: =P121*W121 -> #REF! | Y121: СтопЦена | Z121: =IF(EXACT(O121,Y121),Q121,0) -> 0 | AA121: =IF(Z121=0,Q121,0) -> 0 | AB121: =IF(U121=0,"",L121/U121-1) | AC121: =IF(W121=0,"",L121/W121-1) -> #REF!
Q122: =P122*M122 -> 0 | U122: =IF(EXACT(O122,Y122),M122,M122*(1-'Расчет ПРЕДЗАКАЗ'!$D$10)) -> 0 | V122: =P122*U122 -> 0 | W122: =IF(EXACT(O122,Y122),M122,M122*(1-#REF!)) -> #REF! | X122: =P122*W122 -> #REF! | Y122: СтопЦена | Z122: =IF(EXACT(O122,Y122),Q122,0) -> 0 | AA122: =IF(Z122=0,Q122,0) -> 0 | AB122: =IF(U122=0,"",L122/U122-1) | AC122: =IF(W122=0,"",L122/W122-1) -> #REF!
Q123: =P123*M123 -> 0 | U123: =IF(EXACT(O123,Y123),M123,M123*(1-'Расчет ПРЕДЗАКАЗ'!$D$10)) -> 0 | V123: =P123*U123 -> 0 | W123: =IF(EXACT(O123,Y123),M123,M123*(1-#REF!)) -> #REF! | X123: =P123*W123 -> #REF! | Y123: СтопЦена | Z123: =IF(EXACT(O123,Y123),Q123,0) -> 0 | AA123: =IF(Z123=0,Q123,0) -> 0 | AB123: =IF(U123=0,"",L123/U123-1) | AC123: =IF(W123=0,"",L123/W123-1) -> #REF!
Q124: =P124*M124 -> 0 | U124: =IF(EXACT(O124,Y124),M124,M124*(1-'Расчет ПРЕДЗАКАЗ'!$D$10)) -> 0 | V124: =P124*U124 -> 0 | W124: =IF(EXACT(O124,Y124),M124,M124*(1-#REF!)) -> #REF! | X124: =P124*W124 -> #REF! | Y124: СтопЦена | Z124: =IF(EXACT(O124,Y124),Q124,0) -> 0 | AA124: =IF(Z124=0,Q124,0) -> 0 | AB124: =IF(U124=0,"",L124/U124-1) | AC124: =IF(W124=0,"",L124/W124-1) -> #REF!
Q125: =P125*M125 -> 0 | U125: =IF(EXACT(O125,Y125),M125,M125*(1-'Расчет ПРЕДЗАКАЗ'!$D$10)) -> 0 | V125: =P125*U125 -> 0 | W125: =IF(EXACT(O125,Y125),M125,M125*(1-#REF!)) -> #REF! | X125: =P125*W125 -> #REF! | Y125: СтопЦена | Z125: =IF(EXACT(O125,Y125),Q125,0) -> 0 | AA125: =IF(Z125=0,Q125,0) -> 0 | AB125: =IF(U125=0,"",L125/U125-1) | AC125: =IF(W125=0,"",L125/W125-1) -> #REF!
Q126: =P126*M126 -> 0 | U126: =IF(EXACT(O126,Y126),M126,M126*(1-'Расчет ПРЕДЗАКАЗ'!$D$10)) -> 0 | V126: =P126*U126 -> 0 | W126: =IF(EXACT(O126,Y126),M126,M126*(1-#REF!)) -> #REF! | X126: =P126*W126 -> #REF! | Y126: СтопЦена | Z126: =IF(EXACT(O126,Y126),Q126,0) -> 0 | AA126: =IF(Z126=0,Q126,0) -> 0 | AB126: =IF(U126=0,"",L126/U126-1) | AC126: =IF(W126=0,"",L126/W126-1) -> #REF!
Q127: =P127*M127 -> 0 | U127: =IF(EXACT(O127,Y127),M127,M127*(1-'Расчет ПРЕДЗАКАЗ'!$D$10)) -> 0 | V127: =P127*U127 -> 0 | W127: =IF(EXACT(O127,Y127),M127,M127*(1-#REF!)) -> #REF! | X127: =P127*W127 -> #REF! | Y127: СтопЦена | Z127: =IF(EXACT(O127,Y127),Q127,0) -> 0 | AA127: =IF(Z127=0,Q127,0) -> 0 | AB127: =IF(U127=0,"",L127/U127-1) | AC127: =IF(W127=0,"",L127/W127-1) -> #REF!
...

Sheet Pride
AA3: =IF(O24=СторЦена,M24*P24,) -> #NAME?
Z22: =SUM(Z24:Z804743) -> 0 | AA22: =SUM(AA24:AA804743) -> 0
A23: № | B23: Артикул | C23: Наименование как в 1С | D23: Фото Перед | F23: Ткань | G23: Цвет | H23: Особенности модели | I23: Описание | J23: Подробнее | K23: Размер | L23: РРЦ НОВАЯ | M23: оптовая | N23: Штрихкод | O23: СТОП ЦЕНА | P23: Количество ЗАКАЗ в шт (внести) | Q23: Сумма заказа в руб. по оптовой цене | S23: Остатки в шт | U23: Цена за штуку с учетом вашей скидки | V23: Сумма заказа в руб. с учетом вашей скидки | W23: Цена за штуку с учетом вашей скидки | X23: Сумма заказа в руб. с учетом вашей скидки | Z23: Расчет стоп цены | AA23: Расчет цены | AB23: Наценка РРЦ | AC23: Наценка РРЦ
A24: 383 | B24: 110-1101179123-061 | C24: Пойнтер термобелье PRIDE, лес | D24: Фото отсутствует | F24: Ткань верха: полиэстер 100% | G24: лес | H24: Технология Polygiene помогает дольше сохранять ощущение свежести Анатомический крой обеспечивает удобную посадку и свободу движений Плоские швы снижают риск натирания при длительной носке Материал отводит влагу от тела и поддерживает комфортный микроклимат Быстросохнущая ткань удобна в активном режиме и поездках | I24: Термобельё 1-го слоя «Пойнтер» ТМ PRIDE — выбор для активности на улице, поездок и повседневной носки осенью. Технология Polygiene помогает дольше сохранять ощущение свежести при активной носке. Плоские швы снижают риск натирания, а анатомичный крой делает посадку удобнее при движении. Лёгкий полиэстеровый трикотаж эффективно отводит влагу, быстро сохнет и комфортно ощущается при длительной активности. Сезон: осень | J24: WEB-Сайт | K24: р-р 44-46 рост 170-176 | L24: 3620 | M24: 2260 | N24: 4660335532247 | O24: СтопЦена | Q24: =P24*M24 -> 0 | S24: 19 | U24: =IF(EXACT(O24,Y24),M24,M24*(1-'Расчет ПРЕДЗАКАЗ'!$D$10)) -> 2260 | V24: =P24*U24 -> 0 | W24: =IF(EXACT(O24,Y24),M24,M24*(1-#REF!)) -> 2260 | X24: =P24*W24 -> 0 | Y24: СтопЦена | Z24: =IF(EXACT(O24,Y24),Q24,0) -> 0 | AA24: =IF(Z24=0,Q24,0) -> 0 | AB24: =IF(U24=0,"",L24/U24-1) -> 0.60176991 | AC24: =IF(W24=0,"",L24/W24-1) -> 0.60176991
K25: р-р 48-50 рост 182-188 | L25: 3620 | M25: 2260 | N25: 4660335532261 | O25: СтопЦена | Q25: =P25*M25 -> 0 | S25: 4 | U25: =IF(EXACT(O25,Y25),M25,M25*(1-'Расчет ПРЕДЗАКАЗ'!$D$10)) -> 2260 | V25: =P25*U25 -> 0 | W25: =IF(EXACT(O25,Y25),M25,M25*(1-#REF!)) -> 2260 | X25: =P25*W25 -> 0 | Y25: СтопЦена | Z25: =IF(EXACT(O25,Y25),Q25,0) -> 0 | AA25: =IF(Z25=0,Q25,0) -> 0 | AB25: =IF(U25=0,"",L25/U25-1) -> 0.60176991 | AC25: =IF(W25=0,"",L25/W25-1) -> 0.60176991
L26: =M26-M26*30% -> 0 | Q26: =P26*M26 -> 0 | U26: =IF(EXACT(O26,Y26),M26,M26*(1-'Расчет ПРЕДЗАКАЗ'!$D$10)) -> 0 | V26: =P26*U26 -> 0 | W26: =IF(EXACT(O26,Y26),M26,M26*(1-#REF!)) -> #REF! | X26: =P26*W26 -> #REF! | Y26: СтопЦена | Z26: =IF(EXACT(O26,Y26),Q26,0) -> 0 | AA26: =IF(Z26=0,Q26,0) -> 0 | AB26: =IF(U26=0,"",L26/U26-1) | AC26: =IF(W26=0,"",L26/W26-1) -> #REF!
L27: =M27-M27*30% -> 0 | Q27: =P27*M27 -> 0 | U27: =IF(EXACT(O27,Y27),M27,M27*(1-'Расчет ПРЕДЗАКАЗ'!$D$10)) -> 0 | V27: =P27*U27 -> 0 | W27: =IF(EXACT(O27,Y27),M27,M27*(1-#REF!)) -> #REF! | X27: =P27*W27 -> #REF! | Y27: СтопЦена | Z27: =IF(EXACT(O27,Y27),Q27,0) -> 0 | AA27: =IF(Z27=0,Q27,0) -> 0 | AB27: =IF(U27=0,"",L27/U27-1) | AC27: =IF(W27=0,"",L27/W27-1) -> #REF!
L28: =M28-M28*30% -> 0 | Q28: =P28*M28 -> 0 | U28: =IF(EXACT(O28,Y28),M28,M28*(1-'Расчет ПРЕДЗАКАЗ'!$D$10)) -> 0 | V28: =P28*U28 -> 0 | W28: =IF(EXACT(O28,Y28),M28,M28*(1-#REF!)) -> #REF! | X28: =P28*W28 -> #REF! | Y28: СтопЦена | Z28: =IF(EXACT(O28,Y28),Q28,0) -> 0 | AA28: =IF(Z28=0,Q28,0) -> 0 | AB28: =IF(U28=0,"",L28/U28-1) | AC28: =IF(W28=0,"",L28/W28-1) -> #REF!
L29: =M29-M29*30% -> 0 | Q29: =P29*M29 -> 0 | U29: =IF(EXACT(O29,Y29),M29,M29*(1-'Расчет ПРЕДЗАКАЗ'!$D$10)) -> 0 | V29: =P29*U29 -> 0 | W29: =IF(EXACT(O29,Y29),M29,M29*(1-#REF!)) -> #REF! | X29: =P29*W29 -> #REF! | Y29: СтопЦена | Z29: =IF(EXACT(O29,Y29),Q29,0) -> 0 | AA29: =IF(Z29=0,Q29,0) -> 0 | AB29: =IF(U29=0,"",L29/U29-1) | AC29: =IF(W29=0,"",L29/W29-1) -> #REF!
L30: =M30-M30*30% -> 0 | Q30: =P30*M30 -> 0 | U30: =IF(EXACT(O30,Y30),M30,M30*(1-'Расчет ПРЕДЗАКАЗ'!$D$10)) -> 0 | V30: =P30*U30 -> 0 | W30: =IF(EXACT(O30,Y30),M30,M30*(1-#REF!)) -> #REF! | X30: =P30*W30 -> #REF! | Y30: СтопЦена | Z30: =IF(EXACT(O30,Y30),Q30,0) -> 0 | AA30: =IF(Z30=0,Q30,0) -> 0 | AB30: =IF(U30=0,"",L30/U30-1) | AC30: =IF(W30=0,"",L30/W30-1) -> #REF!
L31: =M31-M31*30% -> 0 | Q31: =P31*M31 -> 0 | U31: =IF(EXACT(O31,Y31),M31,M31*(1-'Расчет ПРЕДЗАКАЗ'!$D$10)) -> 0 | V31: =P31*U31 -> 0 | W31: =IF(EXACT(O31,Y31),M31,M31*(1-#REF!)) -> #REF! | X31: =P31*W31 -> #REF! | Y31: СтопЦена | Z31: =IF(EXACT(O31,Y31),Q31,0) -> 0 | AA31: =IF(Z31=0,Q31,0) -> 0 | AB31: =IF(U31=0,"",L31/U31-1) | AC31: =IF(W31=0,"",L31/W31-1) -> #REF!
L32: =M32-M32*30% -> 0 | Q32: =P32*M32 -> 0 | U32: =IF(EXACT(O32,Y32),M32,M32*(1-'Расчет ПРЕДЗАКАЗ'!$D$10)) -> 0 | V32: =P32*U32 -> 0 | W32: =IF(EXACT(O32,Y32),M32,M32*(1-#REF!)) -> #REF! | X32: =P32*W32 -> #REF! | Y32: СтопЦена | Z32: =IF(EXACT(O32,Y32),Q32,0) -> 0 | AA32: =IF(Z32=0,Q32,0) -> 0 | AB32: =IF(U32=0,"",L32/U32-1) | AC32: =IF(W32=0,"",L32/W32-1) -> #REF!
L33: =M33-M33*30% -> 0 | Q33: =P33*M33 -> 0 | U33: =IF(EXACT(O33,Y33),M33,M33*(1-'Расчет ПРЕДЗАКАЗ'!$D$10)) -> 0 | V33: =P33*U33 -> 0 | W33: =IF(EXACT(O33,Y33),M33,M33*(1-#REF!)) -> #REF! | X33: =P33*W33 -> #REF! | Y33: СтопЦена | Z33: =IF(EXACT(O33,Y33),Q33,0) -> 0 | AA33: =IF(Z33=0,Q33,0) -> 0 | AB33: =IF(U33=0,"",L33/U33-1) | AC33: =IF(W33=0,"",L33/W33-1) -> #REF!
L34: =M34-M34*30% -> 0 | Q34: =P34*M34 -> 0 | U34: =IF(EXACT(O34,Y34),M34,M34*(1-'Расчет ПРЕДЗАКАЗ'!$D$10)) -> 0 | V34: =P34*U34 -> 0 | W34: =IF(EXACT(O34,Y34),M34,M34*(1-#REF!)) -> #REF! | X34: =P34*W34 -> #REF! | Y34: СтопЦена | Z34: =IF(EXACT(O34,Y34),Q34,0) -> 0 | AA34: =IF(Z34=0,Q34,0) -> 0 | AB34: =IF(U34=0,"",L34/U34-1) | AC34: =IF(W34=0,"",L34/W34-1) -> #REF!
L35: =M35-M35*30% -> 0 | Q35: =P35*M35 -> 0 | U35: =IF(EXACT(O35,Y35),M35,M35*(1-'Расчет ПРЕДЗАКАЗ'!$D$10)) -> 0 | V35: =P35*U35 -> 0 | W35: =IF(EXACT(O35,Y35),M35,M35*(1-#REF!)) -> #REF! | X35: =P35*W35 -> #REF! | Y35: СтопЦена | Z35: =IF(EXACT(O35,Y35),Q35,0) -> 0 | AA35: =IF(Z35=0,Q35,0) -> 0 | AB35: =IF(U35=0,"",L35/U35-1) | AC35: =IF(W35=0,"",L35/W35-1) -> #REF!
L36: =M36-M36*30% -> 0 | Q36: =P36*M36 -> 0 | U36: =IF(EXACT(O36,Y36),M36,M36*(1-'Расчет ПРЕДЗАКАЗ'!$D$10)) -> 0 | V36: =P36*U36 -> 0 | W36: =IF(EXACT(O36,Y36),M36,M36*(1-#REF!)) -> #REF! | X36: =P36*W36 -> #REF! | Y36: СтопЦена | Z36: =IF(EXACT(O36,Y36),Q36,0) -> 0 | AA36: =IF(Z36=0,Q36,0) -> 0 | AB36: =IF(U36=0,"",L36/U36-1) | AC36: =IF(W36=0,"",L36/W36-1) -> #REF!
L37: =M37-M37*30% -> 0 | Q37: =P37*M37 -> 0 | U37: =IF(EXACT(O37,Y37),M37,M37*(1-'Расчет ПРЕДЗАКАЗ'!$D$10)) -> 0 | V37: =P37*U37 -> 0 | W37: =IF(EXACT(O37,Y37),M37,M37*(1-#REF!)) -> #REF! | X37: =P37*W37 -> #REF! | Y37: СтопЦена | Z37: =IF(EXACT(O37,Y37),Q37,0) -> 0 | AA37: =IF(Z37=0,Q37,0) -> 0 | AB37: =IF(U37=0,"",L37/U37-1) | AC37: =IF(W37=0,"",L37/W37-1) -> #REF!
L38: =M38-M38*30% -> 0 | Q38: =P38*M38 -> 0 | U38: =IF(EXACT(O38,Y38),M38,M38*(1-'Расчет ПРЕДЗАКАЗ'!$D$10)) -> 0 | V38: =P38*U38 -> 0 | W38: =IF(EXACT(O38,Y38),M38,M38*(1-#REF!)) -> #REF! | X38: =P38*W38 -> #REF! | Y38: СтопЦена | Z38: =IF(EXACT(O38,Y38),Q38,0) -> 0 | AA38: =IF(Z38=0,Q38,0) -> 0 | AB38: =IF(U38=0,"",L38/U38-1) | AC38: =IF(W38=0,"",L38/W38-1) -> #REF!
A40: 384 | B40: 110-1101179123-050 | C40: Пойнтер термобелье PRIDE, камыш | D40: Фото отсутствует | F40: Ткань верха: полиэстер 100% | G40: камыш | H40: Технология Polygiene помогает дольше сохранять ощущение свежести Анатомический крой обеспечивает удобную посадку и свободу движений Плоские швы снижают риск натирания при длительной носке Материал отводит влагу от тела и поддерживает комфортный микроклимат Быстросохнущая ткань удобна в активном режиме и поездках | I40: Термобельё 1-го слоя «Пойнтер» ТМ PRIDE — выбор для активности на улице, поездок и повседневной носки осенью. Технология Polygiene помогает дольше сохранять ощущение свежести при активной носке. Плоские швы снижают риск натирания, а анатомичный крой делает посадку удобнее при движении. Лёгкий полиэстеровый трикотаж эффективно отводит влагу, быстро сохнет и комфортно ощущается при длительной активности. Сезон: осень | J40: WEB-Сайт | K40: р-р 44-46 рост 170-176 | L40: 5120 | M40: 3200 | N40: 4660335532063 | Q40: =P40*M40 -> 0 | S40: 13 | U40: =IF(EXACT(O40,Y40),M40,M40*(1-'Расчет ПРЕДЗАКАЗ'!$D$10)) -> 3136 | V40: =P40*U40 -> 0 | W40: =IF(EXACT(O40,Y40),M40,M40*(1-#REF!)) -> #REF! | X40: =P40*W40 -> #REF! | Y40: СтопЦена | Z40: =IF(EXACT(O40,Y40),Q40,0) -> 0 | AA40: =IF(Z40=0,Q40,0) -> 0 | AB40: =IF(U40=0,"",L40/U40-1) -> 0.63265306 | AC40: =IF(W40=0,"",L40/W40-1) -> #REF!
K41: р-р 48-50 рост 170-176 | L41: 5120 | M41: 3200 | N41: 4660335532070 | Q41: =P41*M41 -> 0 | S41: 12 | U41: =IF(EXACT(O41,Y41),M41,M41*(1-'Расчет ПРЕДЗАКАЗ'!$D$10)) -> 3136 | V41: =P41*U41 -> 0 | W41: =IF(EXACT(O41,Y41),M41,M41*(1-#REF!)) -> #REF! | X41: =P41*W41 -> #REF! | Y41: СтопЦена | Z41: =IF(EXACT(O41,Y41),Q41,0) -> 0 | AA41: =IF(Z41=0,Q41,0) -> 0 | AB41: =IF(U41=0,"",L41/U41-1) -> 0.63265306 | AC41: =IF(W41=0,"",L41/W41-1) -> #REF!
K42: р-р 60-62 рост 170-176 | L42: 5120 | M42: 3200 | N42: 4660335532131 | Q42: =P42*M42 -> 0 | S42: 1 | U42: =IF(EXACT(O42,Y42),M42,M42*(1-'Расчет ПРЕДЗАКАЗ'!$D$10)) -> 3136 | V42: =P42*U42 -> 0 | W42: =IF(EXACT(O42,Y42),M42,M42*(1-#REF!)) -> #REF! | X42: =P42*W42 -> #REF! | Y42: СтопЦена | Z42: =IF(EXACT(O42,Y42),Q42,0) -> 0 | AA42: =IF(Z42=0,Q42,0) -> 0 | AB42: =IF(U42=0,"",L42/U42-1) -> 0.63265306 | AC42: =IF(W42=0,"",L42/W42-1) -> #REF!
Q43: =P43*M43 -> 0 | U43: =IF(EXACT(O43,Y43),M43,M43*(1-'Расчет ПРЕДЗАКАЗ'!$D$10)) -> 0 | V43: =P43*U43 -> 0 | W43: =IF(EXACT(O43,Y43),M43,M43*(1-#REF!)) -> #REF! | X43: =P43*W43 -> #REF! | Y43: СтопЦена | Z43: =IF(EXACT(O43,Y43),Q43,0) -> 0 | AA43: =IF(Z43=0,Q43,0) -> 0 | AB43: =IF(U43=0,"",L43/U43-1) | AC43: =IF(W43=0,"",L43/W43-1) -> #REF!
Q44: =P44*M44 -> 0 | U44: =IF(EXACT(O44,Y44),M44,M44*(1-'Расчет ПРЕДЗАКАЗ'!$D$10)) -> 0 | V44: =P44*U44 -> 0 | W44: =IF(EXACT(O44,Y44),M44,M44*(1-#REF!)) -> #REF! | X44: =P44*W44 -> #REF! | Y44: СтопЦена | Z44: =IF(EXACT(O44,Y44),Q44,0) -> 0 | AA44: =IF(Z44=0,Q44,0) -> 0 | AB44: =IF(U44=0,"",L44/U44-1) | AC44: =IF(W44=0,"",L44/W44-1) -> #REF!
Q45: =P45*M45 -> 0 | U45: =IF(EXACT(O45,Y45),M45,M45*(1-'Расчет ПРЕДЗАКАЗ'!$D$10)) -> 0 | V45: =P45*U45 -> 0 | W45: =IF(EXACT(O45,Y45),M45,M45*(1-#REF!)) -> #REF! | X45: =P45*W45 -> #REF! | Y45: СтопЦена | Z45: =IF(EXACT(O45,Y45),Q45,0) -> 0 | AA45: =IF(Z45=0,Q45,0) -> 0 | AB45: =IF(U45=0,"",L45/U45-1) | AC45: =IF(W45=0,"",L45/W45-1) -> #REF!
Q46: =P46*M46 -> 0 | U46: =IF(EXACT(O46,Y46),M46,M46*(1-'Расчет ПРЕДЗАКАЗ'!$D$10)) -> 0 | V46: =P46*U46 -> 0 | W46: =IF(EXACT(O46,Y46),M46,M46*(1-#REF!)) -> #REF! | X46: =P46*W46 -> #REF! | Y46: СтопЦена | Z46: =IF(EXACT(O46,Y46),Q46,0) -> 0 | AA46: =IF(Z46=0,Q46,0) -> 0 | AB46: =IF(U46=0,"",L46/U46-1) | AC46: =IF(W46=0,"",L46/W46-1) -> #REF!
Q47: =P47*M47 -> 0 | U47: =IF(EXACT(O47,Y47),M47,M47*(1-'Расчет ПРЕДЗАКАЗ'!$D$10)) -> 0 | V47: =P47*U47 -> 0 | W47: =IF(EXACT(O47,Y47),M47,M47*(1-#REF!)) -> #REF! | X47: =P47*W47 -> #REF! | Y47: СтопЦена | Z47: =IF(EXACT(O47,Y47),Q47,0) -> 0 | AA47: =IF(Z47=0,Q47,0) -> 0 | AB47: =IF(U47=0,"",L47/U47-1) | AC47: =IF(W47=0,"",L47/W47-1) -> #REF!
Q48: =P48*M48 -> 0 | U48: =IF(EXACT(O48,Y48),M48,M48*(1-'Расчет ПРЕДЗАКАЗ'!$D$10)) -> 0 | V48: =P48*U48 -> 0 | W48: =IF(EXACT(O48,Y48),M48,M48*(1-#REF!)) -> #REF! | X48: =P48*W48 -> #REF! | Y48: СтопЦена | Z48: =IF(EXACT(O48,Y48),Q48,0) -> 0 | AA48: =IF(Z48=0,Q48,0) -> 0 | AB48: =IF(U48=0,"",L48/U48-1) | AC48: =IF(W48=0,"",L48/W48-1) -> #REF!
Q49: =P49*M49 -> 0 | U49: =IF(EXACT(O49,Y49),M49,M49*(1-'Расчет ПРЕДЗАКАЗ'!$D$10)) -> 0 | V49: =P49*U49 -> 0 | W49: =IF(EXACT(O49,Y49),M49,M49*(1-#REF!)) -> #REF! | X49: =P49*W49 -> #REF! | Y49: СтопЦена | Z49: =IF(EXACT(O49,Y49),Q49,0) -> 0 | AA49: =IF(Z49=0,Q49,0) -> 0 | AB49: =IF(U49=0,"",L49/U49-1) | AC49: =IF(W49=0,"",L49/W49-1) -> #REF!
Q50: =P50*M50 -> 0 | U50: =IF(EXACT(O50,Y50),M50,M50*(1-'Расчет ПРЕДЗАКАЗ'!$D$10)) -> 0 | V50: =P50*U50 -> 0 | W50: =IF(EXACT(O50,Y50),M50,M50*(1-#REF!)) -> #REF! | X50: =P50*W50 -> #REF! | Y50: СтопЦена | Z50: =IF(EXACT(O50,Y50),Q50,0) -> 0 | AA50: =IF(Z50=0,Q50,0) -> 0 | AB50: =IF(U50=0,"",L50/U50-1) | AC50: =IF(W50=0,"",L50/W50-1) -> #REF!
Q51: =P51*M51 -> 0 | U51: =IF(EXACT(O51,Y51),M51,M51*(1-'Расчет ПРЕДЗАКАЗ'!$D$10)) -> 0 | V51: =P51*U51 -> 0 | W51: =IF(EXACT(O51,Y51),M51,M51*(1-#REF!)) -> #REF! | X51: =P51*W51 -> #REF! | Y51: СтопЦена | Z51: =IF(EXACT(O51,Y51),Q51,0) -> 0 | AA51: =IF(Z51=0,Q51,0) -> 0 | AB51: =IF(U51=0,"",L51/U51-1) | AC51: =IF(W51=0,"",L51/W51-1) -> #REF!
Q52: =P52*M52 -> 0 | U52: =IF(EXACT(O52,Y52),M52,M52*(1-'Расчет ПРЕДЗАКАЗ'!$D$10)) -> 0 | V52: =P52*U52 -> 0 | W52: =IF(EXACT(O52,Y52),M52,M52*(1-#REF!)) -> #REF! | X52: =P52*W52 -> #REF! | Y52: СтопЦена | Z52: =IF(EXACT(O52,Y52),Q52,0) -> 0 | AA52: =IF(Z52=0,Q52,0) -> 0 | AB52: =IF(U52=0,"",L52/U52-1) | AC52: =IF(W52=0,"",L52/W52-1) -> #REF!
Q53: =P53*M53 -> 0 | U53: =IF(EXACT(O53,Y53),M53,M53*(1-'Расчет ПРЕДЗАКАЗ'!$D$10)) -> 0 | V53: =P53*U53 -> 0 | W53: =IF(EXACT(O53,Y53),M53,M53*(1-#REF!)) -> #REF! | X53: =P53*W53 -> #REF! | Y53: СтопЦена | Z53: =IF(EXACT(O53,Y53),Q53,0) -> 0 | AA53: =IF(Z53=0,Q53,0) -> 0 | AB53: =IF(U53=0,"",L53/U53-1) | AC53: =IF(W53=0,"",L53/W53-1) -> #REF!
Q54: =P54*M54 -> 0 | U54: =IF(EXACT(O54,Y54),M54,M54*(1-'Расчет ПРЕДЗАКАЗ'!$D$10)) -> 0 | V54: =P54*U54 -> 0 | W54: =IF(EXACT(O54,Y54),M54,M54*(1-#REF!)) -> #REF! | X54: =P54*W54 -> #REF! | Y54: СтопЦена | Z54: =IF(EXACT(O54,Y54),Q54,0) -> 0 | AA54: =IF(Z54=0,Q54,0) -> 0 | AB54: =IF(U54=0,"",L54/U54-1) | AC54: =IF(W54=0,"",L54/W54-1) -> #REF!
A56: 385 | B56: 110-1101179123-054 | C56: Пойнтер термобелье PRIDE, коричневый | D56: Фото отсутствует | F56: Ткань верха: полиэстер 100% | G56: коричневый | H56: Технология Polygiene помогает дольше сохранять ощущение свежести Анатомический крой обеспечивает удобную посадку и свободу движений Плоские швы снижают риск натирания при длительной носке Материал отводит влагу от тела и поддерживает комфортный микроклимат Быстросохнущая ткань удобна в активном режиме и поездках | I56: Термобельё 1-го слоя «Пойнтер» ТМ PRIDE — выбор для активности на улице, поездок и повседневной носки осенью. Технология Polygiene помогает дольше сохранять ощущение свежести при активной носке. Плоские швы снижают риск натирания, а анатомичный крой делает посадку удобнее при движении. Лёгкий полиэстеровый трикотаж эффективно отводит влагу, быстро сохнет и комфортно ощущается при длительной активности. Сезон: осень | J56: WEB-Сайт | K56: р-р 44-46 рост 170-176 | L56: 3250 | M56: 2030 | N56: 4660335532155 | O56: СтопЦена | Q56: =P56*M56 -> 0 | S56: 203 | U56: =IF(EXACT(O56,Y56),M56,M56*(1-'Расчет ПРЕДЗАКАЗ'!$D$10)) -> 2030 | V56: =P56*U56 -> 0 | W56: =IF(EXACT(O56,Y56),M56,M56*(1-#REF!)) -> 2030 | X56: =P56*W56 -> 0 | Y56: СтопЦена | Z56: =IF(EXACT(O56,Y56),Q56,0) -> 0 | AA56: =IF(Z56=0,Q56,0) -> 0 | AB56: =IF(U56=0,"",L56/U56-1) -> 0.60098522 | AC56: =IF(W56=0,"",L56/W56-1) -> 0.60098522
K57: р-р 48-50 рост 170-176 | L57: 3250 | M57: 2030 | N57: 4660335532162 | O57: СтопЦена | Q57: =P57*M57 -> 0 | S57: 292 | U57: =IF(EXACT(O57,Y57),M57,M57*(1-'Расчет ПРЕДЗАКАЗ'!$D$10)) -> 2030 | V57: =P57*U57 -> 0 | W57: =IF(EXACT(O57,Y57),M57,M57*(1-#REF!)) -> 2030 | X57: =P57*W57 -> 0 | Y57: СтопЦена | Z57: =IF(EXACT(O57,Y57),Q57,0) -> 0 | AA57: =IF(Z57=0,Q57,0) -> 0 | AB57: =IF(U57=0,"",L57/U57-1) -> 0.60098522 | AC57: =IF(W57=0,"",L57/W57-1) -> 0.60098522
K58: р-р 48-50 рост 182-188 | L58: 3250 | M58: 2030 | N58: 4660335532179 | O58: СтопЦена | Q58: =P58*M58 -> 0 | S58: 91 | U58: =IF(EXACT(O58,Y58),M58,M58*(1-'Расчет ПРЕДЗАКАЗ'!$D$10)) -> 2030 | V58: =P58*U58 -> 0 | W58: =IF(EXACT(O58,Y58),M58,M58*(1-#REF!)) -> 2030 | X58: =P58*W58 -> 0 | Y58: СтопЦена | Z58: =IF(EXACT(O58,Y58),Q58,0) -> 0 | AA58: =IF(Z58=0,Q58,0) -> 0 | AB58: =IF(U58=0,"",L58/U58-1) -> 0.60098522 | AC58: =IF(W58=0,"",L58/W58-1) -> 0.60098522
K59: р-р 52-54 рост 170-176 | L59: 3250 | M59: 2030 | N59: 4660335532186 | O59: СтопЦена | Q59: =P59*M59 -> 0 | S59: 343 | U59: =IF(EXACT(O59,Y59),M59,M59*(1-'Расчет ПРЕДЗАКАЗ'!$D$10)) -> 2030 | V59: =P59*U59 -> 0 | W59: =IF(EXACT(O59,Y59),M59,M59*(1-#REF!)) -> 2030 | X59: =P59*W59 -> 0 | Y59: СтопЦена | Z59: =IF(EXACT(O59,Y59),Q59,0) -> 0 | AA59: =IF(Z59=0,Q59,0) -> 0 | AB59: =IF(U59=0,"",L59/U59-1) -> 0.60098522 | AC59: =IF(W59=0,"",L59/W59-1) -> 0.60098522
K60: р-р 52-54 рост 182-188 | L60: 3250 | M60: 2030 | N60: 4660335532193 | O60: СтопЦена | Q60: =P60*M60 -> 0 | S60: 5 | U60: =IF(EXACT(O60,Y60),M60,M60*(1-'Расчет ПРЕДЗАКАЗ'!$D$10)) -> 2030 | V60: =P60*U60 -> 0 | W60: =IF(EXACT(O60,Y60),M60,M60*(1-#REF!)) -> 2030 | X60: =P60*W60 -> 0 | Y60: СтопЦена | Z60: =IF(EXACT(O60,Y60),Q60,0) -> 0 | AA60: =IF(Z60=0,Q60,0) -> 0 | AB60: =IF(U60=0,"",L60/U60-1) -> 0.60098522 | AC60: =IF(W60=0,"",L60/W60-1) -> 0.60098522
K61: р-р 56-58 рост 170-176 | L61: 3250 | M61: 2030 | N61: 4660335532209 | O61: СтопЦена | Q61: =P61*M61 -> 0 | S61: 161 | U61: =IF(EXACT(O61,Y61),M61,M61*(1-'Расчет ПРЕДЗАКАЗ'!$D$10)) -> 2030 | V61: =P61*U61 -> 0 | W61: =IF(EXACT(O61,Y61),M61,M61*(1-#REF!)) -> 2030 | X61: =P61*W61 -> 0 | Y61: СтопЦена | Z61: =IF(EXACT(O61,Y61),Q61,0) -> 0 | AA61: =IF(Z61=0,Q61,0) -> 0 | AB61: =IF(U61=0,"",L61/U61-1) -> 0.60098522 | AC61: =IF(W61=0,"",L61/W61-1) -> 0.60098522
K62: р-р 60-62 рост 170-176 | L62: 3250 | M62: 2030 | N62: 4660335532223 | O62: СтопЦена | Q62: =P62*M62 -> 0 | S62: 55 | U62: =IF(EXACT(O62,Y62),M62,M62*(1-'Расчет ПРЕДЗАКАЗ'!$D$10)) -> 2030 | V62: =P62*U62 -> 0 | W62: =IF(EXACT(O62,Y62),M62,M62*(1-#REF!)) -> 2030 | X62: =P62*W62 -> 0 | Y62: СтопЦена | Z62: =IF(EXACT(O62,Y62),Q62,0) -> 0 | AA62: =IF(Z62=0,Q62,0) -> 0 | AB62: =IF(U62=0,"",L62/U62-1) -> 0.60098522 | AC62: =IF(W62=0,"",L62/W62-1) -> 0.60098522
K63: р-р 60-62 рост 182-188 | L63: 3250 | M63: 2030 | N63: 4660335532230 | O63: СтопЦена | Q63: =P63*M63 -> 0 | S63: 18 | U63: =IF(EXACT(O63,Y63),M63,M63*(1-'Расчет ПРЕДЗАКАЗ'!$D$10)) -> 2030 | V63: =P63*U63 -> 0 | W63: =IF(EXACT(O63,Y63),M63,M63*(1-#REF!)) -> 2030 | X63: =P63*W63 -> 0 | Y63: СтопЦена | Z63: =IF(EXACT(O63,Y63),Q63,0) -> 0 | AA63: =IF(Z63=0,Q63,0) -> 0 | AB63: =IF(U63=0,"",L63/U63-1) -> 0.60098522 | AC63: =IF(W63=0,"",L63/W63-1) -> 0.60098522
Q64: =P64*M64 -> 0 | U64: =IF(EXACT(O64,Y64),M64,M64*(1-'Расчет ПРЕДЗАКАЗ'!$D$10)) -> 0 | V64: =P64*U64 -> 0 | W64: =IF(EXACT(O64,Y64),M64,M64*(1-#REF!)) -> #REF! | X64: =P64*W64 -> #REF! | Y64: СтопЦена | Z64: =IF(EXACT(O64,Y64),Q64,0) -> 0 | AA64: =IF(Z64=0,Q64,0) -> 0 | AB64: =IF(U64=0,"",L64/U64-1) | AC64: =IF(W64=0,"",L64/W64-1) -> #REF!
Q65: =P65*M65 -> 0 | U65: =IF(EXACT(O65,Y65),M65,M65*(1-'Расчет ПРЕДЗАКАЗ'!$D$10)) -> 0 | V65: =P65*U65 -> 0 | W65: =IF(EXACT(O65,Y65),M65,M65*(1-#REF!)) -> #REF! | X65: =P65*W65 -> #REF! | Y65: СтопЦена | Z65: =IF(EXACT(O65,Y65),Q65,0) -> 0 | AA65: =IF(Z65=0,Q65,0) -> 0 | AB65: =IF(U65=0,"",L65/U65-1) | AC65: =IF(W65=0,"",L65/W65-1) -> #REF!
Q66: =P66*M66 -> 0 | U66: =IF(EXACT(O66,Y66),M66,M66*(1-'Расчет ПРЕДЗАКАЗ'!$D$10)) -> 0 | V66: =P66*U66 -> 0 | W66: =IF(EXACT(O66,Y66),M66,M66*(1-#REF!)) -> #REF! | X66: =P66*W66 -> #REF! | Y66: СтопЦена | Z66: =IF(EXACT(O66,Y66),Q66,0) -> 0 | AA66: =IF(Z66=0,Q66,0) -> 0 | AB66: =IF(U66=0,"",L66/U66-1) | AC66: =IF(W66=0,"",L66/W66-1) -> #REF!
Q67: =P67*M67 -> 0 | U67: =IF(EXACT(O67,Y67),M67,M67*(1-'Расчет ПРЕДЗАКАЗ'!$D$10)) -> 0 | V67: =P67*U67 -> 0 | W67: =IF(EXACT(O67,Y67),M67,M67*(1-#REF!)) -> #REF! | X67: =P67*W67 -> #REF! | Y67: СтопЦена | Z67: =IF(EXACT(O67,Y67),Q67,0) -> 0 | AA67: =IF(Z67=0,Q67,0) -> 0 | AB67: =IF(U67=0,"",L67/U67-1) | AC67: =IF(W67=0,"",L67/W67-1) -> #REF!
Q68: =P68*M68 -> 0 | U68: =IF(EXACT(O68,Y68),M68,M68*(1-'Расчет ПРЕДЗАКАЗ'!$D$10)) -> 0 | V68: =P68*U68 -> 0 | W68: =IF(EXACT(O68,Y68),M68,M68*(1-#REF!)) -> #REF! | X68: =P68*W68 -> #REF! | Y68: СтопЦена | Z68: =IF(EXACT(O68,Y68),Q68,0) -> 0 | AA68: =IF(Z68=0,Q68,0) -> 0 | AB68: =IF(U68=0,"",L68/U68-1) | AC68: =IF(W68=0,"",L68/W68-1) -> #REF!
Q69: =P69*M69 -> 0 | U69: =IF(EXACT(O69,Y69),M69,M69*(1-'Расчет ПРЕДЗАКАЗ'!$D$10)) -> 0 | V69: =P69*U69 -> 0 | W69: =IF(EXACT(O69,Y69),M69,M69*(1-#REF!)) -> #REF! | X69: =P69*W69 -> #REF! | Y69: СтопЦена | Z69: =IF(EXACT(O69,Y69),Q69,0) -> 0 | AA69: =IF(Z69=0,Q69,0) -> 0 | AB69: =IF(U69=0,"",L69/U69-1) | AC69: =IF(W69=0,"",L69/W69-1) -> #REF!
Q70: =P70*M70 -> 0 | U70: =IF(EXACT(O70,Y70),M70,M70*(1-'Расчет ПРЕДЗАКАЗ'!$D$10)) -> 0 | V70: =P70*U70 -> 0 | W70: =IF(EXACT(O70,Y70),M70,M70*(1-#REF!)) -> #REF! | X70: =P70*W70 -> #REF! | Y70: СтопЦена | Z70: =IF(EXACT(O70,Y70),Q70,0) -> 0 | AA70: =IF(Z70=0,Q70,0) -> 0 | AB70: =IF(U70=0,"",L70/U70-1) | AC70: =IF(W70=0,"",L70/W70-1) -> #REF!
A72: 386 | B72: 110-0101100123-054 | C72: Термобелье Ирида женское PRIDE, коричневый | D72: Фото отсутствует | F72: Ткань верха: флис-сэндвич: полиэстер 100% Ткань вставок: флис 85% полиэстер,15% спандекс | G72: коричневый | H72: Технология Polygiene помогает дольше сохранять ощущение свежести Анатомический крой обеспечивает удобную посадку и свободу движений Плоские швы снижают риск натирания при длительной носке Материал отводит влагу от тела и поддерживает комфортный микроклимат Быстросохнущая ткань удобна в активном режиме и поездках Флис приятен к телу, помогает удерживать тепло и быстро сохнет | I72: Термобельё 1-го слоя «Ирида» ТМ PRIDE — выбор для активности на улице, поездок и повседневной носки осенью. Технология Polygiene помогает дольше сохранять ощущение свежести при активной носке. Плоские швы снижают риск натирания, а анатомичный крой делает посадку удобнее при движении. Флисовый материал приятен к телу, помогает сохранять тепло, быстро сохнет и удобен в качестве самостоятельного или дополнительного слоя. Сезон: осень | J72: WEB-Сайт | K72: р-р 40-42 рост 170-176 | L72: 4880 | M72: 3050 | N72: 4660335544042 | Q72: =P72*M72 -> 0 | S72: 23 | U72: =IF(EXACT(O72,Y72),M72,M72*(1-'Расчет ПРЕДЗАКАЗ'!$D$10)) -> 2989 | V72: =P72*U72 -> 0 | W72: =IF(EXACT(O72,Y72),M72,M72*(1-#REF!)) -> #REF! | X72: =P72*W72 -> #REF! | Y72: СтопЦена | Z72: =IF(EXACT(O72,Y72),Q72,0) -> 0 | AA72: =IF(Z72=0,Q72,0) -> 0 | AB72: =IF(U72=0,"",L72/U72-1) -> 0.63265306 | AC72: =IF(W72=0,"",L72/W72-1) -> #REF!
Q73: =P73*M73 -> 0 | U73: =IF(EXACT(O73,Y73),M73,M73*(1-'Расчет ПРЕДЗАКАЗ'!$D$10)) -> 0 | V73: =P73*U73 -> 0 | W73: =IF(EXACT(O73,Y73),M73,M73*(1-#REF!)) -> #REF! | X73: =P73*W73 -> #REF! | Y73: СтопЦена | Z73: =IF(EXACT(O73,Y73),Q73,0) -> 0 | AA73: =IF(Z73=0,Q73,0) -> 0 | AB73: =IF(U73=0,"",L73/U73-1) | AC73: =IF(W73=0,"",L73/W73-1) -> #REF!
Q74: =P74*M74 -> 0 | U74: =IF(EXACT(O74,Y74),M74,M74*(1-'Расчет ПРЕДЗАКАЗ'!$D$10)) -> 0 | V74: =P74*U74 -> 0 | W74: =IF(EXACT(O74,Y74),M74,M74*(1-#REF!)) -> #REF! | X74: =P74*W74 -> #REF! | Y74: СтопЦена | Z74: =IF(EXACT(O74,Y74),Q74,0) -> 0 | AA74: =IF(Z74=0,Q74,0) -> 0 | AB74: =IF(U74=0,"",L74/U74-1) | AC74: =IF(W74=0,"",L74/W74-1) -> #REF!
Q75: =P75*M75 -> 0 | U75: =IF(EXACT(O75,Y75),M75,M75*(1-'Расчет ПРЕДЗАКАЗ'!$D$10)) -> 0 | V75: =P75*U75 -> 0 | W75: =IF(EXACT(O75,Y75),M75,M75*(1-#REF!)) -> #REF! | X75: =P75*W75 -> #REF! | Y75: СтопЦена | Z75: =IF(EXACT(O75,Y75),Q75,0) -> 0 | AA75: =IF(Z75=0,Q75,0) -> 0 | AB75: =IF(U75=0,"",L75/U75-1) | AC75: =IF(W75=0,"",L75/W75-1) -> #REF!
Q76: =P76*M76 -> 0 | U76: =IF(EXACT(O76,Y76),M76,M76*(1-'Расчет ПРЕДЗАКАЗ'!$D$10)) -> 0 | V76: =P76*U76 -> 0 | W76: =IF(EXACT(O76,Y76),M76,M76*(1-#REF!)) -> #REF! | X76: =P76*W76 -> #REF! | Y76: СтопЦена | Z76: =IF(EXACT(O76,Y76),Q76,0) -> 0 | AA76: =IF(Z76=0,Q76,0) -> 0 | AB76: =IF(U76=0,"",L76/U76-1) | AC76: =IF(W76=0,"",L76/W76-1) -> #REF!
Q77: =P77*M77 -> 0 | U77: =IF(EXACT(O77,Y77),M77,M77*(1-'Расчет ПРЕДЗАКАЗ'!$D$10)) -> 0 | V77: =P77*U77 -> 0 | W77: =IF(EXACT(O77,Y77),M77,M77*(1-#REF!)) -> #REF! | X77: =P77*W77 -> #REF! | Y77: СтопЦена | Z77: =IF(EXACT(O77,Y77),Q77,0) -> 0 | AA77: =IF(Z77=0,Q77,0) -> 0 | AB77: =IF(U77=0,"",L77/U77-1) | AC77: =IF(W77=0,"",L77/W77-1) -> #REF!
Q78: =P78*M78 -> 0 | U78: =IF(EXACT(O78,Y78),M78,M78*(1-'Расчет ПРЕДЗАКАЗ'!$D$10)) -> 0 | V78: =P78*U78 -> 0 | W78: =IF(EXACT(O78,Y78),M78,M78*(1-#REF!)) -> #REF! | X78: =P78*W78 -> #REF! | Y78: СтопЦена | Z78: =IF(EXACT(O78,Y78),Q78,0) -> 0 | AA78: =IF(Z78=0,Q78,0) -> 0 | AB78: =IF(U78=0,"",L78/U78-1) | AC78: =IF(W78=0,"",L78/W78-1) -> #REF!
Q79: =P79*M79 -> 0 | U79: =IF(EXACT(O79,Y79),M79,M79*(1-'Расчет ПРЕДЗАКАЗ'!$D$10)) -> 0 | V79: =P79*U79 -> 0 | W79: =IF(EXACT(O79,Y79),M79,M79*(1-#REF!)) -> #REF! | X79: =P79*W79 -> #REF! | Y79: СтопЦена | Z79: =IF(EXACT(O79,Y79),Q79,0) -> 0 | AA79: =IF(Z79=0,Q79,0) -> 0 | AB79: =IF(U79=0,"",L79/U79-1) | AC79: =IF(W79=0,"",L79/W79-1) -> #REF!
Q80: =P80*M80 -> 0 | U80: =IF(EXACT(O80,Y80),M80,M80*(1-'Расчет ПРЕДЗАКАЗ'!$D$10)) -> 0 | V80: =P80*U80 -> 0 | W80: =IF(EXACT(O80,Y80),M80,M80*(1-#REF!)) -> #REF! | X80: =P80*W80 -> #REF! | Y80: СтопЦена | Z80: =IF(EXACT(O80,Y80),Q80,0) -> 0 | AA80: =IF(Z80=0,Q80,0) -> 0 | AB80: =IF(U80=0,"",L80/U80-1) | AC80: =IF(W80=0,"",L80/W80-1) -> #REF!
Q81: =P81*M81 -> 0 | U81: =IF(EXACT(O81,Y81),M81,M81*(1-'Расчет ПРЕДЗАКАЗ'!$D$10)) -> 0 | V81: =P81*U81 -> 0 | W81: =IF(EXACT(O81,Y81),M81,M81*(1-#REF!)) -> #REF! | X81: =P81*W81 -> #REF! | Y81: СтопЦена | Z81: =IF(EXACT(O81,Y81),Q81,0) -> 0 | AA81: =IF(Z81=0,Q81,0) -> 0 | AB81: =IF(U81=0,"",L81/U81-1) | AC81: =IF(W81=0,"",L81/W81-1) -> #REF!
Q82: =P82*M82 -> 0 | U82: =IF(EXACT(O82,Y82),M82,M82*(1-'Расчет ПРЕДЗАКАЗ'!$D$10)) -> 0 | V82: =P82*U82 -> 0 | W82: =IF(EXACT(O82,Y82),M82,M82*(1-#REF!)) -> #REF! | X82: =P82*W82 -> #REF! | Y82: СтопЦена | Z82: =IF(EXACT(O82,Y82),Q82,0) -> 0 | AA82: =IF(Z82=0,Q82,0) -> 0 | AB82: =IF(U82=0,"",L82/U82-1) | AC82: =IF(W82=0,"",L82/W82-1) -> #REF!
Q83: =P83*M83 -> 0 | U83: =IF(EXACT(O83,Y83),M83,M83*(1-'Расчет ПРЕДЗАКАЗ'!$D$10)) -> 0 | V83: =P83*U83 -> 0 | W83: =IF(EXACT(O83,Y83),M83,M83*(1-#REF!)) -> #REF! | X83: =P83*W83 -> #REF! | Y83: СтопЦена | Z83: =IF(EXACT(O83,Y83),Q83,0) -> 0 | AA83: =IF(Z83=0,Q83,0) -> 0 | AB83: =IF(U83=0,"",L83/U83-1) | AC83: =IF(W83=0,"",L83/W83-1) -> #REF!
Q84: =P84*M84 -> 0 | U84: =IF(EXACT(O84,Y84),M84,M84*(1-'Расчет ПРЕДЗАКАЗ'!$D$10)) -> 0 | V84: =P84*U84 -> 0 | W84: =IF(EXACT(O84,Y84),M84,M84*(1-#REF!)) -> #REF! | X84: =P84*W84 -> #REF! | Y84: СтопЦена | Z84: =IF(EXACT(O84,Y84),Q84,0) -> 0 | AA84: =IF(Z84=0,Q84,0) -> 0 | AB84: =IF(U84=0,"",L84/U84-1) | AC84: =IF(W84=0,"",L84/W84-1) -> #REF!
... Q86: =P86*M86 -> 0 | U86: =IF(EXACT(O86,Y86),M86,M86*(1-'Расчет ПРЕДЗАКАЗ'!$D$10)) -> 0 | V86: =P86*U86 -> 0 | W86: =IF(EXACT(O86,Y86),M86,M86*(1-#REF!)) -> #REF! | X86: =P86*W86 -> #REF! | Y86: СтопЦена | Z86: =IF(EXACT(O86,Y86),Q86,0) -> 0 | AA86: =IF(Z86=0,Q86,0) -> 0 | AB86: =IF(U86=0,"",L86/U86-1) | AC86: =IF(W86=0,"",L86/W86-1) -> #REF!
A88: 387 | B88: 162-1201225124-140 | C88: Мерч толстовка флисовая PRIDE, т.хаки | D88: Фото отсутствует | F88: Ткань верха: флис: полиэстер 100% | G88: т.хаки | I88: Толстовки давно перестали быть исключительно спортивной одеждой. Сегодня это стильный и универсальный элемент гардероба, который одинаково хорошо подходит для активного отдыха, прогулок, учебы, работы в неформальной обстановке и даже городских повседневных образов. Толстовка сочетает в себе комфорт, практичность и современный дизайн.Толстовка изготовлена из флиса и легко вписывается как в спортивный стиль, так и в casual, позволяя чувствовать себя уверенно и свободно в любой ситуации. Толстовка оснащена удобным капюшоном, который защитит вас от ветра, и эластичными манжетами на рукавах и по низу, что обеспечивает плотную посадку и предотвращает попадание холодного воздуха. Просторные карманы добавляют практичности, позволяя хранить мелкие предметы под рукой. | J88: WEB-Сайт | K88: р-р 44-46 рост 170-176 | L88: 2850 | M88: 1776 | N88: 4660335551408 | Q88: =P88*M88 -> 0 | S88: 23 | U88: =IF(EXACT(O88,Y88),M88,M88*(1-'Расчет ПРЕДЗАКАЗ'!$D$10)) -> 1740.48 | V88: =P88*U88 -> 0 | W88: =IF(EXACT(O88,Y88),M88,M88*(1-#REF!)) -> #REF! | X88: =P88*W88 -> #REF! | Y88: СтопЦена | Z88: =IF(EXACT(O88,Y88),Q88,0) -> 0 | AA88: =IF(Z88=0,Q88,0) -> 0 | AB88: =IF(U88=0,"",L88/U88-1) -> 0.63747932 | AC88: =IF(W88=0,"",L88/W88-1) -> #REF!
K89: р-р 48-50 рост 170-176 | L89: 2850 | M89: 1776 | N89: 4660335551415 | Q89: =P89*M89 -> 0 | S89: 21 | U89: =IF(EXACT(O89,Y89),M89,M89*(1-'Расчет ПРЕДЗАКАЗ'!$D$10)) -> 1740.48 | V89: =P89*U89 -> 0 | W89: =IF(EXACT(O89,Y89),M89,M89*(1-#REF!)) -> #REF! | X89: =P89*W89 -> #REF! | Y89: СтопЦена | Z89: =IF(EXACT(O89,Y89),Q89,0) -> 0 | AA89: =IF(Z89=0,Q89,0) -> 0 | AB89: =IF(U89=0,"",L89/U89-1) -> 0.63747932 | AC89: =IF(W89=0,"",L89/W89-1) -> #REF!
K90: р-р 52-54 рост 182-188 | L90: 2850 | M90: 1776 | N90: 4660335551439 | Q90: =P90*M90 -> 0 | S90: 20 | U90: =IF(EXACT(O90,Y90),M90,M90*(1-'Расчет ПРЕДЗАКАЗ'!$D$10)) -> 1740.48 | V90: =P90*U90 -> 0 | W90: =IF(EXACT(O90,Y90),M90,M90*(1-#REF!)) -> #REF! | X90: =P90*W90 -> #REF! | Y90: СтопЦена | Z90: =IF(EXACT(O90,Y90),Q90,0) -> 0 | AA90: =IF(Z90=0,Q90,0) -> 0 | AB90: =IF(U90=0,"",L90/U90-1) -> 0.63747932 | AC90: =IF(W90=0,"",L90/W90-1) -> #REF!
K91: р-р 56-58 рост 182-188 | L91: 2850 | M91: 1776 | N91: 4660335551446 | Q91: =P91*M91 -> 0 | S91: 24 | U91: =IF(EXACT(O91,Y91),M91,M91*(1-'Расчет ПРЕДЗАКАЗ'!$D$10)) -> 1740.48 | V91: =P91*U91 -> 0 | W91: =IF(EXACT(O91,Y91),M91,M91*(1-#REF!)) -> #REF! | X91: =P91*W91 -> #REF! | Y91: СтопЦена | Z91: =IF(EXACT(O91,Y91),Q91,0) -> 0 | AA91: =IF(Z91=0,Q91,0) -> 0 | AB91: =IF(U91=0,"",L91/U91-1) -> 0.63747932 | AC91: =IF(W91=0,"",L91/W91-1) -> #REF!
K92: р-р 60-62 рост 182-188 | L92: 2850 | M92: 1776 | N92: 4660335551422 | Q92: =P92*M92 -> 0 | S92: 2 | U92: =IF(EXACT(O92,Y92),M92,M92*(1-'Расчет ПРЕДЗАКАЗ'!$D$10)) -> 1740.48 | V92: =P92*U92 -> 0 | W92: =IF(EXACT(O92,Y92),M92,M92*(1-#REF!)) -> #REF! | X92: =P92*W92 -> #REF! | Y92: СтопЦена | Z92: =IF(EXACT(O92,Y92),Q92,0) -> 0 | AA92: =IF(Z92=0,Q92,0) -> 0 | AB92: =IF(U92=0,"",L92/U92-1) -> 0.63747932 | AC92: =IF(W92=0,"",L92/W92-1) -> #REF!
Q93: =P93*M93 -> 0 | U93: =IF(EXACT(O93,Y93),M93,M93*(1-'Расчет ПРЕДЗАКАЗ'!$D$10)) -> 0 | V93: =P93*U93 -> 0 | W93: =IF(EXACT(O93,Y93),M93,M93*(1-#REF!)) -> #REF! | X93: =P93*W93 -> #REF! | Y93: СтопЦена | Z93: =IF(EXACT(O93,Y93),Q93,0) -> 0 | AA93: =IF(Z93=0,Q93,0) -> 0 | AB93: =IF(U93=0,"",L93/U93-1) | AC93: =IF(W93=0,"",L93/W93-1) -> #REF!
Q94: =P94*M94 -> 0 | U94: =IF(EXACT(O94,Y94),M94,M94*(1-'Расчет ПРЕДЗАКАЗ'!$D$10)) -> 0 | V94: =P94*U94 -> 0 | W94: =IF(EXACT(O94,Y94),M94,M94*(1-#REF!)) -> #REF! | X94: =P94*W94 -> #REF! | Y94: СтопЦена | Z94: =IF(EXACT(O94,Y94),Q94,0) -> 0 | AA94: =IF(Z94=0,Q94,0) -> 0 | AB94: =IF(U94=0,"",L94/U94-1) | AC94: =IF(W94=0,"",L94/W94-1) -> #REF!
Q95: =P95*M95 -> 0 | U95: =IF(EXACT(O95,Y95),M95,M95*(1-'Расчет ПРЕДЗАКАЗ'!$D$10)) -> 0 | V95: =P95*U95 -> 0 | W95: =IF(EXACT(O95,Y95),M95,M95*(1-#REF!)) -> #REF! | X95: =P95*W95 -> #REF! | Y95: СтопЦена | Z95: =IF(EXACT(O95,Y95),Q95,0) -> 0 | AA95: =IF(Z95=0,Q95,0) -> 0 | AB95: =IF(U95=0,"",L95/U95-1) | AC95: =IF(W95=0,"",L95/W95-1) -> #REF!
Q96: =P96*M96 -> 0 | U96: =IF(EXACT(O96,Y96),M96,M96*(1-'Расчет ПРЕДЗАКАЗ'!$D$10)) -> 0 | V96: =P96*U96 -> 0 | W96: =IF(EXACT(O96,Y96),M96,M96*(1-#REF!)) -> #REF! | X96: =P96*W96 -> #REF! | Y96: СтопЦена | Z96: =IF(EXACT(O96,Y96),Q96,0) -> 0 | AA96: =IF(Z96=0,Q96,0) -> 0 | AB96: =IF(U96=0,"",L96/U96-1) | AC96: =IF(W96=0,"",L96/W96-1) -> #REF!
Q97: =P97*M97 -> 0 | U97: =IF(EXACT(O97,Y97),M97,M97*(1-'Расчет ПРЕДЗАКАЗ'!$D$10)) -> 0 | V97: =P97*U97 -> 0 | W97: =IF(EXACT(O97,Y97),M97,M97*(1-#REF!)) -> #REF! | X97: =P97*W97 -> #REF! | Y97: СтопЦена | Z97: =IF(EXACT(O97,Y97),Q97,0) -> 0 | AA97: =IF(Z97=0,Q97,0) -> 0 | AB97: =IF(U97=0,"",L97/U97-1) | AC97: =IF(W97=0,"",L97/W97-1) -> #REF!
Q98: =P98*M98 -> 0 | U98: =IF(EXACT(O98,Y98),M98,M98*(1-'Расчет ПРЕДЗАКАЗ'!$D$10)) -> 0 | V98: =P98*U98 -> 0 | W98: =IF(EXACT(O98,Y98),M98,M98*(1-#REF!)) -> #REF! | X98: =P98*W98 -> #REF! | Y98: СтопЦена | Z98: =IF(EXACT(O98,Y98),Q98,0) -> 0 | AA98: =IF(Z98=0,Q98,0) -> 0 | AB98: =IF(U98=0,"",L98/U98-1) | AC98: =IF(W98=0,"",L98/W98-1) -> #REF!
Q99: =P99*M99 -> 0 | U99: =IF(EXACT(O99,Y99),M99,M99*(1-'Расчет ПРЕДЗАКАЗ'!$D$10)) -> 0 | V99: =P99*U99 -> 0 | W99: =IF(EXACT(O99,Y99),M99,M99*(1-#REF!)) -> #REF! | X99: =P99*W99 -> #REF! | Y99: СтопЦена | Z99: =IF(EXACT(O99,Y99),Q99,0) -> 0 | AA99: =IF(Z99=0,Q99,0) -> 0 | AB99: =IF(U99=0,"",L99/U99-1) | AC99: =IF(W99=0,"",L99/W99-1) -> #REF!
Q100: =P100*M100 -> 0 | U100: =IF(EXACT(O100,Y100),M100,M100*(1-'Расчет ПРЕДЗАКАЗ'!$D$10)) -> 0 | V100: =P100*U100 -> 0 | W100: =IF(EXACT(O100,Y100),M100,M100*(1-#REF!)) -> #REF! | X100: =P100*W100 -> #REF! | Y100: СтопЦена | Z100: =IF(EXACT(O100,Y100),Q100,0) -> 0 | AA100: =IF(Z100=0,Q100,0) -> 0 | AB100: =IF(U100=0,"",L100/U100-1) | AC100: =IF(W100=0,"",L100/W100-1) -> #REF!
Q101: =P101*M101 -> 0 | U101: =IF(EXACT(O101,Y101),M101,M101*(1-'Расчет ПРЕДЗАКАЗ'!$D$10)) -> 0 | V101: =P101*U101 -> 0 | W101: =IF(EXACT(O101,Y101),M101,M101*(1-#REF!)) -> #REF! | X101: =P101*W101 -> #REF! | Y101: СтопЦена | Z101: =IF(EXACT(O101,Y101),Q101,0) -> 0 | AA101: =IF(Z101=0,Q101,0) -> 0 | AB101: =IF(U101=0,"",L101/U101-1) | AC101: =IF(W101=0,"",L101/W101-1) -> #REF!
Q102: =P102*M102 -> 0 | U102: =IF(EXACT(O102,Y102),M102,M102*(1-'Расчет ПРЕДЗАКАЗ'!$D$10)) -> 0 | V102: =P102*U102 -> 0 | W102: =IF(EXACT(O102,Y102),M102,M102*(1-#REF!)) -> #REF! | X102: =P102*W102 -> #REF! | Y102: СтопЦена | Z102: =IF(EXACT(O102,Y102),Q102,0) -> 0 | AA102: =IF(Z102=0,Q102,0) -> 0 | AB102: =IF(U102=0,"",L102/U102-1) | AC102: =IF(W102=0,"",L102/W102-1) -> #REF!
A104: 388 | B104: 162-2301000125- | C104: Мерч толстовка флисовая PRIDE, ярк.оранжевый | D104: Фото отсутствует | F104: Ткань верха: флис: полиэстер 100% | G104: ярко оранжевый | I104: Толстовки давно перестали быть исключительно спортивной одеждой. Сегодня это стильный и универсальный элемент гардероба, который одинаково хорошо подходит для активного отдыха, прогулок, учебы, работы в неформальной обстановке и даже городских повседневных образов. Толстовка сочетает в себе комфорт, практичность и современный дизайн.Толстовка изготовлена из флиса и легко вписывается как в спортивный стиль, так и в casual, позволяя чувствовать себя уверенно и свободно в любой ситуации. Толстовка оснащена удобным капюшоном, который защитит вас от ветра, и эластичными манжетами на рукавах и по низу, что обеспечивает плотную посадку и предотвращает попадание холодного воздуха. Просторные карманы добавляют практичности, позволяя хранить мелкие предметы под рукой. | J104: WEB-Сайт | K104: р-р 44-46 рост 170-176 | L104: 2490 | M104: 1555 | N104: 4660335551453 | Q104: =P104*M104 -> 0 | S104: 24 | U104: =IF(EXACT(O104,Y104),M104,M104*(1-'Расчет ПРЕДЗАКАЗ'!$D$10)) -> 1523.9 | V104: =P104*U104 -> 0 | W104: =IF(EXACT(O104,Y104),M104,M104*(1-#REF!)) -> #REF! | X104: =P104*W104 -> #REF! | Y104: СтопЦена | Z104: =IF(EXACT(O104,Y104),Q104,0) -> 0 | AA104: =IF(Z104=0,Q104,0) -> 0 | AB104: =IF(U104=0,"",L104/U104-1) -> 0.63396548 | AC104: =IF(W104=0,"",L104/W104-1) -> #REF!
K105: р-р 48-50 рост 170-176 | L105: 2490 | M105: 1555 | N105: 4660335551460 | Q105: =P105*M105 -> 0 | S105: 22 | U105: =IF(EXACT(O105,Y105),M105,M105*(1-'Расчет ПРЕДЗАКАЗ'!$D$10)) -> 1523.9 | V105: =P105*U105 -> 0 | W105: =IF(EXACT(O105,Y105),M105,M105*(1-#REF!)) -> #REF! | X105: =P105*W105 -> #REF! | Y105: СтопЦена | Z105: =IF(EXACT(O105,Y105),Q105,0) -> 0 | AA105: =IF(Z105=0,Q105,0) -> 0 | AB105: =IF(U105=0,"",L105/U105-1) -> 0.63396548 | AC105: =IF(W105=0,"",L105/W105-1) -> #REF!
K106: р-р 52-54 рост 182-188 | L106: 2490 | M106: 1555 | N106: 4660335551484 | Q106: =P106*M106 -> 0 | S106: 23 | U106: =IF(EXACT(O106,Y106),M106,M106*(1-'Расчет ПРЕДЗАКАЗ'!$D$10)) -> 1523.9 | V106: =P106*U106 -> 0 | W106: =IF(EXACT(O106,Y106),M106,M106*(1-#REF!)) -> #REF! | X106: =P106*W106 -> #REF! | Y106: СтопЦена | Z106: =IF(EXACT(O106,Y106),Q106,0) -> 0 | AA106: =IF(Z106=0,Q106,0) -> 0 | AB106: =IF(U106=0,"",L106/U106-1) -> 0.63396548 | AC106: =IF(W106=0,"",L106/W106-1) -> #REF!
K107: р-р 56-58 рост 182-188 | L107: 2490 | M107: 1555 | N107: 4660335551491 | Q107: =P107*M107 -> 0 | S107: 23 | U107: =IF(EXACT(O107,Y107),M107,M107*(1-'Расчет ПРЕДЗАКАЗ'!$D$10)) -> 1523.9 | V107: =P107*U107 -> 0 | W107: =IF(EXACT(O107,Y107),M107,M107*(1-#REF!)) -> #REF! | X107: =P107*W107 -> #REF! | Y107: СтопЦена | Z107: =IF(EXACT(O107,Y107),Q107,0) -> 0 | AA107: =IF(Z107=0,Q107,0) -> 0 | AB107: =IF(U107=0,"",L107/U107-1) -> 0.63396548 | AC107: =IF(W107=0,"",L107/W107-1) -> #REF!
K108: р-р 60-62 рост 182-188 | L108: 2490 | M108: 1555 | N108: 4660335551477 | Q108: =P108*M108 -> 0 | S108: 7 | U108: =IF(EXACT(O108,Y108),M108,M108*(1-'Расчет ПРЕДЗАКАЗ'!$D$10)) -> 1523.9 | V108: =P108*U108 -> 0 | W108: =IF(EXACT(O108,Y108),M108,M108*(1-#REF!)) -> #REF! | X108: =P108*W108 -> #REF! | Y108: СтопЦена | Z108: =IF(EXACT(O108,Y108),Q108,0) -> 0 | AA108: =IF(Z108=0,Q108,0) -> 0 | AB108: =IF(U108=0,"",L108/U108-1) -> 0.63396548 | AC108: =IF(W108=0,"",L108/W108-1) -> #REF!
Q109: =P109*M109 -> 0 | U109: =IF(EXACT(O109,Y109),M109,M109*(1-'Расчет ПРЕДЗАКАЗ'!$D$10)) -> 0 | V109: =P109*U109 -> 0 | W109: =IF(EXACT(O109,Y109),M109,M109*(1-#REF!)) -> #REF! | X109: =P109*W109 -> #REF! | Y109: СтопЦена | Z109: =IF(EXACT(O109,Y109),Q109,0) -> 0 | AA109: =IF(Z109=0,Q109,0) -> 0 | AB109: =IF(U109=0,"",L109/U109-1) | AC109: =IF(W109=0,"",L109/W109-1) -> #REF!
Q110: =P110*M110 -> 0 | U110: =IF(EXACT(O110,Y110),M110,M110*(1-'Расчет ПРЕДЗАКАЗ'!$D$10)) -> 0 | V110: =P110*U110 -> 0 | W110: =IF(EXACT(O110,Y110),M110,M110*(1-#REF!)) -> #REF! | X110: =P110*W110 -> #REF! | Y110: СтопЦена | Z110: =IF(EXACT(O110,Y110),Q110,0) -> 0 | AA110: =IF(Z110=0,Q110,0) -> 0 | AB110: =IF(U110=0,"",L110/U110-1) | AC110: =IF(W110=0,"",L110/W110-1) -> #REF!
Q111: =P111*M111 -> 0 | U111: =IF(EXACT(O111,Y111),M111,M111*(1-'Расчет ПРЕДЗАКАЗ'!$D$10)) -> 0 | V111: =P111*U111 -> 0 | W111: =IF(EXACT(O111,Y111),M111,M111*(1-#REF!)) -> #REF! | X111: =P111*W111 -> #REF! | Y111: СтопЦена | Z111: =IF(EXACT(O111,Y111),Q111,0) -> 0 | AA111: =IF(Z111=0,Q111,0) -> 0 | AB111: =IF(U111=0,"",L111/U111-1) | AC111: =IF(W111=0,"",L111/W111-1) -> #REF!
Q112: =P112*M112 -> 0 | U112: =IF(EXACT(O112,Y112),M112,M112*(1-'Расчет ПРЕДЗАКАЗ'!$D$10)) -> 0 | V112: =P112*U112 -> 0 | W112: =IF(EXACT(O112,Y112),M112,M112*(1-#REF!)) -> #REF! | X112: =P112*W112 -> #REF! | Y112: СтопЦена | Z112: =IF(EXACT(O112,Y112),Q112,0) -> 0 | AA112: =IF(Z112=0,Q112,0) -> 0 | AB112: =IF(U112=0,"",L112/U112-1) | AC112: =IF(W112=0,"",L112/W112-1) -> #REF!
Q113: =P113*M113 -> 0 | U113: =IF(EXACT(O113,Y113),M113,M113*(1-'Расчет ПРЕДЗАКАЗ'!$D$10)) -> 0 | V113: =P113*U113 -> 0 | W113: =IF(EXACT(O113,Y113),M113,M113*(1-#REF!)) -> #REF! | X113: =P113*W113 -> #REF! | Y113: СтопЦена | Z113: =IF(EXACT(O113,Y113),Q113,0) -> 0 | AA113: =IF(Z113=0,Q113,0) -> 0 | AB113: =IF(U113=0,"",L113/U113-1) | AC113: =IF(W113=0,"",L113/W113-1) -> #REF!
Q114: =P114*M114 -> 0 | U114: =IF(EXACT(O114,Y114),M114,M114*(1-'Расчет ПРЕДЗАКАЗ'!$D$10)) -> 0 | V114: =P114*U114 -> 0 | W114: =IF(EXACT(O114,Y114),M114,M114*(1-#REF!)) -> #REF! | X114: =P114*W114 -> #REF! | Y114: СтопЦена | Z114: =IF(EXACT(O114,Y114),Q114,0) -> 0 | AA114: =IF(Z114=0,Q114,0) -> 0 | AB114: =IF(U114=0,"",L114/U114-1) | AC114: =IF(W114=0,"",L114/W114-1) -> #REF!
Q115: =P115*M115 -> 0 | U115: =IF(EXACT(O115,Y115),M115,M115*(1-'Расчет ПРЕДЗАКАЗ'!$D$10)) -> 0 | V115: =P115*U115 -> 0 | W115: =IF(EXACT(O115,Y115),M115,M115*(1-#REF!)) -> #REF! | X115: =P115*W115 -> #REF! | Y115: СтопЦена | Z115: =IF(EXACT(O115,Y115),Q115,0) -> 0 | AA115: =IF(Z115=0,Q115,0) -> 0 | AB115: =IF(U115=0,"",L115/U115-1) | AC115: =IF(W115=0,"",L115/W115-1) -> #REF!
Q116: =P116*M116 -> 0 | U116: =IF(EXACT(O116,Y116),M116,M116*(1-'Расчет ПРЕДЗАКАЗ'!$D$10)) -> 0 | V116: =P116*U116 -> 0 | W116: =IF(EXACT(O116,Y116),M116,M116*(1-#REF!)) -> #REF! | X116: =P116*W116 -> #REF! | Y116: СтопЦена | Z116: =IF(EXACT(O116,Y116),Q116,0) -> 0 | AA116: =IF(Z116=0,Q116,0) -> 0 | AB116: =IF(U116=0,"",L116/U116-1) | AC116: =IF(W116=0,"",L116/W116-1) -> #REF!
Q117: =P117*M117 -> 0 | U117: =IF(EXACT(O117,Y117),M117,M117*(1-'Расчет ПРЕДЗАКАЗ'!$D$10)) -> 0 | V117: =P117*U117 -> 0 | W117: =IF(EXACT(O117,Y117),M117,M117*(1-#REF!)) -> #REF! | X117: =P117*W117 -> #REF! | Y117: СтопЦена | Z117: =IF(EXACT(O117,Y117),Q117,0) -> 0 | AA117: =IF(Z117=0,Q117,0) -> 0 | AB117: =IF(U117=0,"",L117/U117-1) | AC117: =IF(W117=0,"",L117/W117-1) -> #REF!
Q118: =P118*M118 -> 0 | U118: =IF(EXACT(O118,Y118),M118,M118*(1-'Расчет ПРЕДЗАКАЗ'!$D$10)) -> 0 | V118: =P118*U118 -> 0 | W118: =IF(EXACT(O118,Y118),M118,M118*(1-#REF!)) -> #REF! | X118: =P118*W118 -> #REF! | Y118: СтопЦена | Z118: =IF(EXACT(O118,Y118),Q118,0) -> 0 | AA118: =IF(Z118=0,Q118,0) -> 0 | AB118: =IF(U118=0,"",L118/U118-1) | AC118: =IF(W118=0,"",L118/W118-1) -> #REF!
A120: 389 | B120: 162-1201149123-148 | C120: Манчестер толстовка PRIDE, демисезонная, флис, хаки | D120: Фото отсутствует | F120: Ткань верха: длинноворсовый флис: полиэстер 100% Ткань вставок: искусственная замша: полиэстер 100% | G120: хаки | H120: анатомический крой удобные карманы на молнии воротник-стойка низ толстовки и низ рукавов обработан брендированной окантовочной резинкой ветрозащитная планка под центральной молнией | I120: Толстовка Манчестер выполнена из двустороннего длинноворсового флиса. За счет особенностей такого материала толстовка обладает исключительными теплосберегающими свойствами - высокий ворс флиса обеспечивает сохранение теплой прослойки воздуха. Исключительная мягкость материала обеспечивает комфорт в использовании. Немаловажно, что толстовка Манчестер сворачивается компактнее, чем изделия из традиционного флиса, поэтому займет меньше места в рюкзаке охотника. Места, подверженные износу усилены вставками из искусственной замши. | J120: WEB-Сайт | K120: р-р 44-46 рост 170-176 | L120: 5510 | M120: 3440 | N120: 4610097086359 | Q120: =P120*M120 -> 0 | S120: 2 | U120: =IF(EXACT(O120,Y120),M120,M120*(1-'Расчет ПРЕДЗАКАЗ'!$D$10)) -> 3371.2 | V120: =P120*U120 -> 0 | W120: =IF(EXACT(O120,Y120),M120,M120*(1-#REF!)) -> #REF! | X120: =P120*W120 -> #REF! | Y120: СтопЦена | Z120: =IF(EXACT(O120,Y120),Q120,0) -> 0 | AA120: =IF(Z120=0,Q120,0) -> 0 | AB120: =IF(U120=0,"",L120/U120-1) -> 0.63443284 | AC120: =IF(W120=0,"",L120/W120-1) -> #REF!
Q121: =P121*M121 -> 0 | U121: =IF(EXACT(O121,Y121),M121,M121*(1-'Расчет ПРЕДЗАКАЗ'!$D$10)) -> 0 | V121: =P121*U121 -> 0 | W121: =IF(EXACT(O121,Y121),M121,M121*(1-#REF!)) -> #REF! | X121: =P121*W121 -> #REF! | Y121: СтопЦена | Z121: =IF(EXACT(O121,Y121),Q121,0) -> 0 | AA121: =IF(Z121=0,Q121,0) -> 0 | AB121: =IF(U121=0,"",L121/U121-1) | AC121: =IF(W121=0,"",L121/W121-1) -> #REF!
Q122: =P122*M122 -> 0 | U122: =IF(EXACT(O122,Y122),M122,M122*(1-'Расчет ПРЕДЗАКАЗ'!$D$10)) -> 0 | V122: =P122*U122 -> 0 | W122: =IF(EXACT(O122,Y122),M122,M122*(1-#REF!)) -> #REF! | X122: =P122*W122 -> #REF! | Y122: СтопЦена | Z122: =IF(EXACT(O122,Y122),Q122,0) -> 0 | AA122: =IF(Z122=0,Q122,0) -> 0 | AB122: =IF(U122=0,"",L122/U122-1) | AC122: =IF(W122=0,"",L122/W122-1) -> #REF!
Q123: =P123*M123 -> 0 | U123: =IF(EXACT(O123,Y123),M123,M123*(1-'Расчет ПРЕДЗАКАЗ'!$D$10)) -> 0 | V123: =P123*U123 -> 0 | W123: =IF(EXACT(O123,Y123),M123,M123*(1-#REF!)) -> #REF! | X123: =P123*W123 -> #REF! | Y123: СтопЦена | Z123: =IF(EXACT(O123,Y123),Q123,0) -> 0 | AA123: =IF(Z123=0,Q123,0) -> 0 | AB123: =IF(U123=0,"",L123/U123-1) | AC123: =IF(W123=0,"",L123/W123-1) -> #REF!
Q124: =P124*M124 -> 0 | U124: =IF(EXACT(O124,Y124),M124,M124*(1-'Расчет ПРЕДЗАКАЗ'!$D$10)) -> 0 | V124: =P124*U124 -> 0 | W124: =IF(EXACT(O124,Y124),M124,M124*(1-#REF!)) -> #REF! | X124: =P124*W124 -> #REF! | Y124: СтопЦена | Z124: =IF(EXACT(O124,Y124),Q124,0) -> 0 | AA124: =IF(Z124=0,Q124,0) -> 0 | AB124: =IF(U124=0,"",L124/U124-1) | AC124: =IF(W124=0,"",L124/W124-1) -> #REF!
Q125: =P125*M125 -> 0 | U125: =IF(EXACT(O125,Y125),M125,M125*(1-'Расчет ПРЕДЗАКАЗ'!$D$10)) -> 0 | V125: =P125*U125 -> 0 | W125: =IF(EXACT(O125,Y125),M125,M125*(1-#REF!)) -> #REF! | X125: =P125*W125 -> #REF! | Y125: СтопЦена | Z125: =IF(EXACT(O125,Y125),Q125,0) -> 0 | AA125: =IF(Z125=0,Q125,0) -> 0 | AB125: =IF(U125=0,"",L125/U125-1) | AC125: =IF(W125=0,"",L125/W125-1) -> #REF!
Q126: =P126*M126 -> 0 | U126: =IF(EXACT(O126,Y126),M126,M126*(1-'Расчет ПРЕДЗАКАЗ'!$D$10)) -> 0 | V126: =P126*U126 -> 0 | W126: =IF(EXACT(O126,Y126),M126,M126*(1-#REF!)) -> #REF! | X126: =P126*W126 -> #REF! | Y126: СтопЦена | Z126: =IF(EXACT(O126,Y126),Q126,0) -> 0 | AA126: =IF(Z126=0,Q126,0) -> 0 | AB126: =IF(U126=0,"",L126/U126-1) | AC126: =IF(W126=0,"",L126/W126-1) -> #REF!
Q127: =P127*M127 -> 0 | U127: =IF(EXACT(O127,Y127),M127,M127*(1-'Расчет ПРЕДЗАКАЗ'!$D$10)) -> 0 | V127: =P127*U127 -> 0 | W127: =IF(EXACT(O127,Y127),M127,M127*(1-#REF!)) -> #REF! | X127: =P127*W127 -> #REF! | Y127: СтопЦена | Z127: =IF(EXACT(O127,Y127),Q127,0) -> 0 | AA127: =IF(Z127=0,Q127,0) -> 0 | AB127: =IF(U127=0,"",L127/U127-1) | AC127: =IF(W127=0,"",L127/W127-1) -> #REF!
...

Sheet Payer
AA3: =IF(O24=СторЦена,M24*P24,) -> #NAME?
Z22: =SUM(Z24:Z776519) -> 0 | AA22: =SUM(AA24:AA776519) -> 0
A23: № | B23: Артикул | C23: Наименование как в 1С | D23: Фото Перед | F23: Ткань | G23: Цвет | H23: Особенности модели | I23: Описание | J23: Подробнее | K23: Размер | L23: РРЦ НОВАЯ | M23: оптовая | N23: Штрихкод | O23: СТОП ЦЕНА | P23: Количество ЗАКАЗ в шт (внести) | Q23: Сумма заказа в руб. по оптовой цене | S23: Остатки в шт | U23: Цена за штуку с учетом вашей скидки | V23: Сумма заказа в руб. с учетом вашей скидки | W23: Цена за штуку с учетом вашей скидки | X23: Сумма заказа в руб. с учетом вашей скидки | Z23: Расчет стоп цены | AA23: Расчет цены | AB23: Наценка РРЦ | AC23: Наценка РРЦ
A24: 506 | B24: 110-1103084123-100 | C24: Дуо Скин термобелье PAYER, серый | D24: Фото отсутствует | F24: Ткань верха: полиэстер 100% | G24: серый | H24: анатомический крой плоские швы | I24: Термобелье Duo Skin NOVATEX – Ваш идеальный партнер в мире активных приключений! Это революционное термобелье первого слоя создано для того, чтобы обеспечить Вам максимальный комфорт и защиту в любых условиях. Его главная задача – активно отводить влагу от кожи, поддерживая идеальную терморегуляцию и даря ощущение свежести. Duo Skin – это универсальное решение для круглогодичного использования. Независимо от сезона, Вы можете комбинировать его с любой дышащей экипировкой. Идеально подходит для зимних видов спорта, таких как катание на лыжах и коньках, а также для походов и активного отдыха на природе. Вам больше не придется беспокоиться о дискомфорте: термобелье заботится о Вас, позволяя сосредоточиться на том, что действительно важно – насладиться каждым моментом. С Duo Skin каждый Ваш шаг будет легким и уверенным. Выберите качество и интеллект в одежде – выберите термобелье, которое подстраивается под Ваши активные дни! | J24: WEB-Сайт | K24: р-р 44-46 рост 170-176 | L24: 3650 | M24: 2284 | N24: 4660335521432 | Q24: =P24*M24 -> 0 | S24: 85 | U24: =IF(EXACT(O24,Y24),M24,M24*(1-'Расчет ПРЕДЗАКАЗ'!$D$10)) -> 2238.32 | V24: =P24*U24 -> 0 | W24: =IF(EXACT(O24,Y24),M24,M24*(1-#REF!)) -> #REF! | X24: =P24*W24 -> #REF! | Y24: СтопЦена | Z24: =IF(EXACT(O24,Y24),Q24,0) -> 0 | AA24: =IF(Z24=0,Q24,0) -> 0 | AB24: =IF(U24=0,"",L24/U24-1) -> 0.6306873 | AC24: =IF(W24=0,"",L24/W24-1) -> #REF!
K25: р-р 48-50 рост 170-176 | L25: 3650 | M25: 2284 | N25: 4660335521449 | Q25: =P25*M25 -> 0 | S25: 228 | U25: =IF(EXACT(O25,Y25),M25,M25*(1-'Расчет ПРЕДЗАКАЗ'!$D$10)) -> 2238.32 | V25: =P25*U25 -> 0 | W25: =IF(EXACT(O25,Y25),M25,M25*(1-#REF!)) -> #REF! | X25: =P25*W25 -> #REF! | Y25: СтопЦена | Z25: =IF(EXACT(O25,Y25),Q25,0) -> 0 | AA25: =IF(Z25=0,Q25,0) -> 0 | AB25: =IF(U25=0,"",L25/U25-1) -> 0.6306873 | AC25: =IF(W25=0,"",L25/W25-1) -> #REF!
K26: р-р 48-50 рост 182-188 | L26: 3650 | M26: 2284 | N26: 4660335521456 | Q26: =P26*M26 -> 0 | S26: 68 | U26: =IF(EXACT(O26,Y26),M26,M26*(1-'Расчет ПРЕДЗАКАЗ'!$D$10)) -> 2238.32 | V26: =P26*U26 -> 0 | W26: =IF(EXACT(O26,Y26),M26,M26*(1-#REF!)) -> #REF! | X26: =P26*W26 -> #REF! | Y26: СтопЦена | Z26: =IF(EXACT(O26,Y26),Q26,0) -> 0 | AA26: =IF(Z26=0,Q26,0) -> 0 | AB26: =IF(U26=0,"",L26/U26-1) -> 0.6306873 | AC26: =IF(W26=0,"",L26/W26-1) -> #REF!
K27: р-р 52-54 рост 170-176 | L27: 3650 | M27: 2284 | N27: 4660335521463 | Q27: =P27*M27 -> 0 | S27: 171 | U27: =IF(EXACT(O27,Y27),M27,M27*(1-'Расчет ПРЕДЗАКАЗ'!$D$10)) -> 2238.32 | V27: =P27*U27 -> 0 | W27: =IF(EXACT(O27,Y27),M27,M27*(1-#REF!)) -> #REF! | X27: =P27*W27 -> #REF! | Y27: СтопЦена | Z27: =IF(EXACT(O27,Y27),Q27,0) -> 0 | AA27: =IF(Z27=0,Q27,0) -> 0 | AB27: =IF(U27=0,"",L27/U27-1) -> 0.6306873 | AC27: =IF(W27=0,"",L27/W27-1) -> #REF!
K28: р-р 52-54 рост 182-188 | L28: 3650 | M28: 2284 | N28: 4660335521470 | Q28: =P28*M28 -> 0 | S28: 152 | U28: =IF(EXACT(O28,Y28),M28,M28*(1-'Расчет ПРЕДЗАКАЗ'!$D$10)) -> 2238.32 | V28: =P28*U28 -> 0 | W28: =IF(EXACT(O28,Y28),M28,M28*(1-#REF!)) -> #REF! | X28: =P28*W28 -> #REF! | Y28: СтопЦена | Z28: =IF(EXACT(O28,Y28),Q28,0) -> 0 | AA28: =IF(Z28=0,Q28,0) -> 0 | AB28: =IF(U28=0,"",L28/U28-1) -> 0.6306873 | AC28: =IF(W28=0,"",L28/W28-1) -> #REF!
K29: р-р 56-58 рост 170-176 | L29: 3650 | M29: 2284 | N29: 4660335521487 | Q29: =P29*M29 -> 0 | S29: 89 | U29: =IF(EXACT(O29,Y29),M29,M29*(1-'Расчет ПРЕДЗАКАЗ'!$D$10)) -> 2238.32 | V29: =P29*U29 -> 0 | W29: =IF(EXACT(O29,Y29),M29,M29*(1-#REF!)) -> #REF! | X29: =P29*W29 -> #REF! | Y29: СтопЦена | Z29: =IF(EXACT(O29,Y29),Q29,0) -> 0 | AA29: =IF(Z29=0,Q29,0) -> 0 | AB29: =IF(U29=0,"",L29/U29-1) -> 0.6306873 | AC29: =IF(W29=0,"",L29/W29-1) -> #REF!
K30: р-р 56-58 рост 182-188 | L30: 3650 | M30: 2284 | N30: 4660335521494 | Q30: =P30*M30 -> 0 | S30: 60 | U30: =IF(EXACT(O30,Y30),M30,M30*(1-'Расчет ПРЕДЗАКАЗ'!$D$10)) -> 2238.32 | V30: =P30*U30 -> 0 | W30: =IF(EXACT(O30,Y30),M30,M30*(1-#REF!)) -> #REF! | X30: =P30*W30 -> #REF! | Y30: СтопЦена | Z30: =IF(EXACT(O30,Y30),Q30,0) -> 0 | AA30: =IF(Z30=0,Q30,0) -> 0 | AB30: =IF(U30=0,"",L30/U30-1) -> 0.6306873 | AC30: =IF(W30=0,"",L30/W30-1) -> #REF!
K31: р-р 60-62 рост 170-176 | L31: 3650 | M31: 2284 | N31: 4660335521500 | Q31: =P31*M31 -> 0 | S31: 18 | U31: =IF(EXACT(O31,Y31),M31,M31*(1-'Расчет ПРЕДЗАКАЗ'!$D$10)) -> 2238.32 | V31: =P31*U31 -> 0 | W31: =IF(EXACT(O31,Y31),M31,M31*(1-#REF!)) -> #REF! | X31: =P31*W31 -> #REF! | Y31: СтопЦена | Z31: =IF(EXACT(O31,Y31),Q31,0) -> 0 | AA31: =IF(Z31=0,Q31,0) -> 0 | AB31: =IF(U31=0,"",L31/U31-1) -> 0.6306873 | AC31: =IF(W31=0,"",L31/W31-1) -> #REF!
K32: р-р 60-62 рост 182-188 | L32: 3650 | M32: 2284 | N32: 4660335521517 | Q32: =P32*M32 -> 0 | S32: 50 | U32: =IF(EXACT(O32,Y32),M32,M32*(1-'Расчет ПРЕДЗАКАЗ'!$D$10)) -> 2238.32 | V32: =P32*U32 -> 0 | W32: =IF(EXACT(O32,Y32),M32,M32*(1-#REF!)) -> #REF! | X32: =P32*W32 -> #REF! | Y32: СтопЦена | Z32: =IF(EXACT(O32,Y32),Q32,0) -> 0 | AA32: =IF(Z32=0,Q32,0) -> 0 | AB32: =IF(U32=0,"",L32/U32-1) -> 0.6306873 | AC32: =IF(W32=0,"",L32/W32-1) -> #REF!
L33: =M33-M33*30% -> 0 | Q33: =P33*M33 -> 0 | U33: =IF(EXACT(O33,Y33),M33,M33*(1-'Расчет ПРЕДЗАКАЗ'!$D$10)) -> 0 | V33: =P33*U33 -> 0 | W33: =IF(EXACT(O33,Y33),M33,M33*(1-#REF!)) -> #REF! | X33: =P33*W33 -> #REF! | Y33: СтопЦена | Z33: =IF(EXACT(O33,Y33),Q33,0) -> 0 | AA33: =IF(Z33=0,Q33,0) -> 0 | AB33: =IF(U33=0,"",L33/U33-1) | AC33: =IF(W33=0,"",L33/W33-1) -> #REF!
L34: =M34-M34*30% -> 0 | Q34: =P34*M34 -> 0 | U34: =IF(EXACT(O34,Y34),M34,M34*(1-'Расчет ПРЕДЗАКАЗ'!$D$10)) -> 0 | V34: =P34*U34 -> 0 | W34: =IF(EXACT(O34,Y34),M34,M34*(1-#REF!)) -> #REF! | X34: =P34*W34 -> #REF! | Y34: СтопЦена | Z34: =IF(EXACT(O34,Y34),Q34,0) -> 0 | AA34: =IF(Z34=0,Q34,0) -> 0 | AB34: =IF(U34=0,"",L34/U34-1) | AC34: =IF(W34=0,"",L34/W34-1) -> #REF!
L35: =M35-M35*30% -> 0 | Q35: =P35*M35 -> 0 | U35: =IF(EXACT(O35,Y35),M35,M35*(1-'Расчет ПРЕДЗАКАЗ'!$D$10)) -> 0 | V35: =P35*U35 -> 0 | W35: =IF(EXACT(O35,Y35),M35,M35*(1-#REF!)) -> #REF! | X35: =P35*W35 -> #REF! | Y35: СтопЦена | Z35: =IF(EXACT(O35,Y35),Q35,0) -> 0 | AA35: =IF(Z35=0,Q35,0) -> 0 | AB35: =IF(U35=0,"",L35/U35-1) | AC35: =IF(W35=0,"",L35/W35-1) -> #REF!
L36: =M36-M36*30% -> 0 | Q36: =P36*M36 -> 0 | U36: =IF(EXACT(O36,Y36),M36,M36*(1-'Расчет ПРЕДЗАКАЗ'!$D$10)) -> 0 | V36: =P36*U36 -> 0 | W36: =IF(EXACT(O36,Y36),M36,M36*(1-#REF!)) -> #REF! | X36: =P36*W36 -> #REF! | Y36: СтопЦена | Z36: =IF(EXACT(O36,Y36),Q36,0) -> 0 | AA36: =IF(Z36=0,Q36,0) -> 0 | AB36: =IF(U36=0,"",L36/U36-1) | AC36: =IF(W36=0,"",L36/W36-1) -> #REF!
L37: =M37-M37*30% -> 0 | Q37: =P37*M37 -> 0 | U37: =IF(EXACT(O37,Y37),M37,M37*(1-'Расчет ПРЕДЗАКАЗ'!$D$10)) -> 0 | V37: =P37*U37 -> 0 | W37: =IF(EXACT(O37,Y37),M37,M37*(1-#REF!)) -> #REF! | X37: =P37*W37 -> #REF! | Y37: СтопЦена | Z37: =IF(EXACT(O37,Y37),Q37,0) -> 0 | AA37: =IF(Z37=0,Q37,0) -> 0 | AB37: =IF(U37=0,"",L37/U37-1) | AC37: =IF(W37=0,"",L37/W37-1) -> #REF!
L38: =M38-M38*30% -> 0 | Q38: =P38*M38 -> 0 | U38: =IF(EXACT(O38,Y38),M38,M38*(1-'Расчет ПРЕДЗАКАЗ'!$D$10)) -> 0 | V38: =P38*U38 -> 0 | W38: =IF(EXACT(O38,Y38),M38,M38*(1-#REF!)) -> #REF! | X38: =P38*W38 -> #REF! | Y38: СтопЦена | Z38: =IF(EXACT(O38,Y38),Q38,0) -> 0 | AA38: =IF(Z38=0,Q38,0) -> 0 | AB38: =IF(U38=0,"",L38/U38-1) | AC38: =IF(W38=0,"",L38/W38-1) -> #REF!
A40: 507 | B40: 162-2303000125-083 | C40: Мерч толстовка флисовая PAYER, полынь | D40: Фото отсутствует | F40: Ткань верха: флис: полиэстер 100% | G40: полынь | I40: Толстовки давно перестали быть исключительно спортивной одеждой. Сегодня это стильный и универсальный элемент гардероба, который одинаково хорошо подходит для активного отдыха, прогулок, учебы, работы в неформальной обстановке и даже городских повседневных образов. Толстовка сочетает в себе комфорт, практичность и современный дизайн.Толстовка изготовлена из флиса и легко вписывается как в спортивный стиль, так и в casual, позволяя чувствовать себя уверенно и свободно в любой ситуации. Толстовка оснащена удобным капюшоном, который защитит вас от ветра, и эластичными манжетами на рукавах и по низу, что обеспечивает плотную посадку и предотвращает попадание холодного воздуха. Просторные карманы добавляют практичности, позволяя хранить мелкие предметы под рукой. | J40: WEB-Сайт | K40: р-р 44-46 рост 170-176 | L40: 2830 | M40: 1764 | N40: 4660335551316 | Q40: =P40*M40 -> 0 | S40: 6 | U40: =IF(EXACT(O40,Y40),M40,M40*(1-'Расчет ПРЕДЗАКАЗ'!$D$10)) -> 1728.72 | V40: =P40*U40 -> 0 | W40: =IF(EXACT(O40,Y40),M40,M40*(1-#REF!)) -> #REF! | X40: =P40*W40 -> #REF! | Y40: СтопЦена | Z40: =IF(EXACT(O40,Y40),Q40,0) -> 0 | AA40: =IF(Z40=0,Q40,0) -> 0 | AB40: =IF(U40=0,"",L40/U40-1) -> 0.63704938 | AC40: =IF(W40=0,"",L40/W40-1) -> #REF!
K41: р-р 48-50 рост 170-176 | L41: 2830 | M41: 1764 | N41: 4660335551323 | Q41: =P41*M41 -> 0 | S41: 9 | U41: =IF(EXACT(O41,Y41),M41,M41*(1-'Расчет ПРЕДЗАКАЗ'!$D$10)) -> 1728.72 | V41: =P41*U41 -> 0 | W41: =IF(EXACT(O41,Y41),M41,M41*(1-#REF!)) -> #REF! | X41: =P41*W41 -> #REF! | Y41: СтопЦена | Z41: =IF(EXACT(O41,Y41),Q41,0) -> 0 | AA41: =IF(Z41=0,Q41,0) -> 0 | AB41: =IF(U41=0,"",L41/U41-1) -> 0.63704938 | AC41: =IF(W41=0,"",L41/W41-1) -> #REF!
Q42: =P42*M42 -> 0 | U42: =IF(EXACT(O42,Y42),M42,M42*(1-'Расчет ПРЕДЗАКАЗ'!$D$10)) -> 0 | V42: =P42*U42 -> 0 | W42: =IF(EXACT(O42,Y42),M42,M42*(1-#REF!)) -> #REF! | X42: =P42*W42 -> #REF! | Y42: СтопЦена | Z42: =IF(EXACT(O42,Y42),Q42,0) -> 0 | AA42: =IF(Z42=0,Q42,0) -> 0 | AB42: =IF(U42=0,"",L42/U42-1) | AC42: =IF(W42=0,"",L42/W42-1) -> #REF!
Q43: =P43*M43 -> 0 | U43: =IF(EXACT(O43,Y43),M43,M43*(1-'Расчет ПРЕДЗАКАЗ'!$D$10)) -> 0 | V43: =P43*U43 -> 0 | W43: =IF(EXACT(O43,Y43),M43,M43*(1-#REF!)) -> #REF! | X43: =P43*W43 -> #REF! | Y43: СтопЦена | Z43: =IF(EXACT(O43,Y43),Q43,0) -> 0 | AA43: =IF(Z43=0,Q43,0) -> 0 | AB43: =IF(U43=0,"",L43/U43-1) | AC43: =IF(W43=0,"",L43/W43-1) -> #REF!
Q44: =P44*M44 -> 0 | U44: =IF(EXACT(O44,Y44),M44,M44*(1-'Расчет ПРЕДЗАКАЗ'!$D$10)) -> 0 | V44: =P44*U44 -> 0 | W44: =IF(EXACT(O44,Y44),M44,M44*(1-#REF!)) -> #REF! | X44: =P44*W44 -> #REF! | Y44: СтопЦена | Z44: =IF(EXACT(O44,Y44),Q44,0) -> 0 | AA44: =IF(Z44=0,Q44,0) -> 0 | AB44: =IF(U44=0,"",L44/U44-1) | AC44: =IF(W44=0,"",L44/W44-1) -> #REF!
Q45: =P45*M45 -> 0 | U45: =IF(EXACT(O45,Y45),M45,M45*(1-'Расчет ПРЕДЗАКАЗ'!$D$10)) -> 0 | V45: =P45*U45 -> 0 | W45: =IF(EXACT(O45,Y45),M45,M45*(1-#REF!)) -> #REF! | X45: =P45*W45 -> #REF! | Y45: СтопЦена | Z45: =IF(EXACT(O45,Y45),Q45,0) -> 0 | AA45: =IF(Z45=0,Q45,0) -> 0 | AB45: =IF(U45=0,"",L45/U45-1) | AC45: =IF(W45=0,"",L45/W45-1) -> #REF!
Q46: =P46*M46 -> 0 | U46: =IF(EXACT(O46,Y46),M46,M46*(1-'Расчет ПРЕДЗАКАЗ'!$D$10)) -> 0 | V46: =P46*U46 -> 0 | W46: =IF(EXACT(O46,Y46),M46,M46*(1-#REF!)) -> #REF! | X46: =P46*W46 -> #REF! | Y46: СтопЦена | Z46: =IF(EXACT(O46,Y46),Q46,0) -> 0 | AA46: =IF(Z46=0,Q46,0) -> 0 | AB46: =IF(U46=0,"",L46/U46-1) | AC46: =IF(W46=0,"",L46/W46-1) -> #REF!
Q47: =P47*M47 -> 0 | U47: =IF(EXACT(O47,Y47),M47,M47*(1-'Расчет ПРЕДЗАКАЗ'!$D$10)) -> 0 | V47: =P47*U47 -> 0 | W47: =IF(EXACT(O47,Y47),M47,M47*(1-#REF!)) -> #REF! | X47: =P47*W47 -> #REF! | Y47: СтопЦена | Z47: =IF(EXACT(O47,Y47),Q47,0) -> 0 | AA47: =IF(Z47=0,Q47,0) -> 0 | AB47: =IF(U47=0,"",L47/U47-1) | AC47: =IF(W47=0,"",L47/W47-1) -> #REF!
Q48: =P48*M48 -> 0 | U48: =IF(EXACT(O48,Y48),M48,M48*(1-'Расчет ПРЕДЗАКАЗ'!$D$10)) -> 0 | V48: =P48*U48 -> 0 | W48: =IF(EXACT(O48,Y48),M48,M48*(1-#REF!)) -> #REF! | X48: =P48*W48 -> #REF! | Y48: СтопЦена | Z48: =IF(EXACT(O48,Y48),Q48,0) -> 0 | AA48: =IF(Z48=0,Q48,0) -> 0 | AB48: =IF(U48=0,"",L48/U48-1) | AC48: =IF(W48=0,"",L48/W48-1) -> #REF!
Q49: =P49*M49 -> 0 | U49: =IF(EXACT(O49,Y49),M49,M49*(1-'Расчет ПРЕДЗАКАЗ'!$D$10)) -> 0 | V49: =P49*U49 -> 0 | W49: =IF(EXACT(O49,Y49),M49,M49*(1-#REF!)) -> #REF! | X49: =P49*W49 -> #REF! | Y49: СтопЦена | Z49: =IF(EXACT(O49,Y49),Q49,0) -> 0 | AA49: =IF(Z49=0,Q49,0) -> 0 | AB49: =IF(U49=0,"",L49/U49-1) | AC49: =IF(W49=0,"",L49/W49-1) -> #REF!
Q50: =P50*M50 -> 0 | U50: =IF(EXACT(O50,Y50),M50,M50*(1-'Расчет ПРЕДЗАКАЗ'!$D$10)) -> 0 | V50: =P50*U50 -> 0 | W50: =IF(EXACT(O50,Y50),M50,M50*(1-#REF!)) -> #REF! | X50: =P50*W50 -> #REF! | Y50: СтопЦена | Z50: =IF(EXACT(O50,Y50),Q50,0) -> 0 | AA50: =IF(Z50=0,Q50,0) -> 0 | AB50: =IF(U50=0,"",L50/U50-1) | AC50: =IF(W50=0,"",L50/W50-1) -> #REF!
Q51: =P51*M51 -> 0 | U51: =IF(EXACT(O51,Y51),M51,M51*(1-'Расчет ПРЕДЗАКАЗ'!$D$10)) -> 0 | V51: =P51*U51 -> 0 | W51: =IF(EXACT(O51,Y51),M51,M51*(1-#REF!)) -> #REF! | X51: =P51*W51 -> #REF! | Y51: СтопЦена | Z51: =IF(EXACT(O51,Y51),Q51,0) -> 0 | AA51: =IF(Z51=0,Q51,0) -> 0 | AB51: =IF(U51=0,"",L51/U51-1) | AC51: =IF(W51=0,"",L51/W51-1) -> #REF!
Q52: =P52*M52 -> 0 | U52: =IF(EXACT(O52,Y52),M52,M52*(1-'Расчет ПРЕДЗАКАЗ'!$D$10)) -> 0 | V52: =P52*U52 -> 0 | W52: =IF(EXACT(O52,Y52),M52,M52*(1-#REF!)) -> #REF! | X52: =P52*W52 -> #REF! | Y52: СтопЦена | Z52: =IF(EXACT(O52,Y52),Q52,0) -> 0 | AA52: =IF(Z52=0,Q52,0) -> 0 | AB52: =IF(U52=0,"",L52/U52-1) | AC52: =IF(W52=0,"",L52/W52-1) -> #REF!
Q53: =P53*M53 -> 0 | U53: =IF(EXACT(O53,Y53),M53,M53*(1-'Расчет ПРЕДЗАКАЗ'!$D$10)) -> 0 | V53: =P53*U53 -> 0 | W53: =IF(EXACT(O53,Y53),M53,M53*(1-#REF!)) -> #REF! | X53: =P53*W53 -> #REF! | Y53: СтопЦена | Z53: =IF(EXACT(O53,Y53),Q53,0) -> 0 | AA53: =IF(Z53=0,Q53,0) -> 0 | AB53: =IF(U53=0,"",L53/U53-1) | AC53: =IF(W53=0,"",L53/W53-1) -> #REF!
Q54: =P54*M54 -> 0 | U54: =IF(EXACT(O54,Y54),M54,M54*(1-'Расчет ПРЕДЗАКАЗ'!$D$10)) -> 0 | V54: =P54*U54 -> 0 | W54: =IF(EXACT(O54,Y54),M54,M54*(1-#REF!)) -> #REF! | X54: =P54*W54 -> #REF! | Y54: СтопЦена | Z54: =IF(EXACT(O54,Y54),Q54,0) -> 0 | AA54: =IF(Z54=0,Q54,0) -> 0 | AB54: =IF(U54=0,"",L54/U54-1) | AC54: =IF(W54=0,"",L54/W54-1) -> #REF!
A56: 508 | B56: 162-2303000125-131 | C56: Мерч толстовка флисовая PAYER, т.полынь | D56: Фото отсутствует | F56: Ткань верха: флис: полиэстер 100% | G56: т.полынь | I56: Толстовки давно перестали быть исключительно спортивной одеждой. Сегодня это стильный и универсальный элемент гардероба, который одинаково хорошо подходит для активного отдыха, прогулок, учебы, работы в неформальной обстановке и даже городских повседневных образов. Толстовка сочетает в себе комфорт, практичность и современный дизайн.Толстовка изготовлена из флиса и легко вписывается как в спортивный стиль, так и в casual, позволяя чувствовать себя уверенно и свободно в любой ситуации. Толстовка оснащена удобным капюшоном, который защитит вас от ветра, и эластичными манжетами на рукавах и по низу, что обеспечивает плотную посадку и предотвращает попадание холодного воздуха. Просторные карманы добавляют практичности, позволяя хранить мелкие предметы под рукой. | J56: WEB-Сайт | K56: р-р 44-46 рост 170-176 | L56: 2820 | M56: 1760 | N56: 4660335551507 | Q56: =P56*M56 -> 0 | S56: 24 | U56: =IF(EXACT(O56,Y56),M56,M56*(1-'Расчет ПРЕДЗАКАЗ'!$D$10)) -> 1724.8 | V56: =P56*U56 -> 0 | W56: =IF(EXACT(O56,Y56),M56,M56*(1-#REF!)) -> #REF! | X56: =P56*W56 -> #REF! | Y56: СтопЦена | Z56: =IF(EXACT(O56,Y56),Q56,0) -> 0 | AA56: =IF(Z56=0,Q56,0) -> 0 | AB56: =IF(U56=0,"",L56/U56-1) -> 0.63497217 | AC56: =IF(W56=0,"",L56/W56-1) -> #REF!
K57: р-р 48-50 рост 170-176 | L57: 2820 | M57: 1760 | N57: 4660335551514 | Q57: =P57*M57 -> 0 | S57: 37 | U57: =IF(EXACT(O57,Y57),M57,M57*(1-'Расчет ПРЕДЗАКАЗ'!$D$10)) -> 1724.8 | V57: =P57*U57 -> 0 | W57: =IF(EXACT(O57,Y57),M57,M57*(1-#REF!)) -> #REF! | X57: =P57*W57 -> #REF! | Y57: СтопЦена | Z57: =IF(EXACT(O57,Y57),Q57,0) -> 0 | AA57: =IF(Z57=0,Q57,0) -> 0 | AB57: =IF(U57=0,"",L57/U57-1) -> 0.63497217 | AC57: =IF(W57=0,"",L57/W57-1) -> #REF!
K58: р-р 52-54 рост 182-188 | L58: 2820 | M58: 1760 | N58: 4660335551538 | Q58: =P58*M58 -> 0 | S58: 33 | U58: =IF(EXACT(O58,Y58),M58,M58*(1-'Расчет ПРЕДЗАКАЗ'!$D$10)) -> 1724.8 | V58: =P58*U58 -> 0 | W58: =IF(EXACT(O58,Y58),M58,M58*(1-#REF!)) -> #REF! | X58: =P58*W58 -> #REF! | Y58: СтопЦена | Z58: =IF(EXACT(O58,Y58),Q58,0) -> 0 | AA58: =IF(Z58=0,Q58,0) -> 0 | AB58: =IF(U58=0,"",L58/U58-1) -> 0.63497217 | AC58: =IF(W58=0,"",L58/W58-1) -> #REF!
K59: р-р 56-58 рост 182-188 | L59: 2820 | M59: 1760 | N59: 4660335551545 | Q59: =P59*M59 -> 0 | S59: 30 | U59: =IF(EXACT(O59,Y59),M59,M59*(1-'Расчет ПРЕДЗАКАЗ'!$D$10)) -> 1724.8 | V59: =P59*U59 -> 0 | W59: =IF(EXACT(O59,Y59),M59,M59*(1-#REF!)) -> #REF! | X59: =P59*W59 -> #REF! | Y59: СтопЦена | Z59: =IF(EXACT(O59,Y59),Q59,0) -> 0 | AA59: =IF(Z59=0,Q59,0) -> 0 | AB59: =IF(U59=0,"",L59/U59-1) -> 0.63497217 | AC59: =IF(W59=0,"",L59/W59-1) -> #REF!
K60: р-р 60-62 рост 182-188 | L60: 2820 | M60: 1760 | N60: 4660335551521 | Q60: =P60*M60 -> 0 | S60: 20 | U60: =IF(EXACT(O60,Y60),M60,M60*(1-'Расчет ПРЕДЗАКАЗ'!$D$10)) -> 1724.8 | V60: =P60*U60 -> 0 | W60: =IF(EXACT(O60,Y60),M60,M60*(1-#REF!)) -> #REF! | X60: =P60*W60 -> #REF! | Y60: СтопЦена | Z60: =IF(EXACT(O60,Y60),Q60,0) -> 0 | AA60: =IF(Z60=0,Q60,0) -> 0 | AB60: =IF(U60=0,"",L60/U60-1) -> 0.63497217 | AC60: =IF(W60=0,"",L60/W60-1) -> #REF!
Q61: =P61*M61 -> 0 | U61: =IF(EXACT(O61,Y61),M61,M61*(1-'Расчет ПРЕДЗАКАЗ'!$D$10)) -> 0 | V61: =P61*U61 -> 0 | W61: =IF(EXACT(O61,Y61),M61,M61*(1-#REF!)) -> #REF! | X61: =P61*W61 -> #REF! | Y61: СтопЦена | Z61: =IF(EXACT(O61,Y61),Q61,0) -> 0 | AA61: =IF(Z61=0,Q61,0) -> 0 | AB61: =IF(U61=0,"",L61/U61-1) | AC61: =IF(W61=0,"",L61/W61-1) -> #REF!
Q62: =P62*M62 -> 0 | U62: =IF(EXACT(O62,Y62),M62,M62*(1-'Расчет ПРЕДЗАКАЗ'!$D$10)) -> 0 | V62: =P62*U62 -> 0 | W62: =IF(EXACT(O62,Y62),M62,M62*(1-#REF!)) -> #REF! | X62: =P62*W62 -> #REF! | Y62: СтопЦена | Z62: =IF(EXACT(O62,Y62),Q62,0) -> 0 | AA62: =IF(Z62=0,Q62,0) -> 0 | AB62: =IF(U62=0,"",L62/U62-1) | AC62: =IF(W62=0,"",L62/W62-1) -> #REF!
Q63: =P63*M63 -> 0 | U63: =IF(EXACT(O63,Y63),M63,M63*(1-'Расчет ПРЕДЗАКАЗ'!$D$10)) -> 0 | V63: =P63*U63 -> 0 | W63: =IF(EXACT(O63,Y63),M63,M63*(1-#REF!)) -> #REF! | X63: =P63*W63 -> #REF! | Y63: СтопЦена | Z63: =IF(EXACT(O63,Y63),Q63,0) -> 0 | AA63: =IF(Z63=0,Q63,0) -> 0 | AB63: =IF(U63=0,"",L63/U63-1) | AC63: =IF(W63=0,"",L63/W63-1) -> #REF!
Q64: =P64*M64 -> 0 | U64: =IF(EXACT(O64,Y64),M64,M64*(1-'Расчет ПРЕДЗАКАЗ'!$D$10)) -> 0 | V64: =P64*U64 -> 0 | W64: =IF(EXACT(O64,Y64),M64,M64*(1-#REF!)) -> #REF! | X64: =P64*W64 -> #REF! | Y64: СтопЦена | Z64: =IF(EXACT(O64,Y64),Q64,0) -> 0 | AA64: =IF(Z64=0,Q64,0) -> 0 | AB64: =IF(U64=0,"",L64/U64-1) | AC64: =IF(W64=0,"",L64/W64-1) -> #REF!
Q65: =P65*M65 -> 0 | U65: =IF(EXACT(O65,Y65),M65,M65*(1-'Расчет ПРЕДЗАКАЗ'!$D$10)) -> 0 | V65: =P65*U65 -> 0 | W65: =IF(EXACT(O65,Y65),M65,M65*(1-#REF!)) -> #REF! | X65: =P65*W65 -> #REF! | Y65: СтопЦена | Z65: =IF(EXACT(O65,Y65),Q65,0) -> 0 | AA65: =IF(Z65=0,Q65,0) -> 0 | AB65: =IF(U65=0,"",L65/U65-1) | AC65: =IF(W65=0,"",L65/W65-1) -> #REF!
Q66: =P66*M66 -> 0 | U66: =IF(EXACT(O66,Y66),M66,M66*(1-'Расчет ПРЕДЗАКАЗ'!$D$10)) -> 0 | V66: =P66*U66 -> 0 | W66: =IF(EXACT(O66,Y66),M66,M66*(1-#REF!)) -> #REF! | X66: =P66*W66 -> #REF! | Y66: СтопЦена | Z66: =IF(EXACT(O66,Y66),Q66,0) -> 0 | AA66: =IF(Z66=0,Q66,0) -> 0 | AB66: =IF(U66=0,"",L66/U66-1) | AC66: =IF(W66=0,"",L66/W66-1) -> #REF!
Q67: =P67*M67 -> 0 | U67: =IF(EXACT(O67,Y67),M67,M67*(1-'Расчет ПРЕДЗАКАЗ'!$D$10)) -> 0 | V67: =P67*U67 -> 0 | W67: =IF(EXACT(O67,Y67),M67,M67*(1-#REF!)) -> #REF! | X67: =P67*W67 -> #REF! | Y67: СтопЦена | Z67: =IF(EXACT(O67,Y67),Q67,0) -> 0 | AA67: =IF(Z67=0,Q67,0) -> 0 | AB67: =IF(U67=0,"",L67/U67-1) | AC67: =IF(W67=0,"",L67/W67-1) -> #REF!
Q68: =P68*M68 -> 0 | U68: =IF(EXACT(O68,Y68),M68,M68*(1-'Расчет ПРЕДЗАКАЗ'!$D$10)) -> 0 | V68: =P68*U68 -> 0 | W68: =IF(EXACT(O68,Y68),M68,M68*(1-#REF!)) -> #REF! | X68: =P68*W68 -> #REF! | Y68: СтопЦена | Z68: =IF(EXACT(O68,Y68),Q68,0) -> 0 | AA68: =IF(Z68=0,Q68,0) -> 0 | AB68: =IF(U68=0,"",L68/U68-1) | AC68: =IF(W68=0,"",L68/W68-1) -> #REF!
Q69: =P69*M69 -> 0 | U69: =IF(EXACT(O69,Y69),M69,M69*(1-'Расчет ПРЕДЗАКАЗ'!$D$10)) -> 0 | V69: =P69*U69 -> 0 | W69: =IF(EXACT(O69,Y69),M69,M69*(1-#REF!)) -> #REF! | X69: =P69*W69 -> #REF! | Y69: СтопЦена | Z69: =IF(EXACT(O69,Y69),Q69,0) -> 0 | AA69: =IF(Z69=0,Q69,0) -> 0 | AB69: =IF(U69=0,"",L69/U69-1) | AC69: =IF(W69=0,"",L69/W69-1) -> #REF!
Q70: =P70*M70 -> 0 | U70: =IF(EXACT(O70,Y70),M70,M70*(1-'Расчет ПРЕДЗАКАЗ'!$D$10)) -> 0 | V70: =P70*U70 -> 0 | W70: =IF(EXACT(O70,Y70),M70,M70*(1-#REF!)) -> #REF! | X70: =P70*W70 -> #REF! | Y70: СтопЦена | Z70: =IF(EXACT(O70,Y70),Q70,0) -> 0 | AA70: =IF(Z70=0,Q70,0) -> 0 | AB70: =IF(U70=0,"",L70/U70-1) | AC70: =IF(W70=0,"",L70/W70-1) -> #REF!
A72: 509 | B72: 162-2303000124- | C72: Толстовка PAYER, мерч, футер,молочный | D72: Фото отсутствует | F72: Ткань верха: футер: хлопок 80%, полиэстер 20% | G72: молочный | H72: Функциональные карманы помогают держать важные мелочи под рукой Капюшон помогает защититься от ветра, солнца и лёгких осадков Манжеты помогают плотнее закрыть рукава и низ брюк Эластичные элементы помогают изделию лучше садиться по фигуре | I72: Толстовка «Толстовка» ТМ PAYER — выбор для отдыха на природе и туризма в межсезонье. Продуманные карманы и застёжки делают модель удобной для вещей, которые должны быть под рукой. Эластичные волокна в составе помогают изделию лучше тянуться, сохранять посадку и не ограничивать движения. Сезон: демисезон | J72: WEB-Сайт | K72: р-р 48-50 рост 170-176 | L72: 4230 | M72: 2640 | N72: 4660335523962 | O72: СтопЦена | Q72: =P72*M72 -> 0 | S72: 6 | U72: =IF(EXACT(O72,Y72),M72,M72*(1-'Расчет ПРЕДЗАКАЗ'!$D$10)) -> 2640 | V72: =P72*U72 -> 0 | W72: =IF(EXACT(O72,Y72),M72,M72*(1-#REF!)) -> 2640 | X72: =P72*W72 -> 0 | Y72: СтопЦена | Z72: =IF(EXACT(O72,Y72),Q72,0) -> 0 | AA72: =IF(Z72=0,Q72,0) -> 0 | AB72: =IF(U72=0,"",L72/U72-1) -> 0.60227273 | AC72: =IF(W72=0,"",L72/W72-1) -> 0.60227273
K73: р-р 52-54 рост 182-188 | L73: 4230 | M73: 2640 | N73: 4660335523993 | O73: СтопЦена | Q73: =P73*M73 -> 0 | S73: 7 | U73: =IF(EXACT(O73,Y73),M73,M73*(1-'Расчет ПРЕДЗАКАЗ'!$D$10)) -> 2640 | V73: =P73*U73 -> 0 | W73: =IF(EXACT(O73,Y73),M73,M73*(1-#REF!)) -> 2640 | X73: =P73*W73 -> 0 | Y73: СтопЦена | Z73: =IF(EXACT(O73,Y73),Q73,0) -> 0 | AA73: =IF(Z73=0,Q73,0) -> 0 | AB73: =IF(U73=0,"",L73/U73-1) -> 0.60227273 | AC73: =IF(W73=0,"",L73/W73-1) -> 0.60227273
K74: р-р 56-58 рост 182-188 | L74: 4230 | M74: 2640 | N74: 4660335524013 | O74: СтопЦена | Q74: =P74*M74 -> 0 | S74: 7 | U74: =IF(EXACT(O74,Y74),M74,M74*(1-'Расчет ПРЕДЗАКАЗ'!$D$10)) -> 2640 | V74: =P74*U74 -> 0 | W74: =IF(EXACT(O74,Y74),M74,M74*(1-#REF!)) -> 2640 | X74: =P74*W74 -> 0 | Y74: СтопЦена | Z74: =IF(EXACT(O74,Y74),Q74,0) -> 0 | AA74: =IF(Z74=0,Q74,0) -> 0 | AB74: =IF(U74=0,"",L74/U74-1) -> 0.60227273 | AC74: =IF(W74=0,"",L74/W74-1) -> 0.60227273
Q75: =P75*M75 -> 0 | U75: =IF(EXACT(O75,Y75),M75,M75*(1-'Расчет ПРЕДЗАКАЗ'!$D$10)) -> 0 | V75: =P75*U75 -> 0 | W75: =IF(EXACT(O75,Y75),M75,M75*(1-#REF!)) -> #REF! | X75: =P75*W75 -> #REF! | Y75: СтопЦена | Z75: =IF(EXACT(O75,Y75),Q75,0) -> 0 | AA75: =IF(Z75=0,Q75,0) -> 0 | AB75: =IF(U75=0,"",L75/U75-1) | AC75: =IF(W75=0,"",L75/W75-1) -> #REF!
Q76: =P76*M76 -> 0 | U76: =IF(EXACT(O76,Y76),M76,M76*(1-'Расчет ПРЕДЗАКАЗ'!$D$10)) -> 0 | V76: =P76*U76 -> 0 | W76: =IF(EXACT(O76,Y76),M76,M76*(1-#REF!)) -> #REF! | X76: =P76*W76 -> #REF! | Y76: СтопЦена | Z76: =IF(EXACT(O76,Y76),Q76,0) -> 0 | AA76: =IF(Z76=0,Q76,0) -> 0 | AB76: =IF(U76=0,"",L76/U76-1) | AC76: =IF(W76=0,"",L76/W76-1) -> #REF!
Q77: =P77*M77 -> 0 | U77: =IF(EXACT(O77,Y77),M77,M77*(1-'Расчет ПРЕДЗАКАЗ'!$D$10)) -> 0 | V77: =P77*U77 -> 0 | W77: =IF(EXACT(O77,Y77),M77,M77*(1-#REF!)) -> #REF! | X77: =P77*W77 -> #REF! | Y77: СтопЦена | Z77: =IF(EXACT(O77,Y77),Q77,0) -> 0 | AA77: =IF(Z77=0,Q77,0) -> 0 | AB77: =IF(U77=0,"",L77/U77-1) | AC77: =IF(W77=0,"",L77/W77-1) -> #REF!
Q78: =P78*M78 -> 0 | U78: =IF(EXACT(O78,Y78),M78,M78*(1-'Расчет ПРЕДЗАКАЗ'!$D$10)) -> 0 | V78: =P78*U78 -> 0 | W78: =IF(EXACT(O78,Y78),M78,M78*(1-#REF!)) -> #REF! | X78: =P78*W78 -> #REF! | Y78: СтопЦена | Z78: =IF(EXACT(O78,Y78),Q78,0) -> 0 | AA78: =IF(Z78=0,Q78,0) -> 0 | AB78: =IF(U78=0,"",L78/U78-1) | AC78: =IF(W78=0,"",L78/W78-1) -> #REF!
Q79: =P79*M79 -> 0 | U79: =IF(EXACT(O79,Y79),M79,M79*(1-'Расчет ПРЕДЗАКАЗ'!$D$10)) -> 0 | V79: =P79*U79 -> 0 | W79: =IF(EXACT(O79,Y79),M79,M79*(1-#REF!)) -> #REF! | X79: =P79*W79 -> #REF! | Y79: СтопЦена | Z79: =IF(EXACT(O79,Y79),Q79,0) -> 0 | AA79: =IF(Z79=0,Q79,0) -> 0 | AB79: =IF(U79=0,"",L79/U79-1) | AC79: =IF(W79=0,"",L79/W79-1) -> #REF!
Q80: =P80*M80 -> 0 | U80: =IF(EXACT(O80,Y80),M80,M80*(1-'Расчет ПРЕДЗАКАЗ'!$D$10)) -> 0 | V80: =P80*U80 -> 0 | W80: =IF(EXACT(O80,Y80),M80,M80*(1-#REF!)) -> #REF! | X80: =P80*W80 -> #REF! | Y80: СтопЦена | Z80: =IF(EXACT(O80,Y80),Q80,0) -> 0 | AA80: =IF(Z80=0,Q80,0) -> 0 | AB80: =IF(U80=0,"",L80/U80-1) | AC80: =IF(W80=0,"",L80/W80-1) -> #REF!
Q81: =P81*M81 -> 0 | U81: =IF(EXACT(O81,Y81),M81,M81*(1-'Расчет ПРЕДЗАКАЗ'!$D$10)) -> 0 | V81: =P81*U81 -> 0 | W81: =IF(EXACT(O81,Y81),M81,M81*(1-#REF!)) -> #REF! | X81: =P81*W81 -> #REF! | Y81: СтопЦена | Z81: =IF(EXACT(O81,Y81),Q81,0) -> 0 | AA81: =IF(Z81=0,Q81,0) -> 0 | AB81: =IF(U81=0,"",L81/U81-1) | AC81: =IF(W81=0,"",L81/W81-1) -> #REF!
Q82: =P82*M82 -> 0 | U82: =IF(EXACT(O82,Y82),M82,M82*(1-'Расчет ПРЕДЗАКАЗ'!$D$10)) -> 0 | V82: =P82*U82 -> 0 | W82: =IF(EXACT(O82,Y82),M82,M82*(1-#REF!)) -> #REF! | X82: =P82*W82 -> #REF! | Y82: СтопЦена | Z82: =IF(EXACT(O82,Y82),Q82,0) -> 0 | AA82: =IF(Z82=0,Q82,0) -> 0 | AB82: =IF(U82=0,"",L82/U82-1) | AC82: =IF(W82=0,"",L82/W82-1) -> #REF!
Q83: =P83*M83 -> 0 | U83: =IF(EXACT(O83,Y83),M83,M83*(1-'Расчет ПРЕДЗАКАЗ'!$D$10)) -> 0 | V83: =P83*U83 -> 0 | W83: =IF(EXACT(O83,Y83),M83,M83*(1-#REF!)) -> #REF! | X83: =P83*W83 -> #REF! | Y83: СтопЦена | Z83: =IF(EXACT(O83,Y83),Q83,0) -> 0 | AA83: =IF(Z83=0,Q83,0) -> 0 | AB83: =IF(U83=0,"",L83/U83-1) | AC83: =IF(W83=0,"",L83/W83-1) -> #REF!
Q84: =P84*M84 -> 0 | U84: =IF(EXACT(O84,Y84),M84,M84*(1-'Расчет ПРЕДЗАКАЗ'!$D$10)) -> 0 | V84: =P84*U84 -> 0 | W84: =IF(EXACT(O84,Y84),M84,M84*(1-#REF!)) -> #REF! | X84: =P84*W84 -> #REF! | Y84: СтопЦена | Z84: =IF(EXACT(O84,Y84),Q84,0) -> 0 | AA84: =IF(Z84=0,Q84,0) -> 0 | AB84: =IF(U84=0,"",L84/U84-1) | AC84: =IF(W84=0,"",L84/W84-1) -> #REF!
Q85: =P85*M85 -> 0 | U85: =IF(EXACT(O85,Y85),M85,M85*(1-'Расчет ПРЕДЗАКАЗ'!$D$10)) -> 0 | V85: =P85*U85 -> 0 | W85: =IF(EXACT(O85,Y85),M85,M85*(1-#REF!)) -> #REF! | X85: =P85*W85 -> #REF! | Y85: СтопЦена | Z85: =IF(EXACT(O85,Y85),Q85,0) -> 0 | AA85: =IF(Z85=0,Q85,0) -> 0 | AB85: =IF(U85=0,"",L85/U85-1) | AC85: =IF(W85=0,"",L85/W85-1) -> #REF!
Q86: =P86*M86 -> 0 | U86: =IF(EXACT(O86,Y86),M86,M86*(1-'Расчет ПРЕДЗАКАЗ'!$D$10)) -> 0 | V86: =P86*U86 -> 0 | W86: =IF(EXACT(O86,Y86),M86,M86*(1-#REF!)) -> #REF! | X86: =P86*W86 -> #REF! | Y86: СтопЦена | Z86: =IF(EXACT(O86,Y86),Q86,0) -> 0 | AA86: =IF(Z86=0,Q86,0) -> 0 | AB86: =IF(U86=0,"",L86/U86-1) | AC86: =IF(W86=0,"",L86/W86-1) -> #REF!
A88: 510 | B88: 162-2303000124-012 | C88: Толстовка PAYER, мерч, футер, белый | D88: Фото отсутствует | F88: Ткань верха: футер: хлопок 80%, полиэстер 20% | G88: белый | J88: WEB-Сайт | K88: р-р 48-50 рост 170-176 | L88: 4230 | M88: 2640 | N88: 4660335524051 | O88: СтопЦена | Q88: =P88*M88 -> 0 | S88: 14 | U88: =IF(EXACT(O88,Y88),M88,M88*(1-'Расчет ПРЕДЗАКАЗ'!$D$10)) -> 2640 | V88: =P88*U88 -> 0 | W88: =IF(EXACT(O88,Y88),M88,M88*(1-#REF!)) -> 2640 | X88: =P88*W88 -> 0 | Y88: СтопЦена | Z88: =IF(EXACT(O88,Y88),Q88,0) -> 0 | AA88: =IF(Z88=0,Q88,0) -> 0 | AB88: =IF(U88=0,"",L88/U88-1) -> 0.60227273 | AC88: =IF(W88=0,"",L88/W88-1) -> 0.60227273
K89: р-р 52-54 рост 182-188 | L89: 4230 | M89: 2640 | N89: 4660335524082 | O89: СтопЦена | Q89: =P89*M89 -> 0 | S89: 15 | U89: =IF(EXACT(O89,Y89),M89,M89*(1-'Расчет ПРЕДЗАКАЗ'!$D$10)) -> 2640 | V89: =P89*U89 -> 0 | W89: =IF(EXACT(O89,Y89),M89,M89*(1-#REF!)) -> 2640 | X89: =P89*W89 -> 0 | Y89: СтопЦена | Z89: =IF(EXACT(O89,Y89),Q89,0) -> 0 | AA89: =IF(Z89=0,Q89,0) -> 0 | AB89: =IF(U89=0,"",L89/U89-1) -> 0.60227273 | AC89: =IF(W89=0,"",L89/W89-1) -> 0.60227273
K90: р-р 56-58 рост 182-188 | L90: 4230 | M90: 2640 | N90: 4660335524105 | O90: СтопЦена | Q90: =P90*M90 -> 0 | S90: 14 | U90: =IF(EXACT(O90,Y90),M90,M90*(1-'Расчет ПРЕДЗАКАЗ'!$D$10)) -> 2640 | V90: =P90*U90 -> 0 | W90: =IF(EXACT(O90,Y90),M90,M90*(1-#REF!)) -> 2640 | X90: =P90*W90 -> 0 | Y90: СтопЦена | Z90: =IF(EXACT(O90,Y90),Q90,0) -> 0 | AA90: =IF(Z90=0,Q90,0) -> 0 | AB90: =IF(U90=0,"",L90/U90-1) -> 0.60227273 | AC90: =IF(W90=0,"",L90/W90-1) -> 0.60227273
Q91: =P91*M91 -> 0 | U91: =IF(EXACT(O91,Y91),M91,M91*(1-'Расчет ПРЕДЗАКАЗ'!$D$10)) -> 0 | V91: =P91*U91 -> 0 | W91: =IF(EXACT(O91,Y91),M91,M91*(1-#REF!)) -> #REF! | X91: =P91*W91 -> #REF! | Y91: СтопЦена | Z91: =IF(EXACT(O91,Y91),Q91,0) -> 0 | AA91: =IF(Z91=0,Q91,0) -> 0 | AB91: =IF(U91=0,"",L91/U91-1) | AC91: =IF(W91=0,"",L91/W91-1) -> #REF!
Q92: =P92*M92 -> 0 | U92: =IF(EXACT(O92,Y92),M92,M92*(1-'Расчет ПРЕДЗАКАЗ'!$D$10)) -> 0 | V92: =P92*U92 -> 0 | W92: =IF(EXACT(O92,Y92),M92,M92*(1-#REF!)) -> #REF! | X92: =P92*W92 -> #REF! | Y92: СтопЦена | Z92: =IF(EXACT(O92,Y92),Q92,0) -> 0 | AA92: =IF(Z92=0,Q92,0) -> 0 | AB92: =IF(U92=0,"",L92/U92-1) | AC92: =IF(W92=0,"",L92/W92-1) -> #REF!
Q93: =P93*M93 -> 0 | U93: =IF(EXACT(O93,Y93),M93,M93*(1-'Расчет ПРЕДЗАКАЗ'!$D$10)) -> 0 | V93: =P93*U93 -> 0 | W93: =IF(EXACT(O93,Y93),M93,M93*(1-#REF!)) -> #REF! | X93: =P93*W93 -> #REF! | Y93: СтопЦена | Z93: =IF(EXACT(O93,Y93),Q93,0) -> 0 | AA93: =IF(Z93=0,Q93,0) -> 0 | AB93: =IF(U93=0,"",L93/U93-1) | AC93: =IF(W93=0,"",L93/W93-1) -> #REF!
Q94: =P94*M94 -> 0 | U94: =IF(EXACT(O94,Y94),M94,M94*(1-'Расчет ПРЕДЗАКАЗ'!$D$10)) -> 0 | V94: =P94*U94 -> 0 | W94: =IF(EXACT(O94,Y94),M94,M94*(1-#REF!)) -> #REF! | X94: =P94*W94 -> #REF! | Y94: СтопЦена | Z94: =IF(EXACT(O94,Y94),Q94,0) -> 0 | AA94: =IF(Z94=0,Q94,0) -> 0 | AB94: =IF(U94=0,"",L94/U94-1) | AC94: =IF(W94=0,"",L94/W94-1) -> #REF!
Q95: =P95*M95 -> 0 | U95: =IF(EXACT(O95,Y95),M95,M95*(1-'Расчет ПРЕДЗАКАЗ'!$D$10)) -> 0 | V95: =P95*U95 -> 0 | W95: =IF(EXACT(O95,Y95),M95,M95*(1-#REF!)) -> #REF! | X95: =P95*W95 -> #REF! | Y95: СтопЦена | Z95: =IF(EXACT(O95,Y95),Q95,0) -> 0 | AA95: =IF(Z95=0,Q95,0) -> 0 | AB95: =IF(U95=0,"",L95/U95-1) | AC95: =IF(W95=0,"",L95/W95-1) -> #REF!
Q96: =P96*M96 -> 0 | U96: =IF(EXACT(O96,Y96),M96,M96*(1-'Расчет ПРЕДЗАКАЗ'!$D$10)) -> 0 | V96: =P96*U96 -> 0 | W96: =IF(EXACT(O96,Y96),M96,M96*(1-#REF!)) -> #REF! | X96: =P96*W96 -> #REF! | Y96: СтопЦена | Z96: =IF(EXACT(O96,Y96),Q96,0) -> 0 | AA96: =IF(Z96=0,Q96,0) -> 0 | AB96: =IF(U96=0,"",L96/U96-1) | AC96: =IF(W96=0,"",L96/W96-1) -> #REF!
Q97: =P97*M97 -> 0 | U97: =IF(EXACT(O97,Y97),M97,M97*(1-'Расчет ПРЕДЗАКАЗ'!$D$10)) -> 0 | V97: =P97*U97 -> 0 | W97: =IF(EXACT(O97,Y97),M97,M97*(1-#REF!)) -> #REF! | X97: =P97*W97 -> #REF! | Y97: СтопЦена | Z97: =IF(EXACT(O97,Y97),Q97,0) -> 0 | AA97: =IF(Z97=0,Q97,0) -> 0 | AB97: =IF(U97=0,"",L97/U97-1) | AC97: =IF(W97=0,"",L97/W97-1) -> #REF!
Q98: =P98*M98 -> 0 | U98: =IF(EXACT(O98,Y98),M98,M98*(1-'Расчет ПРЕДЗАКАЗ'!$D$10)) -> 0 | V98: =P98*U98 -> 0 | W98: =IF(EXACT(O98,Y98),M98,M98*(1-#REF!)) -> #REF! | X98: =P98*W98 -> #REF! | Y98: СтопЦена | Z98: =IF(EXACT(O98,Y98),Q98,0) -> 0 | AA98: =IF(Z98=0,Q98,0) -> 0 | AB98: =IF(U98=0,"",L98/U98-1) | AC98: =IF(W98=0,"",L98/W98-1) -> #REF!
Q99: =P99*M99 -> 0 | U99: =IF(EXACT(O99,Y99),M99,M99*(1-'Расчет ПРЕДЗАКАЗ'!$D$10)) -> 0 | V99: =P99*U99 -> 0 | W99: =IF(EXACT(O99,Y99),M99,M99*(1-#REF!)) -> #REF! | X99: =P99*W99 -> #REF! | Y99: СтопЦена | Z99: =IF(EXACT(O99,Y99),Q99,0) -> 0 | AA99: =IF(Z99=0,Q99,0) -> 0 | AB99: =IF(U99=0,"",L99/U99-1) | AC99: =IF(W99=0,"",L99/W99-1) -> #REF!
Q100: =P100*M100 -> 0 | U100: =IF(EXACT(O100,Y100),M100,M100*(1-'Расчет ПРЕДЗАКАЗ'!$D$10)) -> 0 | V100: =P100*U100 -> 0 | W100: =IF(EXACT(O100,Y100),M100,M100*(1-#REF!)) -> #REF! | X100: =P100*W100 -> #REF! | Y100: СтопЦена | Z100: =IF(EXACT(O100,Y100),Q100,0) -> 0 | AA100: =IF(Z100=0,Q100,0) -> 0 | AB100: =IF(U100=0,"",L100/U100-1) | AC100: =IF(W100=0,"",L100/W100-1) -> #REF!
Q101: =P101*M101 -> 0 | U101: =IF(EXACT(O101,Y101),M101,M101*(1-'Расчет ПРЕДЗАКАЗ'!$D$10)) -> 0 | V101: =P101*U101 -> 0 | W101: =IF(EXACT(O101,Y101),M101,M101*(1-#REF!)) -> #REF! | X101: =P101*W101 -> #REF! | Y101: СтопЦена | Z101: =IF(EXACT(O101,Y101),Q101,0) -> 0 | AA101: =IF(Z101=0,Q101,0) -> 0 | AB101: =IF(U101=0,"",L101/U101-1) | AC101: =IF(W101=0,"",L101/W101-1) -> #REF!
Q102: =P102*M102 -> 0 | U102: =IF(EXACT(O102,Y102),M102,M102*(1-'Расчет ПРЕДЗАКАЗ'!$D$10)) -> 0 | V102: =P102*U102 -> 0 | W102: =IF(EXACT(O102,Y102),M102,M102*(1-#REF!)) -> #REF! | X102: =P102*W102 -> #REF! | Y102: СтопЦена | Z102: =IF(EXACT(O102,Y102),Q102,0) -> 0 | AA102: =IF(Z102=0,Q102,0) -> 0 | AB102: =IF(U102=0,"",L102/U102-1) | AC102: =IF(W102=0,"",L102/W102-1) -> #REF!
A104: 511 | B104: 162-2203233123-031 | C104: Тахо толстовка PAYER, демисезонная, флис, графит | D104: Фото отсутствует | F104: Ткань верха: флис: 100% полиэстер, плотность 135 г/м² | G104: графит | H104: Флис приятен к телу, помогает удерживать тепло и быстро сохнет Воротник-стойка дополнительно защищает шею от ветра и холода Продуманная конструкция сохраняет комфорт при длительной носке | I104: Толстовка «Тахо» ТМ PAYER — выбор для отдыха на природе и туризма в межсезонье. Антипиллинг повышает износостойкость материала и помогает дольше сохранять аккуратный внешний вид. Продуманные карманы и застёжки делают модель удобной для вещей, которые должны быть под рукой. Флисовый материал приятен к телу, помогает сохранять тепло, быстро сохнет и удобен в качестве самостоятельного или дополнительного слоя. Сезон: демисезон | J104: WEB-Сайт | K104: р-р 40-42 рост 158-164 | L104: 1200 | M104: 665 | N104: 4610097079504 | O104: СтопЦена | Q104: =P104*M104 -> 0 | S104: 10 | U104: =IF(EXACT(O104,Y104),M104,M104*(1-'Расчет ПРЕДЗАКАЗ'!$D$10)) -> 665 | V104: =P104*U104 -> 0 | W104: =IF(EXACT(O104,Y104),M104,M104*(1-#REF!)) -> 665 | X104: =P104*W104 -> 0 | Y104: СтопЦена | Z104: =IF(EXACT(O104,Y104),Q104,0) -> 0 | AA104: =IF(Z104=0,Q104,0) -> 0 | AB104: =IF(U104=0,"",L104/U104-1) -> 0.80451128 | AC104: =IF(W104=0,"",L104/W104-1) -> 0.80451128
K105: р-р 40-42 рост 170-176 | L105: 1200 | M105: 665 | N105: 4610097079382 | O105: СтопЦена | Q105: =P105*M105 -> 0 | S105: 1 | U105: =IF(EXACT(O105,Y105),M105,M105*(1-'Расчет ПРЕДЗАКАЗ'!$D$10)) -> 665 | V105: =P105*U105 -> 0 | W105: =IF(EXACT(O105,Y105),M105,M105*(1-#REF!)) -> 665 | X105: =P105*W105 -> 0 | Y105: СтопЦена | Z105: =IF(EXACT(O105,Y105),Q105,0) -> 0 | AA105: =IF(Z105=0,Q105,0) -> 0 | AB105: =IF(U105=0,"",L105/U105-1) -> 0.80451128 | AC105: =IF(W105=0,"",L105/W105-1) -> 0.80451128
Q106: =P106*M106 -> 0 | U106: =IF(EXACT(O106,Y106),M106,M106*(1-'Расчет ПРЕДЗАКАЗ'!$D$10)) -> 0 | V106: =P106*U106 -> 0 | W106: =IF(EXACT(O106,Y106),M106,M106*(1-#REF!)) -> #REF! | X106: =P106*W106 -> #REF! | Y106: СтопЦена | Z106: =IF(EXACT(O106,Y106),Q106,0) -> 0 | AA106: =IF(Z106=0,Q106,0) -> 0 | AB106: =IF(U106=0,"",L106/U106-1) | AC106: =IF(W106=0,"",L106/W106-1) -> #REF!
Q107: =P107*M107 -> 0 | U107: =IF(EXACT(O107,Y107),M107,M107*(1-'Расчет ПРЕДЗАКАЗ'!$D$10)) -> 0 | V107: =P107*U107 -> 0 | W107: =IF(EXACT(O107,Y107),M107,M107*(1-#REF!)) -> #REF! | X107: =P107*W107 -> #REF! | Y107: СтопЦена | Z107: =IF(EXACT(O107,Y107),Q107,0) -> 0 | AA107: =IF(Z107=0,Q107,0) -> 0 | AB107: =IF(U107=0,"",L107/U107-1) | AC107: =IF(W107=0,"",L107/W107-1) -> #REF!
Q108: =P108*M108 -> 0 | U108: =IF(EXACT(O108,Y108),M108,M108*(1-'Расчет ПРЕДЗАКАЗ'!$D$10)) -> 0 | V108: =P108*U108 -> 0 | W108: =IF(EXACT(O108,Y108),M108,M108*(1-#REF!)) -> #REF! | X108: =P108*W108 -> #REF! | Y108: СтопЦена | Z108: =IF(EXACT(O108,Y108),Q108,0) -> 0 | AA108: =IF(Z108=0,Q108,0) -> 0 | AB108: =IF(U108=0,"",L108/U108-1) | AC108: =IF(W108=0,"",L108/W108-1) -> #REF!
Q109: =P109*M109 -> 0 | U109: =IF(EXACT(O109,Y109),M109,M109*(1-'Расчет ПРЕДЗАКАЗ'!$D$10)) -> 0 | V109: =P109*U109 -> 0 | W109: =IF(EXACT(O109,Y109),M109,M109*(1-#REF!)) -> #REF! | X109: =P109*W109 -> #REF! | Y109: СтопЦена | Z109: =IF(EXACT(O109,Y109),Q109,0) -> 0 | AA109: =IF(Z109=0,Q109,0) -> 0 | AB109: =IF(U109=0,"",L109/U109-1) | AC109: =IF(W109=0,"",L109/W109-1) -> #REF!
Q110: =P110*M110 -> 0 | U110: =IF(EXACT(O110,Y110),M110,M110*(1-'Расчет ПРЕДЗАКАЗ'!$D$10)) -> 0 | V110: =P110*U110 -> 0 | W110: =IF(EXACT(O110,Y110),M110,M110*(1-#REF!)) -> #REF! | X110: =P110*W110 -> #REF! | Y110: СтопЦена | Z110: =IF(EXACT(O110,Y110),Q110,0) -> 0 | AA110: =IF(Z110=0,Q110,0) -> 0 | AB110: =IF(U110=0,"",L110/U110-1) | AC110: =IF(W110=0,"",L110/W110-1) -> #REF!
Q111: =P111*M111 -> 0 | U111: =IF(EXACT(O111,Y111),M111,M111*(1-'Расчет ПРЕДЗАКАЗ'!$D$10)) -> 0 | V111: =P111*U111 -> 0 | W111: =IF(EXACT(O111,Y111),M111,M111*(1-#REF!)) -> #REF! | X111: =P111*W111 -> #REF! | Y111: СтопЦена | Z111: =IF(EXACT(O111,Y111),Q111,0) -> 0 | AA111: =IF(Z111=0,Q111,0) -> 0 | AB111: =IF(U111=0,"",L111/U111-1) | AC111: =IF(W111=0,"",L111/W111-1) -> #REF!
Q112: =P112*M112 -> 0 | U112: =IF(EXACT(O112,Y112),M112,M112*(1-'Расчет ПРЕДЗАКАЗ'!$D$10)) -> 0 | V112: =P112*U112 -> 0 | W112: =IF(EXACT(O112,Y112),M112,M112*(1-#REF!)) -> #REF! | X112: =P112*W112 -> #REF! | Y112: СтопЦена | Z112: =IF(EXACT(O112,Y112),Q112,0) -> 0 | AA112: =IF(Z112=0,Q112,0) -> 0 | AB112: =IF(U112=0,"",L112/U112-1) | AC112: =IF(W112=0,"",L112/W112-1) -> #REF!
Q113: =P113*M113 -> 0 | U113: =IF(EXACT(O113,Y113),M113,M113*(1-'Расчет ПРЕДЗАКАЗ'!$D$10)) -> 0 | V113: =P113*U113 -> 0 | W113: =IF(EXACT(O113,Y113),M113,M113*(1-#REF!)) -> #REF! | X113: =P113*W113 -> #REF! | Y113: СтопЦена | Z113: =IF(EXACT(O113,Y113),Q113,0) -> 0 | AA113: =IF(Z113=0,Q113,0) -> 0 | AB113: =IF(U113=0,"",L113/U113-1) | AC113: =IF(W113=0,"",L113/W113-1) -> #REF!
Q114: =P114*M114 -> 0 | U114: =IF(EXACT(O114,Y114),M114,M114*(1-'Расчет ПРЕДЗАКАЗ'!$D$10)) -> 0 | V114: =P114*U114 -> 0 | W114: =IF(EXACT(O114,Y114),M114,M114*(1-#REF!)) -> #REF! | X114: =P114*W114 -> #REF! | Y114: СтопЦена | Z114: =IF(EXACT(O114,Y114),Q114,0) -> 0 | AA114: =IF(Z114=0,Q114,0) -> 0 | AB114: =IF(U114=0,"",L114/U114-1) | AC114: =IF(W114=0,"",L114/W114-1) -> #REF!
Q115: =P115*M115 -> 0 | U115: =IF(EXACT(O115,Y115),M115,M115*(1-'Расчет ПРЕДЗАКАЗ'!$D$10)) -> 0 | V115: =P115*U115 -> 0 | W115: =IF(EXACT(O115,Y115),M115,M115*(1-#REF!)) -> #REF! | X115: =P115*W115 -> #REF! | Y115: СтопЦена | Z115: =IF(EXACT(O115,Y115),Q115,0) -> 0 | AA115: =IF(Z115=0,Q115,0) -> 0 | AB115: =IF(U115=0,"",L115/U115-1) | AC115: =IF(W115=0,"",L115/W115-1) -> #REF!
Q116: =P116*M116 -> 0 | U116: =IF(EXACT(O116,Y116),M116,M116*(1-'Расчет ПРЕДЗАКАЗ'!$D$10)) -> 0 | V116: =P116*U116 -> 0 | W116: =IF(EXACT(O116,Y116),M116,M116*(1-#REF!)) -> #REF! | X116: =P116*W116 -> #REF! | Y116: СтопЦена | Z116: =IF(EXACT(O116,Y116),Q116,0) -> 0 | AA116: =IF(Z116=0,Q116,0) -> 0 | AB116: =IF(U116=0,"",L116/U116-1) | AC116: =IF(W116=0,"",L116/W116-1) -> #REF!
Q117: =P117*M117 -> 0 | U117: =IF(EXACT(O117,Y117),M117,M117*(1-'Расчет ПРЕДЗАКАЗ'!$D$10)) -> 0 | V117: =P117*U117 -> 0 | W117: =IF(EXACT(O117,Y117),M117,M117*(1-#REF!)) -> #REF! | X117: =P117*W117 -> #REF! | Y117: СтопЦена | Z117: =IF(EXACT(O117,Y117),Q117,0) -> 0 | AA117: =IF(Z117=0,Q117,0) -> 0 | AB117: =IF(U117=0,"",L117/U117-1) | AC117: =IF(W117=0,"",L117/W117-1) -> #REF!
Q118: =P118*M118 -> 0 | U118: =IF(EXACT(O118,Y118),M118,M118*(1-'Расчет ПРЕДЗАКАЗ'!$D$10)) -> 0 | V118: =P118*U118 -> 0 | W118: =IF(EXACT(O118,Y118),M118,M118*(1-#REF!)) -> #REF! | X118: =P118*W118 -> #REF! | Y118: СтопЦена | Z118: =IF(EXACT(O118,Y118),Q118,0) -> 0 | AA118: =IF(Z118=0,Q118,0) -> 0 | AB118: =IF(U118=0,"",L118/U118-1) | AC118: =IF(W118=0,"",L118/W118-1) -> #REF!
A120: 512 | B120: 162-0203233123-027 | C120: Тахо толстовка женская PAYER, демисезонная, флис, голубой | D120: Фото отсутствует | F120: Ткань верха: флис: 100% полиэстер, плотность 135 г/м² | G120: голубой | H120: низ изделия окантован резинкой контрастного цвета низ рукавов оканован резинкой контрастного цвета с петлей под большой палец для фиксации рукава при надевании верхней одежды воротник-стойка с застежкой на молнию контрастного цвета ветрозащитная планка под центральной молнией | I120: Флисовая толстовка "Тахо" - универсальный утепляющий слой в составе многослойной экипировки для активного отдыха. Может заменить термобелье второго слоя и использоваться как самостоятельное изделие в прохладную, сухую погоду. Флис тактильно приятен, великолепно отводит влагу от тела. Многообразие расцветок позволит подобрать толстовку к любой экипировке. | J120: WEB-Сайт | K120: р-р 40-42 рост 170-176 | L120: 1040 | M120: 890 | N120: 4610097082900 | Q120: =P120*M120 -> 0 | S120: 3 | U120: =IF(EXACT(O120,Y120),M120,M120*(1-'Расчет ПРЕДЗАКАЗ'!$D$10)) -> 872.2 | V120: =P120*U120 -> 0 | W120: =IF(EXACT(O120,Y120),M120,M120*(1-#REF!)) -> #REF! | X120: =P120*W120 -> #REF! | Y120: СтопЦена | Z120: =IF(EXACT(O120,Y120),Q120,0) -> 0 | AA120: =IF(Z120=0,Q120,0) -> 0 | AB120: =IF(U120=0,"",L120/U120-1) -> 0.19238707 | AC120: =IF(W120=0,"",L120/W120-1) -> #REF!
K121: р-р 44-46 рост 170-176 | L121: 1040 | M121: 890 | N121: 4610097082924 | Q121: =P121*M121 -> 0 | S121: 1 | U121: =IF(EXACT(O121,Y121),M121,M121*(1-'Расчет ПРЕДЗАКАЗ'!$D$10)) -> 872.2 | V121: =P121*U121 -> 0 | W121: =IF(EXACT(O121,Y121),M121,M121*(1-#REF!)) -> #REF! | X121: =P121*W121 -> #REF! | Y121: СтопЦена | Z121: =IF(EXACT(O121,Y121),Q121,0) -> 0 | AA121: =IF(Z121=0,Q121,0) -> 0 | AB121: =IF(U121=0,"",L121/U121-1) -> 0.19238707 | AC121: =IF(W121=0,"",L121/W121-1) -> #REF!
Q122: =P122*M122 -> 0 | U122: =IF(EXACT(O122,Y122),M122,M122*(1-'Расчет ПРЕДЗАКАЗ'!$D$10)) -> 0 | V122: =P122*U122 -> 0 | W122: =IF(EXACT(O122,Y122),M122,M122*(1-#REF!)) -> #REF! | X122: =P122*W122 -> #REF! | Y122: СтопЦена | Z122: =IF(EXACT(O122,Y122),Q122,0) -> 0 | AA122: =IF(Z122=0,Q122,0) -> 0 | AB122: =IF(U122=0,"",L122/U122-1) | AC122: =IF(W122=0,"",L122/W122-1) -> #REF!
Q123: =P123*M123 -> 0 | U123: =IF(EXACT(O123,Y123),M123,M123*(1-'Расчет ПРЕДЗАКАЗ'!$D$10)) -> 0 | V123: =P123*U123 -> 0 | W123: =IF(EXACT(O123,Y123),M123,M123*(1-#REF!)) -> #REF! | X123: =P123*W123 -> #REF! | Y123: СтопЦена | Z123: =IF(EXACT(O123,Y123),Q123,0) -> 0 | AA123: =IF(Z123=0,Q123,0) -> 0 | AB123: =IF(U123=0,"",L123/U123-1) | AC123: =IF(W123=0,"",L123/W123-1) -> #REF!
Q124: =P124*M124 -> 0 | U124: =IF(EXACT(O124,Y124),M124,M124*(1-'Расчет ПРЕДЗАКАЗ'!$D$10)) -> 0 | V124: =P124*U124 -> 0 | W124: =IF(EXACT(O124,Y124),M124,M124*(1-#REF!)) -> #REF! | X124: =P124*W124 -> #REF! | Y124: СтопЦена | Z124: =IF(EXACT(O124,Y124),Q124,0) -> 0 | AA124: =IF(Z124=0,Q124,0) -> 0 | AB124: =IF(U124=0,"",L124/U124-1) | AC124: =IF(W124=0,"",L124/W124-1) -> #REF!
Q125: =P125*M125 -> 0 | U125: =IF(EXACT(O125,Y125),M125,M125*(1-'Расчет ПРЕДЗАКАЗ'!$D$10)) -> 0 | V125: =P125*U125 -> 0 | W125: =IF(EXACT(O125,Y125),M125,M125*(1-#REF!)) -> #REF! | X125: =P125*W125 -> #REF! | Y125: СтопЦена | Z125: =IF(EXACT(O125,Y125),Q125,0) -> 0 | AA125: =IF(Z125=0,Q125,0) -> 0 | AB125: =IF(U125=0,"",L125/U125-1) | AC125: =IF(W125=0,"",L125/W125-1) -> #REF!
Q126: =P126*M126 -> 0 | U126: =IF(EXACT(O126,Y126),M126,M126*(1-'Расчет ПРЕДЗАКАЗ'!$D$10)) -> 0 | V126: =P126*U126 -> 0 | W126: =IF(EXACT(O126,Y126),M126,M126*(1-#REF!)) -> #REF! | X126: =P126*W126 -> #REF! | Y126: СтопЦена | Z126: =IF(EXACT(O126,Y126),Q126,0) -> 0 | AA126: =IF(Z126=0,Q126,0) -> 0 | AB126: =IF(U126=0,"",L126/U126-1) | AC126: =IF(W126=0,"",L126/W126-1) -> #REF!
...

Sheet 7.62
AA3: =IF(O24=СторЦена,M24*P24,) -> #NAME?
Z22: =SUM(Z24:Z834535) -> 0 | AA22: =SUM(AA24:AA834535) -> 0
A23: № | B23: Артикул | C23: Наименование как в 1С | D23: Фото Перед | F23: Ткань | G23: Цвет | H23: Особенности модели | I23: Описание | J23: Подробнее | K23: Размер | L23: РРЦ НОВАЯ | M23: оптовая | N23: Штрихкод | O23: СТОП ЦЕНА | P23: Количество ЗАКАЗ в шт (внести) | Q23: Сумма заказа в руб. по оптовой цене | S23: Остатки в шт | U23: Цена за штуку с учетом вашей скидки | V23: Сумма заказа в руб. с учетом вашей скидки | W23: Цена за штуку с учетом вашей скидки | X23: Сумма заказа в руб. с учетом вашей скидки | Z23: Расчет стоп цены | AA23: Расчет цены | AB23: Наценка РРЦ | AC23: Наценка РРЦ
A24: 128 | B24: 110-1305077123-154 | C24: Дефендер термобелье 7.62, черный | D24: Фото отсутствует | F24: Ткань верха: трикотаж: полиэстер 100% | G24: черный | H24: Анатомический крой обеспечивает удобную посадку и свободу движений Материал отводит влагу от тела и поддерживает комфортный микроклимат Быстросохнущая ткань удобна в активном режиме и поездках Отверстия для больших пальцев фиксируют рукава и добавляют удобство | I24: Термобельё 1-го слоя «Дефендер» ТМ 7.62 — выбор для средней и высокой активности осенью. Анатомичный крой повторяет движения тела и не мешает активности. Материал помогает отводить влагу от тела, поддерживает терморегуляцию и быстро сохнет после нагрузки. Лёгкий полиэстеровый трикотаж эффективно отводит влагу, быстро сохнет и комфортно ощущается при длительной активности. Сезон: осень | J24: WEB-Сайт | K24: р-р 44-46 рост 170-176 | L24: 3650 | M24: 2280 | N24: 4660335521340 | Q24: =P24*M24 -> 0 | S24: 1 | U24: =IF(EXACT(O24,Y24),M24,M24*(1-'Расчет ПРЕДЗАКАЗ'!$D$10)) -> 2234.4 | V24: =P24*U24 -> 0 | W24: =IF(EXACT(O24,Y24),M24,M24*(1-#REF!)) -> #REF! | X24: =P24*W24 -> #REF! | Y24: СтопЦена | Z24: =IF(EXACT(O24,Y24),Q24,0) -> 0 | AA24: =IF(Z24=0,Q24,0) -> 0 | AB24: =IF(U24=0,"",L24/U24-1) -> 0.63354816 | AC24: =IF(W24=0,"",L24/W24-1) -> #REF!
K25: р-р 48-50 рост 170-176 | L25: 3650 | M25: 2280 | N25: 4660335521357 | Q25: =P25*M25 -> 0 | S25: 1 | U25: =IF(EXACT(O25,Y25),M25,M25*(1-'Расчет ПРЕДЗАКАЗ'!$D$10)) -> 2234.4 | V25: =P25*U25 -> 0 | W25: =IF(EXACT(O25,Y25),M25,M25*(1-#REF!)) -> #REF! | X25: =P25*W25 -> #REF! | Y25: СтопЦена | Z25: =IF(EXACT(O25,Y25),Q25,0) -> 0 | AA25: =IF(Z25=0,Q25,0) -> 0 | AB25: =IF(U25=0,"",L25/U25-1) -> 0.63354816 | AC25: =IF(W25=0,"",L25/W25-1) -> #REF!
K26: р-р 48-50 рост 182-188 | L26: 3650 | M26: 2280 | N26: 4660335521364 | Q26: =P26*M26 -> 0 | S26: 1 | U26: =IF(EXACT(O26,Y26),M26,M26*(1-'Расчет ПРЕДЗАКАЗ'!$D$10)) -> 2234.4 | V26: =P26*U26 -> 0 | W26: =IF(EXACT(O26,Y26),M26,M26*(1-#REF!)) -> #REF! | X26: =P26*W26 -> #REF! | Y26: СтопЦена | Z26: =IF(EXACT(O26,Y26),Q26,0) -> 0 | AA26: =IF(Z26=0,Q26,0) -> 0 | AB26: =IF(U26=0,"",L26/U26-1) -> 0.63354816 | AC26: =IF(W26=0,"",L26/W26-1) -> #REF!
K27: р-р 56-58 рост 182-188 | L27: 3650 | M27: 2280 | N27: 4660335521401 | Q27: =P27*M27 -> 0 | S27: 2 | U27: =IF(EXACT(O27,Y27),M27,M27*(1-'Расчет ПРЕДЗАКАЗ'!$D$10)) -> 2234.4 | V27: =P27*U27 -> 0 | W27: =IF(EXACT(O27,Y27),M27,M27*(1-#REF!)) -> #REF! | X27: =P27*W27 -> #REF! | Y27: СтопЦена | Z27: =IF(EXACT(O27,Y27),Q27,0) -> 0 | AA27: =IF(Z27=0,Q27,0) -> 0 | AB27: =IF(U27=0,"",L27/U27-1) -> 0.63354816 | AC27: =IF(W27=0,"",L27/W27-1) -> #REF!
L28: =M28-M28*30% -> 0 | Q28: =P28*M28 -> 0 | U28: =IF(EXACT(O28,Y28),M28,M28*(1-'Расчет ПРЕДЗАКАЗ'!$D$10)) -> 0 | V28: =P28*U28 -> 0 | W28: =IF(EXACT(O28,Y28),M28,M28*(1-#REF!)) -> #REF! | X28: =P28*W28 -> #REF! | Y28: СтопЦена | Z28: =IF(EXACT(O28,Y28),Q28,0) -> 0 | AA28: =IF(Z28=0,Q28,0) -> 0 | AB28: =IF(U28=0,"",L28/U28-1) | AC28: =IF(W28=0,"",L28/W28-1) -> #REF!
L29: =M29-M29*30% -> 0 | Q29: =P29*M29 -> 0 | U29: =IF(EXACT(O29,Y29),M29,M29*(1-'Расчет ПРЕДЗАКАЗ'!$D$10)) -> 0 | V29: =P29*U29 -> 0 | W29: =IF(EXACT(O29,Y29),M29,M29*(1-#REF!)) -> #REF! | X29: =P29*W29 -> #REF! | Y29: СтопЦена | Z29: =IF(EXACT(O29,Y29),Q29,0) -> 0 | AA29: =IF(Z29=0,Q29,0) -> 0 | AB29: =IF(U29=0,"",L29/U29-1) | AC29: =IF(W29=0,"",L29/W29-1) -> #REF!
L30: =M30-M30*30% -> 0 | Q30: =P30*M30 -> 0 | U30: =IF(EXACT(O30,Y30),M30,M30*(1-'Расчет ПРЕДЗАКАЗ'!$D$10)) -> 0 | V30: =P30*U30 -> 0 | W30: =IF(EXACT(O30,Y30),M30,M30*(1-#REF!)) -> #REF! | X30: =P30*W30 -> #REF! | Y30: СтопЦена | Z30: =IF(EXACT(O30,Y30),Q30,0) -> 0 | AA30: =IF(Z30=0,Q30,0) -> 0 | AB30: =IF(U30=0,"",L30/U30-1) | AC30: =IF(W30=0,"",L30/W30-1) -> #REF!
L31: =M31-M31*30% -> 0 | Q31: =P31*M31 -> 0 | U31: =IF(EXACT(O31,Y31),M31,M31*(1-'Расчет ПРЕДЗАКАЗ'!$D$10)) -> 0 | V31: =P31*U31 -> 0 | W31: =IF(EXACT(O31,Y31),M31,M31*(1-#REF!)) -> #REF! | X31: =P31*W31 -> #REF! | Y31: СтопЦена | Z31: =IF(EXACT(O31,Y31),Q31,0) -> 0 | AA31: =IF(Z31=0,Q31,0) -> 0 | AB31: =IF(U31=0,"",L31/U31-1) | AC31: =IF(W31=0,"",L31/W31-1) -> #REF!
L32: =M32-M32*30% -> 0 | Q32: =P32*M32 -> 0 | U32: =IF(EXACT(O32,Y32),M32,M32*(1-'Расчет ПРЕДЗАКАЗ'!$D$10)) -> 0 | V32: =P32*U32 -> 0 | W32: =IF(EXACT(O32,Y32),M32,M32*(1-#REF!)) -> #REF! | X32: =P32*W32 -> #REF! | Y32: СтопЦена | Z32: =IF(EXACT(O32,Y32),Q32,0) -> 0 | AA32: =IF(Z32=0,Q32,0) -> 0 | AB32: =IF(U32=0,"",L32/U32-1) | AC32: =IF(W32=0,"",L32/W32-1) -> #REF!
L33: =M33-M33*30% -> 0 | Q33: =P33*M33 -> 0 | U33: =IF(EXACT(O33,Y33),M33,M33*(1-'Расчет ПРЕДЗАКАЗ'!$D$10)) -> 0 | V33: =P33*U33 -> 0 | W33: =IF(EXACT(O33,Y33),M33,M33*(1-#REF!)) -> #REF! | X33: =P33*W33 -> #REF! | Y33: СтопЦена | Z33: =IF(EXACT(O33,Y33),Q33,0) -> 0 | AA33: =IF(Z33=0,Q33,0) -> 0 | AB33: =IF(U33=0,"",L33/U33-1) | AC33: =IF(W33=0,"",L33/W33-1) -> #REF!
L34: =M34-M34*30% -> 0 | Q34: =P34*M34 -> 0 | U34: =IF(EXACT(O34,Y34),M34,M34*(1-'Расчет ПРЕДЗАКАЗ'!$D$10)) -> 0 | V34: =P34*U34 -> 0 | W34: =IF(EXACT(O34,Y34),M34,M34*(1-#REF!)) -> #REF! | X34: =P34*W34 -> #REF! | Y34: СтопЦена | Z34: =IF(EXACT(O34,Y34),Q34,0) -> 0 | AA34: =IF(Z34=0,Q34,0) -> 0 | AB34: =IF(U34=0,"",L34/U34-1) | AC34: =IF(W34=0,"",L34/W34-1) -> #REF!
L35: =M35-M35*30% -> 0 | Q35: =P35*M35 -> 0 | U35: =IF(EXACT(O35,Y35),M35,M35*(1-'Расчет ПРЕДЗАКАЗ'!$D$10)) -> 0 | V35: =P35*U35 -> 0 | W35: =IF(EXACT(O35,Y35),M35,M35*(1-#REF!)) -> #REF! | X35: =P35*W35 -> #REF! | Y35: СтопЦена | Z35: =IF(EXACT(O35,Y35),Q35,0) -> 0 | AA35: =IF(Z35=0,Q35,0) -> 0 | AB35: =IF(U35=0,"",L35/U35-1) | AC35: =IF(W35=0,"",L35/W35-1) -> #REF!
L36: =M36-M36*30% -> 0 | Q36: =P36*M36 -> 0 | U36: =IF(EXACT(O36,Y36),M36,M36*(1-'Расчет ПРЕДЗАКАЗ'!$D$10)) -> 0 | V36: =P36*U36 -> 0 | W36: =IF(EXACT(O36,Y36),M36,M36*(1-#REF!)) -> #REF! | X36: =P36*W36 -> #REF! | Y36: СтопЦена | Z36: =IF(EXACT(O36,Y36),Q36,0) -> 0 | AA36: =IF(Z36=0,Q36,0) -> 0 | AB36: =IF(U36=0,"",L36/U36-1) | AC36: =IF(W36=0,"",L36/W36-1) -> #REF!
L37: =M37-M37*30% -> 0 | Q37: =P37*M37 -> 0 | U37: =IF(EXACT(O37,Y37),M37,M37*(1-'Расчет ПРЕДЗАКАЗ'!$D$10)) -> 0 | V37: =P37*U37 -> 0 | W37: =IF(EXACT(O37,Y37),M37,M37*(1-#REF!)) -> #REF! | X37: =P37*W37 -> #REF! | Y37: СтопЦена | Z37: =IF(EXACT(O37,Y37),Q37,0) -> 0 | AA37: =IF(Z37=0,Q37,0) -> 0 | AB37: =IF(U37=0,"",L37/U37-1) | AC37: =IF(W37=0,"",L37/W37-1) -> #REF!
L38: =M38-M38*30% -> 0 | Q38: =P38*M38 -> 0 | U38: =IF(EXACT(O38,Y38),M38,M38*(1-'Расчет ПРЕДЗАКАЗ'!$D$10)) -> 0 | V38: =P38*U38 -> 0 | W38: =IF(EXACT(O38,Y38),M38,M38*(1-#REF!)) -> #REF! | X38: =P38*W38 -> #REF! | Y38: СтопЦена | Z38: =IF(EXACT(O38,Y38),Q38,0) -> 0 | AA38: =IF(Z38=0,Q38,0) -> 0 | AB38: =IF(U38=0,"",L38/U38-1) | AC38: =IF(W38=0,"",L38/W38-1) -> #REF!
A40: 129 | B40: 110-1105077123-072 | C40: Дефендер термобелье 7.62, олива | D40: Фото отсутствует | F40: Ткань верха: трикотаж: полиэстер 100% | G40: олива | H40: Анатомический крой обеспечивает удобную посадку и свободу движений Материал отводит влагу от тела и поддерживает комфортный микроклимат Быстросохнущая ткань удобна в активном режиме и поездках Отверстия для больших пальцев фиксируют рукава и добавляют удобство | I40: Термобельё 1-го слоя «Дефендер» ТМ 7.62 — выбор для средней и высокой активности осенью. Анатомичный крой повторяет движения тела и не мешает активности. Материал помогает отводить влагу от тела, поддерживает терморегуляцию и быстро сохнет после нагрузки. Лёгкий полиэстеровый трикотаж эффективно отводит влагу, быстро сохнет и комфортно ощущается при длительной активности. Сезон: осень | J40: WEB-Сайт | K40: р-р 48-50 рост 170-176 | L40: 4150 | M40: 2592 | N40: 4660335521265 | Q40: =P40*M40 -> 0 | S40: 39 | U40: =IF(EXACT(O40,Y40),M40,M40*(1-'Расчет ПРЕДЗАКАЗ'!$D$10)) -> 2540.16 | V40: =P40*U40 -> 0 | W40: =IF(EXACT(O40,Y40),M40,M40*(1-#REF!)) -> #REF! | X40: =P40*W40 -> #REF! | Y40: СтопЦена | Z40: =IF(EXACT(O40,Y40),Q40,0) -> 0 | AA40: =IF(Z40=0,Q40,0) -> 0 | AB40: =IF(U40=0,"",L40/U40-1) -> 0.63375535 | AC40: =IF(W40=0,"",L40/W40-1) -> #REF!
K41: р-р 48-50 рост 182-188 | L41: 4150 | M41: 2592 | N41: 4660335521272 | Q41: =P41*M41 -> 0 | S41: 26 | U41: =IF(EXACT(O41,Y41),M41,M41*(1-'Расчет ПРЕДЗАКАЗ'!$D$10)) -> 2540.16 | V41: =P41*U41 -> 0 | W41: =IF(EXACT(O41,Y41),M41,M41*(1-#REF!)) -> #REF! | X41: =P41*W41 -> #REF! | Y41: СтопЦена | Z41: =IF(EXACT(O41,Y41),Q41,0) -> 0 | AA41: =IF(Z41=0,Q41,0) -> 0 | AB41: =IF(U41=0,"",L41/U41-1) -> 0.63375535 | AC41: =IF(W41=0,"",L41/W41-1) -> #REF!
K42: р-р 52-54 рост 170-176 | L42: 4150 | M42: 2592 | N42: 4660335521289 | Q42: =P42*M42 -> 0 | S42: 86 | U42: =IF(EXACT(O42,Y42),M42,M42*(1-'Расчет ПРЕДЗАКАЗ'!$D$10)) -> 2540.16 | V42: =P42*U42 -> 0 | W42: =IF(EXACT(O42,Y42),M42,M42*(1-#REF!)) -> #REF! | X42: =P42*W42 -> #REF! | Y42: СтопЦена | Z42: =IF(EXACT(O42,Y42),Q42,0) -> 0 | AA42: =IF(Z42=0,Q42,0) -> 0 | AB42: =IF(U42=0,"",L42/U42-1) -> 0.63375535 | AC42: =IF(W42=0,"",L42/W42-1) -> #REF!
Q43: =P43*M43 -> 0 | U43: =IF(EXACT(O43,Y43),M43,M43*(1-'Расчет ПРЕДЗАКАЗ'!$D$10)) -> 0 | V43: =P43*U43 -> 0 | W43: =IF(EXACT(O43,Y43),M43,M43*(1-#REF!)) -> #REF! | X43: =P43*W43 -> #REF! | Y43: СтопЦена | Z43: =IF(EXACT(O43,Y43),Q43,0) -> 0 | AA43: =IF(Z43=0,Q43,0) -> 0 | AB43: =IF(U43=0,"",L43/U43-1) | AC43: =IF(W43=0,"",L43/W43-1) -> #REF!
Q44: =P44*M44 -> 0 | U44: =IF(EXACT(O44,Y44),M44,M44*(1-'Расчет ПРЕДЗАКАЗ'!$D$10)) -> 0 | V44: =P44*U44 -> 0 | W44: =IF(EXACT(O44,Y44),M44,M44*(1-#REF!)) -> #REF! | X44: =P44*W44 -> #REF! | Y44: СтопЦена | Z44: =IF(EXACT(O44,Y44),Q44,0) -> 0 | AA44: =IF(Z44=0,Q44,0) -> 0 | AB44: =IF(U44=0,"",L44/U44-1) | AC44: =IF(W44=0,"",L44/W44-1) -> #REF!
Q45: =P45*M45 -> 0 | U45: =IF(EXACT(O45,Y45),M45,M45*(1-'Расчет ПРЕДЗАКАЗ'!$D$10)) -> 0 | V45: =P45*U45 -> 0 | W45: =IF(EXACT(O45,Y45),M45,M45*(1-#REF!)) -> #REF! | X45: =P45*W45 -> #REF! | Y45: СтопЦена | Z45: =IF(EXACT(O45,Y45),Q45,0) -> 0 | AA45: =IF(Z45=0,Q45,0) -> 0 | AB45: =IF(U45=0,"",L45/U45-1) | AC45: =IF(W45=0,"",L45/W45-1) -> #REF!
Q46: =P46*M46 -> 0 | U46: =IF(EXACT(O46,Y46),M46,M46*(1-'Расчет ПРЕДЗАКАЗ'!$D$10)) -> 0 | V46: =P46*U46 -> 0 | W46: =IF(EXACT(O46,Y46),M46,M46*(1-#REF!)) -> #REF! | X46: =P46*W46 -> #REF! | Y46: СтопЦена | Z46: =IF(EXACT(O46,Y46),Q46,0) -> 0 | AA46: =IF(Z46=0,Q46,0) -> 0 | AB46: =IF(U46=0,"",L46/U46-1) | AC46: =IF(W46=0,"",L46/W46-1) -> #REF!
Q47: =P47*M47 -> 0 | U47: =IF(EXACT(O47,Y47),M47,M47*(1-'Расчет ПРЕДЗАКАЗ'!$D$10)) -> 0 | V47: =P47*U47 -> 0 | W47: =IF(EXACT(O47,Y47),M47,M47*(1-#REF!)) -> #REF! | X47: =P47*W47 -> #REF! | Y47: СтопЦена | Z47: =IF(EXACT(O47,Y47),Q47,0) -> 0 | AA47: =IF(Z47=0,Q47,0) -> 0 | AB47: =IF(U47=0,"",L47/U47-1) | AC47: =IF(W47=0,"",L47/W47-1) -> #REF!
Q48: =P48*M48 -> 0 | U48: =IF(EXACT(O48,Y48),M48,M48*(1-'Расчет ПРЕДЗАКАЗ'!$D$10)) -> 0 | V48: =P48*U48 -> 0 | W48: =IF(EXACT(O48,Y48),M48,M48*(1-#REF!)) -> #REF! | X48: =P48*W48 -> #REF! | Y48: СтопЦена | Z48: =IF(EXACT(O48,Y48),Q48,0) -> 0 | AA48: =IF(Z48=0,Q48,0) -> 0 | AB48: =IF(U48=0,"",L48/U48-1) | AC48: =IF(W48=0,"",L48/W48-1) -> #REF!
Q49: =P49*M49 -> 0 | U49: =IF(EXACT(O49,Y49),M49,M49*(1-'Расчет ПРЕДЗАКАЗ'!$D$10)) -> 0 | V49: =P49*U49 -> 0 | W49: =IF(EXACT(O49,Y49),M49,M49*(1-#REF!)) -> #REF! | X49: =P49*W49 -> #REF! | Y49: СтопЦена | Z49: =IF(EXACT(O49,Y49),Q49,0) -> 0 | AA49: =IF(Z49=0,Q49,0) -> 0 | AB49: =IF(U49=0,"",L49/U49-1) | AC49: =IF(W49=0,"",L49/W49-1) -> #REF!
Q50: =P50*M50 -> 0 | U50: =IF(EXACT(O50,Y50),M50,M50*(1-'Расчет ПРЕДЗАКАЗ'!$D$10)) -> 0 | V50: =P50*U50 -> 0 | W50: =IF(EXACT(O50,Y50),M50,M50*(1-#REF!)) -> #REF! | X50: =P50*W50 -> #REF! | Y50: СтопЦена | Z50: =IF(EXACT(O50,Y50),Q50,0) -> 0 | AA50: =IF(Z50=0,Q50,0) -> 0 | AB50: =IF(U50=0,"",L50/U50-1) | AC50: =IF(W50=0,"",L50/W50-1) -> #REF!
Q51: =P51*M51 -> 0 | U51: =IF(EXACT(O51,Y51),M51,M51*(1-'Расчет ПРЕДЗАКАЗ'!$D$10)) -> 0 | V51: =P51*U51 -> 0 | W51: =IF(EXACT(O51,Y51),M51,M51*(1-#REF!)) -> #REF! | X51: =P51*W51 -> #REF! | Y51: СтопЦена | Z51: =IF(EXACT(O51,Y51),Q51,0) -> 0 | AA51: =IF(Z51=0,Q51,0) -> 0 | AB51: =IF(U51=0,"",L51/U51-1) | AC51: =IF(W51=0,"",L51/W51-1) -> #REF!
Q52: =P52*M52 -> 0 | U52: =IF(EXACT(O52,Y52),M52,M52*(1-'Расчет ПРЕДЗАКАЗ'!$D$10)) -> 0 | V52: =P52*U52 -> 0 | W52: =IF(EXACT(O52,Y52),M52,M52*(1-#REF!)) -> #REF! | X52: =P52*W52 -> #REF! | Y52: СтопЦена | Z52: =IF(EXACT(O52,Y52),Q52,0) -> 0 | AA52: =IF(Z52=0,Q52,0) -> 0 | AB52: =IF(U52=0,"",L52/U52-1) | AC52: =IF(W52=0,"",L52/W52-1) -> #REF!
Q53: =P53*M53 -> 0 | U53: =IF(EXACT(O53,Y53),M53,M53*(1-'Расчет ПРЕДЗАКАЗ'!$D$10)) -> 0 | V53: =P53*U53 -> 0 | W53: =IF(EXACT(O53,Y53),M53,M53*(1-#REF!)) -> #REF! | X53: =P53*W53 -> #REF! | Y53: СтопЦена | Z53: =IF(EXACT(O53,Y53),Q53,0) -> 0 | AA53: =IF(Z53=0,Q53,0) -> 0 | AB53: =IF(U53=0,"",L53/U53-1) | AC53: =IF(W53=0,"",L53/W53-1) -> #REF!
Q54: =P54*M54 -> 0 | U54: =IF(EXACT(O54,Y54),M54,M54*(1-'Расчет ПРЕДЗАКАЗ'!$D$10)) -> 0 | V54: =P54*U54 -> 0 | W54: =IF(EXACT(O54,Y54),M54,M54*(1-#REF!)) -> #REF! | X54: =P54*W54 -> #REF! | Y54: СтопЦена | Z54: =IF(EXACT(O54,Y54),Q54,0) -> 0 | AA54: =IF(Z54=0,Q54,0) -> 0 | AB54: =IF(U54=0,"",L54/U54-1) | AC54: =IF(W54=0,"",L54/W54-1) -> #REF!
A56: 130 | B56: 110-1105116123-154 | C56: Кипер термобелье 7.62, черный | D56: Фото отсутствует | F56: Ткань верха: флис-стрейч: полиэстер 85%, спандекс 15% | G56: черный | H56: Антипиллинг помогает ткани дольше сохранять аккуратный внешний вид Анатомический крой обеспечивает удобную посадку и свободу движений Плоские швы снижают риск натирания при длительной носке Материал отводит влагу от тела и поддерживает комфортный микроклимат Флис приятен к телу, помогает удерживать тепло и быстро сохнет Отверстия для больших пальцев фиксируют рукава и добавляют удобство | I56: Термобельё 1-го слоя «Кипер» ТМ 7.62 — выбор для средней и низкой активности осенью. Антипиллинг повышает износостойкость материала и помогает дольше сохранять аккуратный внешний вид. Плоские швы снижают риск натирания, а анатомичный крой делает посадку удобнее при движении. Флисовый материал приятен к телу, помогает сохранять тепло, быстро сохнет и удобен в качестве самостоятельного или дополнительного слоя. Сезон: осень | J56: WEB-Сайт | K56: р-р 52-54 рост 170-176 | L56: 3910 | M56: 2440 | N56: 4660335524259 | Q56: =P56*M56 -> 0 | S56: 2 | U56: =IF(EXACT(O56,Y56),M56,M56*(1-'Расчет ПРЕДЗАКАЗ'!$D$10)) -> 2391.2 | V56: =P56*U56 -> 0 | W56: =IF(EXACT(O56,Y56),M56,M56*(1-#REF!)) -> #REF! | X56: =P56*W56 -> #REF! | Y56: СтопЦена | Z56: =IF(EXACT(O56,Y56),Q56,0) -> 0 | AA56: =IF(Z56=0,Q56,0) -> 0 | AB56: =IF(U56=0,"",L56/U56-1) -> 0.63516226 | AC56: =IF(W56=0,"",L56/W56-1) -> #REF!
K57: р-р 60-62 рост 170-176 | L57: 3910 | M57: 2440 | N57: 4660335524297 | Q57: =P57*M57 -> 0 | S57: 1 | U57: =IF(EXACT(O57,Y57),M57,M57*(1-'Расчет ПРЕДЗАКАЗ'!$D$10)) -> 2391.2 | V57: =P57*U57 -> 0 | W57: =IF(EXACT(O57,Y57),M57,M57*(1-#REF!)) -> #REF! | X57: =P57*W57 -> #REF! | Y57: СтопЦена | Z57: =IF(EXACT(O57,Y57),Q57,0) -> 0 | AA57: =IF(Z57=0,Q57,0) -> 0 | AB57: =IF(U57=0,"",L57/U57-1) -> 0.63516226 | AC57: =IF(W57=0,"",L57/W57-1) -> #REF!
Q58: =P58*M58 -> 0 | U58: =IF(EXACT(O58,Y58),M58,M58*(1-'Расчет ПРЕДЗАКАЗ'!$D$10)) -> 0 | V58: =P58*U58 -> 0 | W58: =IF(EXACT(O58,Y58),M58,M58*(1-#REF!)) -> #REF! | X58: =P58*W58 -> #REF! | Y58: СтопЦена | Z58: =IF(EXACT(O58,Y58),Q58,0) -> 0 | AA58: =IF(Z58=0,Q58,0) -> 0 | AB58: =IF(U58=0,"",L58/U58-1) | AC58: =IF(W58=0,"",L58/W58-1) -> #REF!
Q59: =P59*M59 -> 0 | U59: =IF(EXACT(O59,Y59),M59,M59*(1-'Расчет ПРЕДЗАКАЗ'!$D$10)) -> 0 | V59: =P59*U59 -> 0 | W59: =IF(EXACT(O59,Y59),M59,M59*(1-#REF!)) -> #REF! | X59: =P59*W59 -> #REF! | Y59: СтопЦена | Z59: =IF(EXACT(O59,Y59),Q59,0) -> 0 | AA59: =IF(Z59=0,Q59,0) -> 0 | AB59: =IF(U59=0,"",L59/U59-1) | AC59: =IF(W59=0,"",L59/W59-1) -> #REF!
Q60: =P60*M60 -> 0 | U60: =IF(EXACT(O60,Y60),M60,M60*(1-'Расчет ПРЕДЗАКАЗ'!$D$10)) -> 0 | V60: =P60*U60 -> 0 | W60: =IF(EXACT(O60,Y60),M60,M60*(1-#REF!)) -> #REF! | X60: =P60*W60 -> #REF! | Y60: СтопЦена | Z60: =IF(EXACT(O60,Y60),Q60,0) -> 0 | AA60: =IF(Z60=0,Q60,0) -> 0 | AB60: =IF(U60=0,"",L60/U60-1) | AC60: =IF(W60=0,"",L60/W60-1) -> #REF!
Q61: =P61*M61 -> 0 | U61: =IF(EXACT(O61,Y61),M61,M61*(1-'Расчет ПРЕДЗАКАЗ'!$D$10)) -> 0 | V61: =P61*U61 -> 0 | W61: =IF(EXACT(O61,Y61),M61,M61*(1-#REF!)) -> #REF! | X61: =P61*W61 -> #REF! | Y61: СтопЦена | Z61: =IF(EXACT(O61,Y61),Q61,0) -> 0 | AA61: =IF(Z61=0,Q61,0) -> 0 | AB61: =IF(U61=0,"",L61/U61-1) | AC61: =IF(W61=0,"",L61/W61-1) -> #REF!
Q62: =P62*M62 -> 0 | U62: =IF(EXACT(O62,Y62),M62,M62*(1-'Расчет ПРЕДЗАКАЗ'!$D$10)) -> 0 | V62: =P62*U62 -> 0 | W62: =IF(EXACT(O62,Y62),M62,M62*(1-#REF!)) -> #REF! | X62: =P62*W62 -> #REF! | Y62: СтопЦена | Z62: =IF(EXACT(O62,Y62),Q62,0) -> 0 | AA62: =IF(Z62=0,Q62,0) -> 0 | AB62: =IF(U62=0,"",L62/U62-1) | AC62: =IF(W62=0,"",L62/W62-1) -> #REF!
Q63: =P63*M63 -> 0 | U63: =IF(EXACT(O63,Y63),M63,M63*(1-'Расчет ПРЕДЗАКАЗ'!$D$10)) -> 0 | V63: =P63*U63 -> 0 | W63: =IF(EXACT(O63,Y63),M63,M63*(1-#REF!)) -> #REF! | X63: =P63*W63 -> #REF! | Y63: СтопЦена | Z63: =IF(EXACT(O63,Y63),Q63,0) -> 0 | AA63: =IF(Z63=0,Q63,0) -> 0 | AB63: =IF(U63=0,"",L63/U63-1) | AC63: =IF(W63=0,"",L63/W63-1) -> #REF!
Q64: =P64*M64 -> 0 | U64: =IF(EXACT(O64,Y64),M64,M64*(1-'Расчет ПРЕДЗАКАЗ'!$D$10)) -> 0 | V64: =P64*U64 -> 0 | W64: =IF(EXACT(O64,Y64),M64,M64*(1-#REF!)) -> #REF! | X64: =P64*W64 -> #REF! | Y64: СтопЦена | Z64: =IF(EXACT(O64,Y64),Q64,0) -> 0 | AA64: =IF(Z64=0,Q64,0) -> 0 | AB64: =IF(U64=0,"",L64/U64-1) | AC64: =IF(W64=0,"",L64/W64-1) -> #REF!
Q65: =P65*M65 -> 0 | U65: =IF(EXACT(O65,Y65),M65,M65*(1-'Расчет ПРЕДЗАКАЗ'!$D$10)) -> 0 | V65: =P65*U65 -> 0 | W65: =IF(EXACT(O65,Y65),M65,M65*(1-#REF!)) -> #REF! | X65: =P65*W65 -> #REF! | Y65: СтопЦена | Z65: =IF(EXACT(O65,Y65),Q65,0) -> 0 | AA65: =IF(Z65=0,Q65,0) -> 0 | AB65: =IF(U65=0,"",L65/U65-1) | AC65: =IF(W65=0,"",L65/W65-1) -> #REF!
Q66: =P66*M66 -> 0 | U66: =IF(EXACT(O66,Y66),M66,M66*(1-'Расчет ПРЕДЗАКАЗ'!$D$10)) -> 0 | V66: =P66*U66 -> 0 | W66: =IF(EXACT(O66,Y66),M66,M66*(1-#REF!)) -> #REF! | X66: =P66*W66 -> #REF! | Y66: СтопЦена | Z66: =IF(EXACT(O66,Y66),Q66,0) -> 0 | AA66: =IF(Z66=0,Q66,0) -> 0 | AB66: =IF(U66=0,"",L66/U66-1) | AC66: =IF(W66=0,"",L66/W66-1) -> #REF!
Q67: =P67*M67 -> 0 | U67: =IF(EXACT(O67,Y67),M67,M67*(1-'Расчет ПРЕДЗАКАЗ'!$D$10)) -> 0 | V67: =P67*U67 -> 0 | W67: =IF(EXACT(O67,Y67),M67,M67*(1-#REF!)) -> #REF! | X67: =P67*W67 -> #REF! | Y67: СтопЦена | Z67: =IF(EXACT(O67,Y67),Q67,0) -> 0 | AA67: =IF(Z67=0,Q67,0) -> 0 | AB67: =IF(U67=0,"",L67/U67-1) | AC67: =IF(W67=0,"",L67/W67-1) -> #REF!
Q68: =P68*M68 -> 0 | U68: =IF(EXACT(O68,Y68),M68,M68*(1-'Расчет ПРЕДЗАКАЗ'!$D$10)) -> 0 | V68: =P68*U68 -> 0 | W68: =IF(EXACT(O68,Y68),M68,M68*(1-#REF!)) -> #REF! | X68: =P68*W68 -> #REF! | Y68: СтопЦена | Z68: =IF(EXACT(O68,Y68),Q68,0) -> 0 | AA68: =IF(Z68=0,Q68,0) -> 0 | AB68: =IF(U68=0,"",L68/U68-1) | AC68: =IF(W68=0,"",L68/W68-1) -> #REF!
Q69: =P69*M69 -> 0 | U69: =IF(EXACT(O69,Y69),M69,M69*(1-'Расчет ПРЕДЗАКАЗ'!$D$10)) -> 0 | V69: =P69*U69 -> 0 | W69: =IF(EXACT(O69,Y69),M69,M69*(1-#REF!)) -> #REF! | X69: =P69*W69 -> #REF! | Y69: СтопЦена | Z69: =IF(EXACT(O69,Y69),Q69,0) -> 0 | AA69: =IF(Z69=0,Q69,0) -> 0 | AB69: =IF(U69=0,"",L69/U69-1) | AC69: =IF(W69=0,"",L69/W69-1) -> #REF!
Q70: =P70*M70 -> 0 | U70: =IF(EXACT(O70,Y70),M70,M70*(1-'Расчет ПРЕДЗАКАЗ'!$D$10)) -> 0 | V70: =P70*U70 -> 0 | W70: =IF(EXACT(O70,Y70),M70,M70*(1-#REF!)) -> #REF! | X70: =P70*W70 -> #REF! | Y70: СтопЦена | Z70: =IF(EXACT(O70,Y70),Q70,0) -> 0 | AA70: =IF(Z70=0,Q70,0) -> 0 | AB70: =IF(U70=0,"",L70/U70-1) | AC70: =IF(W70=0,"",L70/W70-1) -> #REF!
A72: 131 | B72: 110-1105116123-072 | C72: Кипер термобелье 7.62, олива | D72: Фото отсутствует | F72: Ткань верха: флис-стрейч: полиэстер 85%, спандекс 15% | G72: олива | H72: Антипиллинг помогает ткани дольше сохранять аккуратный внешний вид Анатомический крой обеспечивает удобную посадку и свободу движений Плоские швы снижают риск натирания при длительной носке Материал отводит влагу от тела и поддерживает комфортный микроклимат Флис приятен к телу, помогает удерживать тепло и быстро сохнет Отверстия для больших пальцев фиксируют рукава и добавляют удобство | I72: Термобельё 1-го слоя «Кипер» ТМ 7.62 — выбор для средней и низкой активности осенью. Антипиллинг повышает износостойкость материала и помогает дольше сохранять аккуратный внешний вид. Плоские швы снижают риск натирания, а анатомичный крой делает посадку удобнее при движении. Флисовый материал приятен к телу, помогает сохранять тепло, быстро сохнет и удобен в качестве самостоятельного или дополнительного слоя. Сезон: осень | J72: WEB-Сайт | K72: р-р 48-50 рост 170-176 | L72: 4430 | M72: 2767 | N72: 4660335524143 | Q72: =P72*M72 -> 0 | S72: 6 | U72: =IF(EXACT(O72,Y72),M72,M72*(1-'Расчет ПРЕДЗАКАЗ'!$D$10)) -> 2711.66 | V72: =P72*U72 -> 0 | W72: =IF(EXACT(O72,Y72),M72,M72*(1-#REF!)) -> #REF! | X72: =P72*W72 -> #REF! | Y72: СтопЦена | Z72: =IF(EXACT(O72,Y72),Q72,0) -> 0 | AA72: =IF(Z72=0,Q72,0) -> 0 | AB72: =IF(U72=0,"",L72/U72-1) -> 0.63368564 | AC72: =IF(W72=0,"",L72/W72-1) -> #REF!
K73: р-р 60-62 рост 170-176 | L73: 4430 | M73: 2767 | N73: 4660335524204 | Q73: =P73*M73 -> 0 | S73: 1 | U73: =IF(EXACT(O73,Y73),M73,M73*(1-'Расчет ПРЕДЗАКАЗ'!$D$10)) -> 2711.66 | V73: =P73*U73 -> 0 | W73: =IF(EXACT(O73,Y73),M73,M73*(1-#REF!)) -> #REF! | X73: =P73*W73 -> #REF! | Y73: СтопЦена | Z73: =IF(EXACT(O73,Y73),Q73,0) -> 0 | AA73: =IF(Z73=0,Q73,0) -> 0 | AB73: =IF(U73=0,"",L73/U73-1) -> 0.63368564 | AC73: =IF(W73=0,"",L73/W73-1) -> #REF!
Q74: =P74*M74 -> 0 | U74: =IF(EXACT(O74,Y74),M74,M74*(1-'Расчет ПРЕДЗАКАЗ'!$D$10)) -> 0 | V74: =P74*U74 -> 0 | W74: =IF(EXACT(O74,Y74),M74,M74*(1-#REF!)) -> #REF! | X74: =P74*W74 -> #REF! | Y74: СтопЦена | Z74: =IF(EXACT(O74,Y74),Q74,0) -> 0 | AA74: =IF(Z74=0,Q74,0) -> 0 | AB74: =IF(U74=0,"",L74/U74-1) | AC74: =IF(W74=0,"",L74/W74-1) -> #REF!
Q75: =P75*M75 -> 0 | U75: =IF(EXACT(O75,Y75),M75,M75*(1-'Расчет ПРЕДЗАКАЗ'!$D$10)) -> 0 | V75: =P75*U75 -> 0 | W75: =IF(EXACT(O75,Y75),M75,M75*(1-#REF!)) -> #REF! | X75: =P75*W75 -> #REF! | Y75: СтопЦена | Z75: =IF(EXACT(O75,Y75),Q75,0) -> 0 | AA75: =IF(Z75=0,Q75,0) -> 0 | AB75: =IF(U75=0,"",L75/U75-1) | AC75: =IF(W75=0,"",L75/W75-1) -> #REF!
Q76: =P76*M76 -> 0 | U76: =IF(EXACT(O76,Y76),M76,M76*(1-'Расчет ПРЕДЗАКАЗ'!$D$10)) -> 0 | V76: =P76*U76 -> 0 | W76: =IF(EXACT(O76,Y76),M76,M76*(1-#REF!)) -> #REF! | X76: =P76*W76 -> #REF! | Y76: СтопЦена | Z76: =IF(EXACT(O76,Y76),Q76,0) -> 0 | AA76: =IF(Z76=0,Q76,0) -> 0 | AB76: =IF(U76=0,"",L76/U76-1) | AC76: =IF(W76=0,"",L76/W76-1) -> #REF!
Q77: =P77*M77 -> 0 | U77: =IF(EXACT(O77,Y77),M77,M77*(1-'Расчет ПРЕДЗАКАЗ'!$D$10)) -> 0 | V77: =P77*U77 -> 0 | W77: =IF(EXACT(O77,Y77),M77,M77*(1-#REF!)) -> #REF! | X77: =P77*W77 -> #REF! | Y77: СтопЦена | Z77: =IF(EXACT(O77,Y77),Q77,0) -> 0 | AA77: =IF(Z77=0,Q77,0) -> 0 | AB77: =IF(U77=0,"",L77/U77-1) | AC77: =IF(W77=0,"",L77/W77-1) -> #REF!
Q78: =P78*M78 -> 0 | U78: =IF(EXACT(O78,Y78),M78,M78*(1-'Расчет ПРЕДЗАКАЗ'!$D$10)) -> 0 | V78: =P78*U78 -> 0 | W78: =IF(EXACT(O78,Y78),M78,M78*(1-#REF!)) -> #REF! | X78: =P78*W78 -> #REF! | Y78: СтопЦена | Z78: =IF(EXACT(O78,Y78),Q78,0) -> 0 | AA78: =IF(Z78=0,Q78,0) -> 0 | AB78: =IF(U78=0,"",L78/U78-1) | AC78: =IF(W78=0,"",L78/W78-1) -> #REF!
Q79: =P79*M79 -> 0 | U79: =IF(EXACT(O79,Y79),M79,M79*(1-'Расчет ПРЕДЗАКАЗ'!$D$10)) -> 0 | V79: =P79*U79 -> 0 | W79: =IF(EXACT(O79,Y79),M79,M79*(1-#REF!)) -> #REF! | X79: =P79*W79 -> #REF! | Y79: СтопЦена | Z79: =IF(EXACT(O79,Y79),Q79,0) -> 0 | AA79: =IF(Z79=0,Q79,0) -> 0 | AB79: =IF(U79=0,"",L79/U79-1) | AC79: =IF(W79=0,"",L79/W79-1) -> #REF!
Q80: =P80*M80 -> 0 | U80: =IF(EXACT(O80,Y80),M80,M80*(1-'Расчет ПРЕДЗАКАЗ'!$D$10)) -> 0 | V80: =P80*U80 -> 0 | W80: =IF(EXACT(O80,Y80),M80,M80*(1-#REF!)) -> #REF! | X80: =P80*W80 -> #REF! | Y80: СтопЦена | Z80: =IF(EXACT(O80,Y80),Q80,0) -> 0 | AA80: =IF(Z80=0,Q80,0) -> 0 | AB80: =IF(U80=0,"",L80/U80-1) | AC80: =IF(W80=0,"",L80/W80-1) -> #REF!
Q81: =P81*M81 -> 0 | U81: =IF(EXACT(O81,Y81),M81,M81*(1-'Расчет ПРЕДЗАКАЗ'!$D$10)) -> 0 | V81: =P81*U81 -> 0 | W81: =IF(EXACT(O81,Y81),M81,M81*(1-#REF!)) -> #REF! | X81: =P81*W81 -> #REF! | Y81: СтопЦена | Z81: =IF(EXACT(O81,Y81),Q81,0) -> 0 | AA81: =IF(Z81=0,Q81,0) -> 0 | AB81: =IF(U81=0,"",L81/U81-1) | AC81: =IF(W81=0,"",L81/W81-1) -> #REF!
Q82: =P82*M82 -> 0 | U82: =IF(EXACT(O82,Y82),M82,M82*(1-'Расчет ПРЕДЗАКАЗ'!$D$10)) -> 0 | V82: =P82*U82 -> 0 | W82: =IF(EXACT(O82,Y82),M82,M82*(1-#REF!)) -> #REF! | X82: =P82*W82 -> #REF! | Y82: СтопЦена | Z82: =IF(EXACT(O82,Y82),Q82,0) -> 0 | AA82: =IF(Z82=0,Q82,0) -> 0 | AB82: =IF(U82=0,"",L82/U82-1) | AC82: =IF(W82=0,"",L82/W82-1) -> #REF!
Q83: =P83*M83 -> 0 | U83: =IF(EXACT(O83,Y83),M83,M83*(1-'Расчет ПРЕДЗАКАЗ'!$D$10)) -> 0 | V83: =P83*U83 -> 0 | W83: =IF(EXACT(O83,Y83),M83,M83*(1-#REF!)) -> #REF! | X83: =P83*W83 -> #REF! | Y83: СтопЦена | Z83: =IF(EXACT(O83,Y83),Q83,0) -> 0 | AA83: =IF(Z83=0,Q83,0) -> 0 | AB83: =IF(U83=0,"",L83/U83-1) | AC83: =IF(W83=0,"",L83/W83-1) -> #REF!
Q84: =P84*M84 -> 0 | U84: =IF(EXACT(O84,Y84),M84,M84*(1-'Расчет ПРЕДЗАКАЗ'!$D$10)) -> 0 | V84: =P84*U84 -> 0 | W84: =IF(EXACT(O84,Y84),M84,M84*(1-#REF!)) -> #REF! | X84: =P84*W84 -> #REF! | Y84: СтопЦена | Z84: =IF(EXACT(O84,Y84),Q84,0) -> 0 | AA84: =IF(Z84=0,Q84,0) -> 0 | AB84: =IF(U84=0,"",L84/U84-1) | AC84: =IF(W84=0,"",L84/W84-1) -> #REF!
Q85: =P85*M85 -> 0 | U85: =IF(EXACT(O85,Y85),M85,M85*(1-'Расчет ПРЕДЗАКАЗ'!$D$10)) -> 0 | V85: =P85*U85 -> 0 | W85: =IF(EXACT(O85,Y85),M85,M85*(1-#REF!)) -> #REF! | X85: =P85*W85 -> #REF! | Y85: СтопЦена | Z85: =IF(EXACT(O85,Y85),Q85,0) -> 0 | AA85: =IF(Z85=0,Q85,0) -> 0 | AB85: =IF(U85=0,"",L85/U85-1) | AC85: =IF(W85=0,"",L85/W85-1) -> #REF!
Q86: =P86*M86 -> 0 | U86: =IF(EXACT(O86,Y86),M86,M86*(1-'Расчет ПРЕДЗАКАЗ'!$D$10)) -> 0 | V86: =P86*U86 -> 0 | W86: =IF(EXACT(O86,Y86),M86,M86*(1-#REF!)) -> #REF! | X86: =P86*W86 -> #REF! | Y86: СтопЦена | Z86: =IF(EXACT(O86,Y86),Q86,0) -> 0 | AA86: =IF(Z86=0,Q86,0) -> 0 | AB86: =IF(U86=0,"",L86/U86-1) | AC86: =IF(W86=0,"",L86/W86-1) -> #REF!
A88: 132 | B88: 162-1205000123-097 | C88: Свитер вязаный, серая цифра | D88: Фото отсутствует | F88: Ткань верха: акрил 70%, шерсть 30% | G88: серая цифра | I88: Свитер камуфлированный мужской с рубашечными рукавами выполнен из пряжи-двунитки плотным комбинированным переплетением. Подойдет и для любителей рыбалки, для охотников, и просто для тех, кто любит отдых на природе. Эластичные рукава, воротник, пояс и толстая вязка не дадут проникнуть холоду под одежду. Так же кофта подойдет и для повседневной носки в городских условиях. Используемый при производстве материал устойчив к истиранию, что увеличивает долговечность носки одежды | J88: WEB-Сайт | K88: р-р 48 | L88: 1640 | M88: 912 | N88: 4610097064951 | O88: СтопЦена | Q88: =P88*M88 -> 0 | S88: 4 | U88: =IF(EXACT(O88,Y88),M88,M88*(1-'Расчет ПРЕДЗАКАЗ'!$D$10)) -> 912 | V88: =P88*U88 -> 0 | W88: =IF(EXACT(O88,Y88),M88,M88*(1-#REF!)) -> 912 | X88: =P88*W88 -> 0 | Y88: СтопЦена | Z88: =IF(EXACT(O88,Y88),Q88,0) -> 0 | AA88: =IF(Z88=0,Q88,0) -> 0 | AB88: =IF(U88=0,"",L88/U88-1) -> 0.79824561 | AC88: =IF(W88=0,"",L88/W88-1) -> 0.79824561
Q89: =P89*M89 -> 0 | U89: =IF(EXACT(O89,Y89),M89,M89*(1-'Расчет ПРЕДЗАКАЗ'!$D$10)) -> 0 | V89: =P89*U89 -> 0 | W89: =IF(EXACT(O89,Y89),M89,M89*(1-#REF!)) -> #REF! | X89: =P89*W89 -> #REF! | Y89: СтопЦена | Z89: =IF(EXACT(O89,Y89),Q89,0) -> 0 | AA89: =IF(Z89=0,Q89,0) -> 0 | AB89: =IF(U89=0,"",L89/U89-1) | AC89: =IF(W89=0,"",L89/W89-1) -> #REF!
Q90: =P90*M90 -> 0 | U90: =IF(EXACT(O90,Y90),M90,M90*(1-'Расчет ПРЕДЗАКАЗ'!$D$10)) -> 0 | V90: =P90*U90 -> 0 | W90: =IF(EXACT(O90,Y90),M90,M90*(1-#REF!)) -> #REF! | X90: =P90*W90 -> #REF! | Y90: СтопЦена | Z90: =IF(EXACT(O90,Y90),Q90,0) -> 0 | AA90: =IF(Z90=0,Q90,0) -> 0 | AB90: =IF(U90=0,"",L90/U90-1) | AC90: =IF(W90=0,"",L90/W90-1) -> #REF!
Q91: =P91*M91 -> 0 | U91: =IF(EXACT(O91,Y91),M91,M91*(1-'Расчет ПРЕДЗАКАЗ'!$D$10)) -> 0 | V91: =P91*U91 -> 0 | W91: =IF(EXACT(O91,Y91),M91,M91*(1-#REF!)) -> #REF! | X91: =P91*W91 -> #REF! | Y91: СтопЦена | Z91: =IF(EXACT(O91,Y91),Q91,0) -> 0 | AA91: =IF(Z91=0,Q91,0) -> 0 | AB91: =IF(U91=0,"",L91/U91-1) | AC91: =IF(W91=0,"",L91/W91-1) -> #REF!
Q92: =P92*M92 -> 0 | U92: =IF(EXACT(O92,Y92),M92,M92*(1-'Расчет ПРЕДЗАКАЗ'!$D$10)) -> 0 | V92: =P92*U92 -> 0 | W92: =IF(EXACT(O92,Y92),M92,M92*(1-#REF!)) -> #REF! | X92: =P92*W92 -> #REF! | Y92: СтопЦена | Z92: =IF(EXACT(O92,Y92),Q92,0) -> 0 | AA92: =IF(Z92=0,Q92,0) -> 0 | AB92: =IF(U92=0,"",L92/U92-1) | AC92: =IF(W92=0,"",L92/W92-1) -> #REF!
Q93: =P93*M93 -> 0 | U93: =IF(EXACT(O93,Y93),M93,M93*(1-'Расчет ПРЕДЗАКАЗ'!$D$10)) -> 0 | V93: =P93*U93 -> 0 | W93: =IF(EXACT(O93,Y93),M93,M93*(1-#REF!)) -> #REF! | X93: =P93*W93 -> #REF! | Y93: СтопЦена | Z93: =IF(EXACT(O93,Y93),Q93,0) -> 0 | AA93: =IF(Z93=0,Q93,0) -> 0 | AB93: =IF(U93=0,"",L93/U93-1) | AC93: =IF(W93=0,"",L93/W93-1) -> #REF!
Q94: =P94*M94 -> 0 | U94: =IF(EXACT(O94,Y94),M94,M94*(1-'Расчет ПРЕДЗАКАЗ'!$D$10)) -> 0 | V94: =P94*U94 -> 0 | W94: =IF(EXACT(O94,Y94),M94,M94*(1-#REF!)) -> #REF! | X94: =P94*W94 -> #REF! | Y94: СтопЦена | Z94: =IF(EXACT(O94,Y94),Q94,0) -> 0 | AA94: =IF(Z94=0,Q94,0) -> 0 | AB94: =IF(U94=0,"",L94/U94-1) | AC94: =IF(W94=0,"",L94/W94-1) -> #REF!
Q95: =P95*M95 -> 0 | U95: =IF(EXACT(O95,Y95),M95,M95*(1-'Расчет ПРЕДЗАКАЗ'!$D$10)) -> 0 | V95: =P95*U95 -> 0 | W95: =IF(EXACT(O95,Y95),M95,M95*(1-#REF!)) -> #REF! | X95: =P95*W95 -> #REF! | Y95: СтопЦена | Z95: =IF(EXACT(O95,Y95),Q95,0) -> 0 | AA95: =IF(Z95=0,Q95,0) -> 0 | AB95: =IF(U95=0,"",L95/U95-1) | AC95: =IF(W95=0,"",L95/W95-1) -> #REF!
Q96: =P96*M96 -> 0 | U96: =IF(EXACT(O96,Y96),M96,M96*(1-'Расчет ПРЕДЗАКАЗ'!$D$10)) -> 0 | V96: =P96*U96 -> 0 | W96: =IF(EXACT(O96,Y96),M96,M96*(1-#REF!)) -> #REF! | X96: =P96*W96 -> #REF! | Y96: СтопЦена | Z96: =IF(EXACT(O96,Y96),Q96,0) -> 0 | AA96: =IF(Z96=0,Q96,0) -> 0 | AB96: =IF(U96=0,"",L96/U96-1) | AC96: =IF(W96=0,"",L96/W96-1) -> #REF!
Q97: =P97*M97 -> 0 | U97: =IF(EXACT(O97,Y97),M97,M97*(1-'Расчет ПРЕДЗАКАЗ'!$D$10)) -> 0 | V97: =P97*U97 -> 0 | W97: =IF(EXACT(O97,Y97),M97,M97*(1-#REF!)) -> #REF! | X97: =P97*W97 -> #REF! | Y97: СтопЦена | Z97: =IF(EXACT(O97,Y97),Q97,0) -> 0 | AA97: =IF(Z97=0,Q97,0) -> 0 | AB97: =IF(U97=0,"",L97/U97-1) | AC97: =IF(W97=0,"",L97/W97-1) -> #REF!
Q98: =P98*M98 -> 0 | U98: =IF(EXACT(O98,Y98),M98,M98*(1-'Расчет ПРЕДЗАКАЗ'!$D$10)) -> 0 | V98: =P98*U98 -> 0 | W98: =IF(EXACT(O98,Y98),M98,M98*(1-#REF!)) -> #REF! | X98: =P98*W98 -> #REF! | Y98: СтопЦена | Z98: =IF(EXACT(O98,Y98),Q98,0) -> 0 | AA98: =IF(Z98=0,Q98,0) -> 0 | AB98: =IF(U98=0,"",L98/U98-1) | AC98: =IF(W98=0,"",L98/W98-1) -> #REF!
Q99: =P99*M99 -> 0 | U99: =IF(EXACT(O99,Y99),M99,M99*(1-'Расчет ПРЕДЗАКАЗ'!$D$10)) -> 0 | V99: =P99*U99 -> 0 | W99: =IF(EXACT(O99,Y99),M99,M99*(1-#REF!)) -> #REF! | X99: =P99*W99 -> #REF! | Y99: СтопЦена | Z99: =IF(EXACT(O99,Y99),Q99,0) -> 0 | AA99: =IF(Z99=0,Q99,0) -> 0 | AB99: =IF(U99=0,"",L99/U99-1) | AC99: =IF(W99=0,"",L99/W99-1) -> #REF!
Q100: =P100*M100 -> 0 | U100: =IF(EXACT(O100,Y100),M100,M100*(1-'Расчет ПРЕДЗАКАЗ'!$D$10)) -> 0 | V100: =P100*U100 -> 0 | W100: =IF(EXACT(O100,Y100),M100,M100*(1-#REF!)) -> #REF! | X100: =P100*W100 -> #REF! | Y100: СтопЦена | Z100: =IF(EXACT(O100,Y100),Q100,0) -> 0 | AA100: =IF(Z100=0,Q100,0) -> 0 | AB100: =IF(U100=0,"",L100/U100-1) | AC100: =IF(W100=0,"",L100/W100-1) -> #REF!
... Q102: =P102*M102 -> 0 | U102: =IF(EXACT(O102,Y102),M102,M102*(1-'Расчет ПРЕДЗАКАЗ'!$D$10)) -> 0 | V102: =P102*U102 -> 0 | W102: =IF(EXACT(O102,Y102),M102,M102*(1-#REF!)) -> #REF! | X102: =P102*W102 -> #REF! | Y102: СтопЦена | Z102: =IF(EXACT(O102,Y102),Q102,0) -> 0 | AA102: =IF(Z102=0,Q102,0) -> 0 | AB102: =IF(U102=0,"",L102/U102-1) | AC102: =IF(W102=0,"",L102/W102-1) -> #REF!
A104: 133 | B104: 162-1205000123-041 | C104: Свитер вязаный, зеленая цифра | D104: Фото отсутствует | F104: Ткань верха: акрил 70%, шерсть 30% | G104: зеленая цифра | H104: Воротник-стойка дополнительно защищает шею от ветра и холода Продуманная конструкция сохраняет комфорт при длительной носке Практичные материалы подходят для активного использования и частых выездов | I104: Свитер «вязаный» ТМ 7.62 — выбор для средней и низкой активности осенью. Усиленные зоны и стойкие материалы добавляют изделию надёжности там, где нагрузка выше. Материал изделия подобран для практичной носки, комфорта и надёжности. Сезон: осень | J104: WEB-Сайт | K104: р-р 46 | L104: 1770 | M104: 985 | N104: 4610097064869 | O104: СтопЦена | Q104: =P104*M104 -> 0 | S104: 2 | U104: =IF(EXACT(O104,Y104),M104,M104*(1-'Расчет ПРЕДЗАКАЗ'!$D$10)) -> 985 | V104: =P104*U104 -> 0 | W104: =IF(EXACT(O104,Y104),M104,M104*(1-#REF!)) -> 985 | X104: =P104*W104 -> 0 | Y104: СтопЦена | Z104: =IF(EXACT(O104,Y104),Q104,0) -> 0 | AA104: =IF(Z104=0,Q104,0) -> 0 | AB104: =IF(U104=0,"",L104/U104-1) -> 0.79695431 | AC104: =IF(W104=0,"",L104/W104-1) -> 0.79695431
K105: р-р 48 | L105: 1770 | M105: 985 | N105: 4610097064876 | O105: СтопЦена | Q105: =P105*M105 -> 0 | S105: 22 | U105: =IF(EXACT(O105,Y105),M105,M105*(1-'Расчет ПРЕДЗАКАЗ'!$D$10)) -> 985 | V105: =P105*U105 -> 0 | W105: =IF(EXACT(O105,Y105),M105,M105*(1-#REF!)) -> 985 | X105: =P105*W105 -> 0 | Y105: СтопЦена | Z105: =IF(EXACT(O105,Y105),Q105,0) -> 0 | AA105: =IF(Z105=0,Q105,0) -> 0 | AB105: =IF(U105=0,"",L105/U105-1) -> 0.79695431 | AC105: =IF(W105=0,"",L105/W105-1) -> 0.79695431
Q106: =P106*M106 -> 0 | U106: =IF(EXACT(O106,Y106),M106,M106*(1-'Расчет ПРЕДЗАКАЗ'!$D$10)) -> 0 | V106: =P106*U106 -> 0 | W106: =IF(EXACT(O106,Y106),M106,M106*(1-#REF!)) -> #REF! | X106: =P106*W106 -> #REF! | Y106: СтопЦена | Z106: =IF(EXACT(O106,Y106),Q106,0) -> 0 | AA106: =IF(Z106=0,Q106,0) -> 0 | AB106: =IF(U106=0,"",L106/U106-1) | AC106: =IF(W106=0,"",L106/W106-1) -> #REF!
Q107: =P107*M107 -> 0 | U107: =IF(EXACT(O107,Y107),M107,M107*(1-'Расчет ПРЕДЗАКАЗ'!$D$10)) -> 0 | V107: =P107*U107 -> 0 | W107: =IF(EXACT(O107,Y107),M107,M107*(1-#REF!)) -> #REF! | X107: =P107*W107 -> #REF! | Y107: СтопЦена | Z107: =IF(EXACT(O107,Y107),Q107,0) -> 0 | AA107: =IF(Z107=0,Q107,0) -> 0 | AB107: =IF(U107=0,"",L107/U107-1) | AC107: =IF(W107=0,"",L107/W107-1) -> #REF!
Q108: =P108*M108 -> 0 | U108: =IF(EXACT(O108,Y108),M108,M108*(1-'Расчет ПРЕДЗАКАЗ'!$D$10)) -> 0 | V108: =P108*U108 -> 0 | W108: =IF(EXACT(O108,Y108),M108,M108*(1-#REF!)) -> #REF! | X108: =P108*W108 -> #REF! | Y108: СтопЦена | Z108: =IF(EXACT(O108,Y108),Q108,0) -> 0 | AA108: =IF(Z108=0,Q108,0) -> 0 | AB108: =IF(U108=0,"",L108/U108-1) | AC108: =IF(W108=0,"",L108/W108-1) -> #REF!
Q109: =P109*M109 -> 0 | U109: =IF(EXACT(O109,Y109),M109,M109*(1-'Расчет ПРЕДЗАКАЗ'!$D$10)) -> 0 | V109: =P109*U109 -> 0 | W109: =IF(EXACT(O109,Y109),M109,M109*(1-#REF!)) -> #REF! | X109: =P109*W109 -> #REF! | Y109: СтопЦена | Z109: =IF(EXACT(O109,Y109),Q109,0) -> 0 | AA109: =IF(Z109=0,Q109,0) -> 0 | AB109: =IF(U109=0,"",L109/U109-1) | AC109: =IF(W109=0,"",L109/W109-1) -> #REF!
Q110: =P110*M110 -> 0 | U110: =IF(EXACT(O110,Y110),M110,M110*(1-'Расчет ПРЕДЗАКАЗ'!$D$10)) -> 0 | V110: =P110*U110 -> 0 | W110: =IF(EXACT(O110,Y110),M110,M110*(1-#REF!)) -> #REF! | X110: =P110*W110 -> #REF! | Y110: СтопЦена | Z110: =IF(EXACT(O110,Y110),Q110,0) -> 0 | AA110: =IF(Z110=0,Q110,0) -> 0 | AB110: =IF(U110=0,"",L110/U110-1) | AC110: =IF(W110=0,"",L110/W110-1) -> #REF!
Q111: =P111*M111 -> 0 | U111: =IF(EXACT(O111,Y111),M111,M111*(1-'Расчет ПРЕДЗАКАЗ'!$D$10)) -> 0 | V111: =P111*U111 -> 0 | W111: =IF(EXACT(O111,Y111),M111,M111*(1-#REF!)) -> #REF! | X111: =P111*W111 -> #REF! | Y111: СтопЦена | Z111: =IF(EXACT(O111,Y111),Q111,0) -> 0 | AA111: =IF(Z111=0,Q111,0) -> 0 | AB111: =IF(U111=0,"",L111/U111-1) | AC111: =IF(W111=0,"",L111/W111-1) -> #REF!
Q112: =P112*M112 -> 0 | U112: =IF(EXACT(O112,Y112),M112,M112*(1-'Расчет ПРЕДЗАКАЗ'!$D$10)) -> 0 | V112: =P112*U112 -> 0 | W112: =IF(EXACT(O112,Y112),M112,M112*(1-#REF!)) -> #REF! | X112: =P112*W112 -> #REF! | Y112: СтопЦена | Z112: =IF(EXACT(O112,Y112),Q112,0) -> 0 | AA112: =IF(Z112=0,Q112,0) -> 0 | AB112: =IF(U112=0,"",L112/U112-1) | AC112: =IF(W112=0,"",L112/W112-1) -> #REF!
Q113: =P113*M113 -> 0 | U113: =IF(EXACT(O113,Y113),M113,M113*(1-'Расчет ПРЕДЗАКАЗ'!$D$10)) -> 0 | V113: =P113*U113 -> 0 | W113: =IF(EXACT(O113,Y113),M113,M113*(1-#REF!)) -> #REF! | X113: =P113*W113 -> #REF! | Y113: СтопЦена | Z113: =IF(EXACT(O113,Y113),Q113,0) -> 0 | AA113: =IF(Z113=0,Q113,0) -> 0 | AB113: =IF(U113=0,"",L113/U113-1) | AC113: =IF(W113=0,"",L113/W113-1) -> #REF!
Q114: =P114*M114 -> 0 | U114: =IF(EXACT(O114,Y114),M114,M114*(1-'Расчет ПРЕДЗАКАЗ'!$D$10)) -> 0 | V114: =P114*U114 -> 0 | W114: =IF(EXACT(O114,Y114),M114,M114*(1-#REF!)) -> #REF! | X114: =P114*W114 -> #REF! | Y114: СтопЦена | Z114: =IF(EXACT(O114,Y114),Q114,0) -> 0 | AA114: =IF(Z114=0,Q114,0) -> 0 | AB114: =IF(U114=0,"",L114/U114-1) | AC114: =IF(W114=0,"",L114/W114-1) -> #REF!
Q115: =P115*M115 -> 0 | U115: =IF(EXACT(O115,Y115),M115,M115*(1-'Расчет ПРЕДЗАКАЗ'!$D$10)) -> 0 | V115: =P115*U115 -> 0 | W115: =IF(EXACT(O115,Y115),M115,M115*(1-#REF!)) -> #REF! | X115: =P115*W115 -> #REF! | Y115: СтопЦена | Z115: =IF(EXACT(O115,Y115),Q115,0) -> 0 | AA115: =IF(Z115=0,Q115,0) -> 0 | AB115: =IF(U115=0,"",L115/U115-1) | AC115: =IF(W115=0,"",L115/W115-1) -> #REF!
Q116: =P116*M116 -> 0 | U116: =IF(EXACT(O116,Y116),M116,M116*(1-'Расчет ПРЕДЗАКАЗ'!$D$10)) -> 0 | V116: =P116*U116 -> 0 | W116: =IF(EXACT(O116,Y116),M116,M116*(1-#REF!)) -> #REF! | X116: =P116*W116 -> #REF! | Y116: СтопЦена | Z116: =IF(EXACT(O116,Y116),Q116,0) -> 0 | AA116: =IF(Z116=0,Q116,0) -> 0 | AB116: =IF(U116=0,"",L116/U116-1) | AC116: =IF(W116=0,"",L116/W116-1) -> #REF!
Q117: =P117*M117 -> 0 | U117: =IF(EXACT(O117,Y117),M117,M117*(1-'Расчет ПРЕДЗАКАЗ'!$D$10)) -> 0 | V117: =P117*U117 -> 0 | W117: =IF(EXACT(O117,Y117),M117,M117*(1-#REF!)) -> #REF! | X117: =P117*W117 -> #REF! | Y117: СтопЦена | Z117: =IF(EXACT(O117,Y117),Q117,0) -> 0 | AA117: =IF(Z117=0,Q117,0) -> 0 | AB117: =IF(U117=0,"",L117/U117-1) | AC117: =IF(W117=0,"",L117/W117-1) -> #REF!
Q118: =P118*M118 -> 0 | U118: =IF(EXACT(O118,Y118),M118,M118*(1-'Расчет ПРЕДЗАКАЗ'!$D$10)) -> 0 | V118: =P118*U118 -> 0 | W118: =IF(EXACT(O118,Y118),M118,M118*(1-#REF!)) -> #REF! | X118: =P118*W118 -> #REF! | Y118: СтопЦена | Z118: =IF(EXACT(O118,Y118),Q118,0) -> 0 | AA118: =IF(Z118=0,Q118,0) -> 0 | AB118: =IF(U118=0,"",L118/U118-1) | AC118: =IF(W118=0,"",L118/W118-1) -> #REF!
A120: 134 | B120: 162-1205000122-043 | C120: Свитер вязанный, зеленый камуфляж | D120: Фото отсутствует | F120: Ткань верха: акрил 70%, шерсть 30% | G120: зеленый камуфляж | H120: Воротник-стойка дополнительно защищает шею от ветра и холода Продуманная конструкция сохраняет комфорт при длительной носке Практичные материалы подходят для активного использования и частых выездов | I120: Свитер «вязаный» ТМ 7.62 — выбор для средней и низкой активности осенью. Усиленные зоны и стойкие материалы добавляют изделию надёжности там, где нагрузка выше. Материал изделия подобран для практичной носки, комфорта и надёжности. Сезон: осень | J120: WEB-Сайт | K120: р-р 48 | L120: 1770 | M120: 985 | N120: 4610097064609 | O120: СтопЦена | Q120: =P120*M120 -> 0 | S120: 17 | U120: =IF(EXACT(O120,Y120),M120,M120*(1-'Расчет ПРЕДЗАКАЗ'!$D$10)) -> 985 | V120: =P120*U120 -> 0 | W120: =IF(EXACT(O120,Y120),M120,M120*(1-#REF!)) -> 985 | X120: =P120*W120 -> 0 | Y120: СтопЦена | Z120: =IF(EXACT(O120,Y120),Q120,0) -> 0 | AA120: =IF(Z120=0,Q120,0) -> 0 | AB120: =IF(U120=0,"",L120/U120-1) -> 0.79695431 | AC120: =IF(W120=0,"",L120/W120-1) -> 0.79695431
K121: р-р 50 | L121: 1770 | M121: 985 | N121: 4610097064623 | O121: СтопЦена | Q121: =P121*M121 -> 0 | S121: 15 | U121: =IF(EXACT(O121,Y121),M121,M121*(1-'Расчет ПРЕДЗАКАЗ'!$D$10)) -> 985 | V121: =P121*U121 -> 0 | W121: =IF(EXACT(O121,Y121),M121,M121*(1-#REF!)) -> 985 | X121: =P121*W121 -> 0 | Y121: СтопЦена | Z121: =IF(EXACT(O121,Y121),Q121,0) -> 0 | AA121: =IF(Z121=0,Q121,0) -> 0 | AB121: =IF(U121=0,"",L121/U121-1) -> 0.79695431 | AC121: =IF(W121=0,"",L121/W121-1) -> 0.79695431
K122: р-р 52 | L122: 1770 | M122: 985 | N122: 4610097064685 | O122: СтопЦена | Q122: =P122*M122 -> 0 | S122: 10 | U122: =IF(EXACT(O122,Y122),M122,M122*(1-'Расчет ПРЕДЗАКАЗ'!$D$10)) -> 985 | V122: =P122*U122 -> 0 | W122: =IF(EXACT(O122,Y122),M122,M122*(1-#REF!)) -> 985 | X122: =P122*W122 -> 0 | Y122: СтопЦена | Z122: =IF(EXACT(O122,Y122),Q122,0) -> 0 | AA122: =IF(Z122=0,Q122,0) -> 0 | AB122: =IF(U122=0,"",L122/U122-1) -> 0.79695431 | AC122: =IF(W122=0,"",L122/W122-1) -> 0.79695431
Q123: =P123*M123 -> 0 | U123: =IF(EXACT(O123,Y123),M123,M123*(1-'Расчет ПРЕДЗАКАЗ'!$D$10)) -> 0 | V123: =P123*U123 -> 0 | W123: =IF(EXACT(O123,Y123),M123,M123*(1-#REF!)) -> #REF! | X123: =P123*W123 -> #REF! | Y123: СтопЦена | Z123: =IF(EXACT(O123,Y123),Q123,0) -> 0 | AA123: =IF(Z123=0,Q123,0) -> 0 | AB123: =IF(U123=0,"",L123/U123-1) | AC123: =IF(W123=0,"",L123/W123-1) -> #REF!
Q124: =P124*M124 -> 0 | U124: =IF(EXACT(O124,Y124),M124,M124*(1-'Расчет ПРЕДЗАКАЗ'!$D$10)) -> 0 | V124: =P124*U124 -> 0 | W124: =IF(EXACT(O124,Y124),M124,M124*(1-#REF!)) -> #REF! | X124: =P124*W124 -> #REF! | Y124: СтопЦена | Z124: =IF(EXACT(O124,Y124),Q124,0) -> 0 | AA124: =IF(Z124=0,Q124,0) -> 0 | AB124: =IF(U124=0,"",L124/U124-1) | AC124: =IF(W124=0,"",L124/W124-1) -> #REF!
Q125: =P125*M125 -> 0 | U125: =IF(EXACT(O125,Y125),M125,M125*(1-'Расчет ПРЕДЗАКАЗ'!$D$10)) -> 0 | V125: =P125*U125 -> 0 | W125: =IF(EXACT(O125,Y125),M125,M125*(1-#REF!)) -> #REF! | X125: =P125*W125 -> #REF! | Y125: СтопЦена | Z125: =IF(EXACT(O125,Y125),Q125,0) -> 0 | AA125: =IF(Z125=0,Q125,0) -> 0 | AB125: =IF(U125=0,"",L125/U125-1) | AC125: =IF(W125=0,"",L125/W125-1) -> #REF!
Q126: =P126*M126 -> 0 | U126: =IF(EXACT(O126,Y126),M126,M126*(1-'Расчет ПРЕДЗАКАЗ'!$D$10)) -> 0 | V126: =P126*U126 -> 0 | W126: =IF(EXACT(O126,Y126),M126,M126*(1-#REF!)) -> #REF! | X126: =P126*W126 -> #REF! | Y126: СтопЦена | Z126: =IF(EXACT(O126,Y126),Q126,0) -> 0 | AA126: =IF(Z126=0,Q126,0) -> 0 | AB126: =IF(U126=0,"",L126/U126-1) | AC126: =IF(W126=0,"",L126/W126-1) -> #REF!
Q127: =P127*M127 -> 0 | U127: =IF(EXACT(O127,Y127),M127,M127*(1-'Расчет ПРЕДЗАКАЗ'!$D$10)) -> 0 | V127: =P127*U127 -> 0 | W127: =IF(EXACT(O127,Y127),M127,M127*(1-#REF!)) -> #REF! | X127: =P127*W127 -> #REF! | Y127: СтопЦена | Z127: =IF(EXACT(O127,Y127),Q127,0) -> 0 | AA127: =IF(Z127=0,Q127,0) -> 0 | AB127: =IF(U127=0,"",L127/U127-1) | AC127: =IF(W127=0,"",L127/W127-1) -> #REF!
...

Sheet Orion Active
AA3: =IF(O24=СторЦена,M24*P24,) -> #NAME?
Z22: =SUM(Z24:Z798471) -> 0 | AA22: =SUM(AA24:AA798471) -> 0
A23: № | B23: Артикул | C23: Наименование как в 1С | D23: Фото Перед | F23: Ткань | G23: Цвет | H23: Особенности модели | I23: Описание | J23: Подробнее | K23: Размер | L23: РРЦ НОВАЯ | M23: оптовая | N23: Штрихкод | O23: СТОП ЦЕНА | P23: Количество ЗАКАЗ в шт (внести) | Q23: Сумма заказа в руб. по оптовой цене | S23: Остатки в шт | U23: Цена за штуку с учетом вашей скидки | V23: Сумма заказа в руб. с учетом вашей скидки | W23: Цена за штуку с учетом вашей скидки | X23: Сумма заказа в руб. с учетом вашей скидки | Z23: Расчет стоп цены | AA23: Расчет цены | AB23: Наценка РРЦ | AC23: Наценка РРЦ
A24: 1 | B24: 110-1204175123-140 | C24: Пегас термобелье ORION Active, т.хаки | D24: Фото отсутствует | F24: Ткань верха: флис: 100% полиэстер, плотность 135 г/м² | G24: т.хаки | H24: Антипиллинг помогает ткани дольше сохранять аккуратный внешний вид Плоские швы снижают риск натирания при длительной носке Материал отводит влагу от тела и поддерживает комфортный микроклимат Быстросохнущая ткань удобна в активном режиме и поездках Флис приятен к телу, помогает удерживать тепло и быстро сохнет | I24: Термобельё 2-го слоя «Пегас» ТМ ORION Active — выбор для активного отдыха в течение всего года. Антипиллинг повышает износостойкость материала и помогает дольше сохранять аккуратный внешний вид. Плоские швы снижают риск натирания, а анатомичный крой делает посадку удобнее при движении. Флисовый материал приятен к телу, помогает сохранять тепло, быстро сохнет и удобен в качестве самостоятельного или дополнительного слоя. Сезон: всесезонное Комплект: пуловер, брюки. | J24: WEB-Сайт | K24: р-р 44-46 рост 170-176 | L24: 2470 | M24: 1544 | N24: 4660335511532 | Q24: =P24*M24 -> 0 | S24: 2 | U24: =IF(EXACT(O24,Y24),M24,M24*(1-'Расчет ПРЕДЗАКАЗ'!$D$10)) -> 1513.12 | V24: =P24*U24 -> 0 | W24: =IF(EXACT(O24,Y24),M24,M24*(1-#REF!)) -> #REF! | X24: =P24*W24 -> #REF! | Y24: СтопЦена | Z24: =IF(EXACT(O24,Y24),Q24,0) -> 0 | AA24: =IF(Z24=0,Q24,0) -> 0 | AB24: =IF(U24=0,"",L24/U24-1) -> 0.63238871 | AC24: =IF(W24=0,"",L24/W24-1) -> #REF!
K25: р-р 52-54 рост 170-176 | L25: 2470 | M25: 1544 | N25: 4660335511570 | Q25: =P25*M25 -> 0 | S25: 11 | U25: =IF(EXACT(O25,Y25),M25,M25*(1-'Расчет ПРЕДЗАКАЗ'!$D$10)) -> 1513.12 | V25: =P25*U25 -> 0 | W25: =IF(EXACT(O25,Y25),M25,M25*(1-#REF!)) -> #REF! | X25: =P25*W25 -> #REF! | Y25: СтопЦена | Z25: =IF(EXACT(O25,Y25),Q25,0) -> 0 | AA25: =IF(Z25=0,Q25,0) -> 0 | AB25: =IF(U25=0,"",L25/U25-1) -> 0.63238871 | AC25: =IF(W25=0,"",L25/W25-1) -> #REF!
K26: р-р 56-58 рост 170-176 | L26: 2470 | M26: 1544 | N26: 4660335511594 | Q26: =P26*M26 -> 0 | S26: 22 | U26: =IF(EXACT(O26,Y26),M26,M26*(1-'Расчет ПРЕДЗАКАЗ'!$D$10)) -> 1513.12 | V26: =P26*U26 -> 0 | W26: =IF(EXACT(O26,Y26),M26,M26*(1-#REF!)) -> #REF! | X26: =P26*W26 -> #REF! | Y26: СтопЦена | Z26: =IF(EXACT(O26,Y26),Q26,0) -> 0 | AA26: =IF(Z26=0,Q26,0) -> 0 | AB26: =IF(U26=0,"",L26/U26-1) -> 0.63238871 | AC26: =IF(W26=0,"",L26/W26-1) -> #REF!
K27: р-р 56-58 рост 182-188 | L27: 2470 | M27: 1544 | N27: 4660335511617 | Q27: =P27*M27 -> 0 | S27: 53 | U27: =IF(EXACT(O27,Y27),M27,M27*(1-'Расчет ПРЕДЗАКАЗ'!$D$10)) -> 1513.12 | V27: =P27*U27 -> 0 | W27: =IF(EXACT(O27,Y27),M27,M27*(1-#REF!)) -> #REF! | X27: =P27*W27 -> #REF! | Y27: СтопЦена | Z27: =IF(EXACT(O27,Y27),Q27,0) -> 0 | AA27: =IF(Z27=0,Q27,0) -> 0 | AB27: =IF(U27=0,"",L27/U27-1) -> 0.63238871 | AC27: =IF(W27=0,"",L27/W27-1) -> #REF!
L28: =M28-M28*30% -> 0 | Q28: =P28*M28 -> 0 | U28: =IF(EXACT(O28,Y28),M28,M28*(1-'Расчет ПРЕДЗАКАЗ'!$D$10)) -> 0 | V28: =P28*U28 -> 0 | W28: =IF(EXACT(O28,Y28),M28,M28*(1-#REF!)) -> #REF! | X28: =P28*W28 -> #REF! | Y28: СтопЦена | Z28: =IF(EXACT(O28,Y28),Q28,0) -> 0 | AA28: =IF(Z28=0,Q28,0) -> 0 | AB28: =IF(U28=0,"",L28/U28-1) | AC28: =IF(W28=0,"",L28/W28-1) -> #REF!
L29: =M29-M29*30% -> 0 | Q29: =P29*M29 -> 0 | U29: =IF(EXACT(O29,Y29),M29,M29*(1-'Расчет ПРЕДЗАКАЗ'!$D$10)) -> 0 | V29: =P29*U29 -> 0 | W29: =IF(EXACT(O29,Y29),M29,M29*(1-#REF!)) -> #REF! | X29: =P29*W29 -> #REF! | Y29: СтопЦена | Z29: =IF(EXACT(O29,Y29),Q29,0) -> 0 | AA29: =IF(Z29=0,Q29,0) -> 0 | AB29: =IF(U29=0,"",L29/U29-1) | AC29: =IF(W29=0,"",L29/W29-1) -> #REF!
L30: =M30-M30*30% -> 0 | Q30: =P30*M30 -> 0 | U30: =IF(EXACT(O30,Y30),M30,M30*(1-'Расчет ПРЕДЗАКАЗ'!$D$10)) -> 0 | V30: =P30*U30 -> 0 | W30: =IF(EXACT(O30,Y30),M30,M30*(1-#REF!)) -> #REF! | X30: =P30*W30 -> #REF! | Y30: СтопЦена | Z30: =IF(EXACT(O30,Y30),Q30,0) -> 0 | AA30: =IF(Z30=0,Q30,0) -> 0 | AB30: =IF(U30=0,"",L30/U30-1) | AC30: =IF(W30=0,"",L30/W30-1) -> #REF!
L31: =M31-M31*30% -> 0 | Q31: =P31*M31 -> 0 | U31: =IF(EXACT(O31,Y31),M31,M31*(1-'Расчет ПРЕДЗАКАЗ'!$D$10)) -> 0 | V31: =P31*U31 -> 0 | W31: =IF(EXACT(O31,Y31),M31,M31*(1-#REF!)) -> #REF! | X31: =P31*W31 -> #REF! | Y31: СтопЦена | Z31: =IF(EXACT(O31,Y31),Q31,0) -> 0 | AA31: =IF(Z31=0,Q31,0) -> 0 | AB31: =IF(U31=0,"",L31/U31-1) | AC31: =IF(W31=0,"",L31/W31-1) -> #REF!
L32: =M32-M32*30% -> 0 | Q32: =P32*M32 -> 0 | U32: =IF(EXACT(O32,Y32),M32,M32*(1-'Расчет ПРЕДЗАКАЗ'!$D$10)) -> 0 | V32: =P32*U32 -> 0 | W32: =IF(EXACT(O32,Y32),M32,M32*(1-#REF!)) -> #REF! | X32: =P32*W32 -> #REF! | Y32: СтопЦена | Z32: =IF(EXACT(O32,Y32),Q32,0) -> 0 | AA32: =IF(Z32=0,Q32,0) -> 0 | AB32: =IF(U32=0,"",L32/U32-1) | AC32: =IF(W32=0,"",L32/W32-1) -> #REF!
L33: =M33-M33*30% -> 0 | Q33: =P33*M33 -> 0 | U33: =IF(EXACT(O33,Y33),M33,M33*(1-'Расчет ПРЕДЗАКАЗ'!$D$10)) -> 0 | V33: =P33*U33 -> 0 | W33: =IF(EXACT(O33,Y33),M33,M33*(1-#REF!)) -> #REF! | X33: =P33*W33 -> #REF! | Y33: СтопЦена | Z33: =IF(EXACT(O33,Y33),Q33,0) -> 0 | AA33: =IF(Z33=0,Q33,0) -> 0 | AB33: =IF(U33=0,"",L33/U33-1) | AC33: =IF(W33=0,"",L33/W33-1) -> #REF!
L34: =M34-M34*30% -> 0 | Q34: =P34*M34 -> 0 | U34: =IF(EXACT(O34,Y34),M34,M34*(1-'Расчет ПРЕДЗАКАЗ'!$D$10)) -> 0 | V34: =P34*U34 -> 0 | W34: =IF(EXACT(O34,Y34),M34,M34*(1-#REF!)) -> #REF! | X34: =P34*W34 -> #REF! | Y34: СтопЦена | Z34: =IF(EXACT(O34,Y34),Q34,0) -> 0 | AA34: =IF(Z34=0,Q34,0) -> 0 | AB34: =IF(U34=0,"",L34/U34-1) | AC34: =IF(W34=0,"",L34/W34-1) -> #REF!
L35: =M35-M35*30% -> 0 | Q35: =P35*M35 -> 0 | U35: =IF(EXACT(O35,Y35),M35,M35*(1-'Расчет ПРЕДЗАКАЗ'!$D$10)) -> 0 | V35: =P35*U35 -> 0 | W35: =IF(EXACT(O35,Y35),M35,M35*(1-#REF!)) -> #REF! | X35: =P35*W35 -> #REF! | Y35: СтопЦена | Z35: =IF(EXACT(O35,Y35),Q35,0) -> 0 | AA35: =IF(Z35=0,Q35,0) -> 0 | AB35: =IF(U35=0,"",L35/U35-1) | AC35: =IF(W35=0,"",L35/W35-1) -> #REF!
L36: =M36-M36*30% -> 0 | Q36: =P36*M36 -> 0 | U36: =IF(EXACT(O36,Y36),M36,M36*(1-'Расчет ПРЕДЗАКАЗ'!$D$10)) -> 0 | V36: =P36*U36 -> 0 | W36: =IF(EXACT(O36,Y36),M36,M36*(1-#REF!)) -> #REF! | X36: =P36*W36 -> #REF! | Y36: СтопЦена | Z36: =IF(EXACT(O36,Y36),Q36,0) -> 0 | AA36: =IF(Z36=0,Q36,0) -> 0 | AB36: =IF(U36=0,"",L36/U36-1) | AC36: =IF(W36=0,"",L36/W36-1) -> #REF!
L37: =M37-M37*30% -> 0 | Q37: =P37*M37 -> 0 | U37: =IF(EXACT(O37,Y37),M37,M37*(1-'Расчет ПРЕДЗАКАЗ'!$D$10)) -> 0 | V37: =P37*U37 -> 0 | W37: =IF(EXACT(O37,Y37),M37,M37*(1-#REF!)) -> #REF! | X37: =P37*W37 -> #REF! | Y37: СтопЦена | Z37: =IF(EXACT(O37,Y37),Q37,0) -> 0 | AA37: =IF(Z37=0,Q37,0) -> 0 | AB37: =IF(U37=0,"",L37/U37-1) | AC37: =IF(W37=0,"",L37/W37-1) -> #REF!
L38: =M38-M38*30% -> 0 | Q38: =P38*M38 -> 0 | U38: =IF(EXACT(O38,Y38),M38,M38*(1-'Расчет ПРЕДЗАКАЗ'!$D$10)) -> 0 | V38: =P38*U38 -> 0 | W38: =IF(EXACT(O38,Y38),M38,M38*(1-#REF!)) -> #REF! | X38: =P38*W38 -> #REF! | Y38: СтопЦена | Z38: =IF(EXACT(O38,Y38),Q38,0) -> 0 | AA38: =IF(Z38=0,Q38,0) -> 0 | AB38: =IF(U38=0,"",L38/U38-1) | AC38: =IF(W38=0,"",L38/W38-1) -> #REF!
A40: 2 | B40: 110-1104246123-148 | C40: Турист термобелье ORION Active | D40: Фото отсутствует | F40: Ткань верха: флис: 100% полиэстер, плотность 135 г/м² | G40: хаки | H40: Антипиллинг помогает ткани дольше сохранять аккуратный внешний вид Анатомический крой обеспечивает удобную посадку и свободу движений Плоские швы снижают риск натирания при длительной носке Материал отводит влагу от тела и поддерживает комфортный микроклимат Быстросохнущая ткань удобна в активном режиме и поездках Флис приятен к телу, помогает удерживать тепло и быстро сохнет Воротник-стойка дополнительно защищает шею от ветра и холода | I40: Термобельё 2-го слоя «Турист» ТМ ORION Active — выбор для активного отдыха в течение всего года. Антипиллинг повышает износостойкость материала и помогает дольше сохранять аккуратный внешний вид. Плоские швы снижают риск натирания, а анатомичный крой делает посадку удобнее при движении. Флисовый материал приятен к телу, помогает сохранять тепло, быстро сохнет и удобен в качестве самостоятельного или дополнительного слоя. Сезон: всесезонное Комплект: пуловер, брюки. | J40: WEB-Сайт | K40: р-р 44-46 рост 170-176 | L40: 3390 | M40: 2117 | N40: 4660335520473 | Q40: =P40*M40 -> 0 | S40: 418 | U40: =IF(EXACT(O40,Y40),M40,M40*(1-'Расчет ПРЕДЗАКАЗ'!$D$10)) -> 2074.66 | V40: =P40*U40 -> 0 | W40: =IF(EXACT(O40,Y40),M40,M40*(1-#REF!)) -> #REF! | X40: =P40*W40 -> #REF! | Y40: СтопЦена | Z40: =IF(EXACT(O40,Y40),Q40,0) -> 0 | AA40: =IF(Z40=0,Q40,0) -> 0 | AB40: =IF(U40=0,"",L40/U40-1) -> 0.63400268 | AC40: =IF(W40=0,"",L40/W40-1) -> #REF!
K41: р-р 48-50 рост 170-176 | L41: 3390 | M41: 2117 | N41: 4660335520442 | Q41: =P41*M41 -> 0 | S41: 601 | U41: =IF(EXACT(O41,Y41),M41,M41*(1-'Расчет ПРЕДЗАКАЗ'!$D$10)) -> 2074.66 | V41: =P41*U41 -> 0 | W41: =IF(EXACT(O41,Y41),M41,M41*(1-#REF!)) -> #REF! | X41: =P41*W41 -> #REF! | Y41: СтопЦена | Z41: =IF(EXACT(O41,Y41),Q41,0) -> 0 | AA41: =IF(Z41=0,Q41,0) -> 0 | AB41: =IF(U41=0,"",L41/U41-1) -> 0.63400268 | AC41: =IF(W41=0,"",L41/W41-1) -> #REF!
K42: р-р 48-50 рост 182-188 | L42: 3390 | M42: 2117 | N42: 4660335520459 | Q42: =P42*M42 -> 0 | S42: 482 | U42: =IF(EXACT(O42,Y42),M42,M42*(1-'Расчет ПРЕДЗАКАЗ'!$D$10)) -> 2074.66 | V42: =P42*U42 -> 0 | W42: =IF(EXACT(O42,Y42),M42,M42*(1-#REF!)) -> #REF! | X42: =P42*W42 -> #REF! | Y42: СтопЦена | Z42: =IF(EXACT(O42,Y42),Q42,0) -> 0 | AA42: =IF(Z42=0,Q42,0) -> 0 | AB42: =IF(U42=0,"",L42/U42-1) -> 0.63400268 | AC42: =IF(W42=0,"",L42/W42-1) -> #REF!
K43: р-р 52-54 рост 170-176 | L43: 3390 | M43: 2117 | N43: 4660335520466 | Q43: =P43*M43 -> 0 | S43: 571 | U43: =IF(EXACT(O43,Y43),M43,M43*(1-'Расчет ПРЕДЗАКАЗ'!$D$10)) -> 2074.66 | V43: =P43*U43 -> 0 | W43: =IF(EXACT(O43,Y43),M43,M43*(1-#REF!)) -> #REF! | X43: =P43*W43 -> #REF! | Y43: СтопЦена | Z43: =IF(EXACT(O43,Y43),Q43,0) -> 0 | AA43: =IF(Z43=0,Q43,0) -> 0 | AB43: =IF(U43=0,"",L43/U43-1) -> 0.63400268 | AC43: =IF(W43=0,"",L43/W43-1) -> #REF!
K44: р-р 52-54 рост 182-188 | L44: 3390 | M44: 2117 | N44: 4660335519781 | Q44: =P44*M44 -> 0 | S44: 418 | U44: =IF(EXACT(O44,Y44),M44,M44*(1-'Расчет ПРЕДЗАКАЗ'!$D$10)) -> 2074.66 | V44: =P44*U44 -> 0 | W44: =IF(EXACT(O44,Y44),M44,M44*(1-#REF!)) -> #REF! | X44: =P44*W44 -> #REF! | Y44: СтопЦена | Z44: =IF(EXACT(O44,Y44),Q44,0) -> 0 | AA44: =IF(Z44=0,Q44,0) -> 0 | AB44: =IF(U44=0,"",L44/U44-1) -> 0.63400268 | AC44: =IF(W44=0,"",L44/W44-1) -> #REF!
K45: р-р 56-58 рост 170-176 | L45: 3390 | M45: 2117 | N45: 4660335520480 | Q45: =P45*M45 -> 0 | S45: 394 | U45: =IF(EXACT(O45,Y45),M45,M45*(1-'Расчет ПРЕДЗАКАЗ'!$D$10)) -> 2074.66 | V45: =P45*U45 -> 0 | W45: =IF(EXACT(O45,Y45),M45,M45*(1-#REF!)) -> #REF! | X45: =P45*W45 -> #REF! | Y45: СтопЦена | Z45: =IF(EXACT(O45,Y45),Q45,0) -> 0 | AA45: =IF(Z45=0,Q45,0) -> 0 | AB45: =IF(U45=0,"",L45/U45-1) -> 0.63400268 | AC45: =IF(W45=0,"",L45/W45-1) -> #REF!
K46: р-р 56-58 рост 182-188 | L46: 3390 | M46: 2117 | N46: 4660335519804 | Q46: =P46*M46 -> 0 | S46: 402 | U46: =IF(EXACT(O46,Y46),M46,M46*(1-'Расчет ПРЕДЗАКАЗ'!$D$10)) -> 2074.66 | V46: =P46*U46 -> 0 | W46: =IF(EXACT(O46,Y46),M46,M46*(1-#REF!)) -> #REF! | X46: =P46*W46 -> #REF! | Y46: СтопЦена | Z46: =IF(EXACT(O46,Y46),Q46,0) -> 0 | AA46: =IF(Z46=0,Q46,0) -> 0 | AB46: =IF(U46=0,"",L46/U46-1) -> 0.63400268 | AC46: =IF(W46=0,"",L46/W46-1) -> #REF!
K47: р-р 60-62 рост 170-176 | L47: 3390 | M47: 2117 | N47: 4660335520497 | Q47: =P47*M47 -> 0 | S47: 229 | U47: =IF(EXACT(O47,Y47),M47,M47*(1-'Расчет ПРЕДЗАКАЗ'!$D$10)) -> 2074.66 | V47: =P47*U47 -> 0 | W47: =IF(EXACT(O47,Y47),M47,M47*(1-#REF!)) -> #REF! | X47: =P47*W47 -> #REF! | Y47: СтопЦена | Z47: =IF(EXACT(O47,Y47),Q47,0) -> 0 | AA47: =IF(Z47=0,Q47,0) -> 0 | AB47: =IF(U47=0,"",L47/U47-1) -> 0.63400268 | AC47: =IF(W47=0,"",L47/W47-1) -> #REF!
K48: р-р 60-62 рост 182-188 | L48: 3390 | M48: 2117 | N48: 4660335520503 | Q48: =P48*M48 -> 0 | S48: 184 | U48: =IF(EXACT(O48,Y48),M48,M48*(1-'Расчет ПРЕДЗАКАЗ'!$D$10)) -> 2074.66 | V48: =P48*U48 -> 0 | W48: =IF(EXACT(O48,Y48),M48,M48*(1-#REF!)) -> #REF! | X48: =P48*W48 -> #REF! | Y48: СтопЦена | Z48: =IF(EXACT(O48,Y48),Q48,0) -> 0 | AA48: =IF(Z48=0,Q48,0) -> 0 | AB48: =IF(U48=0,"",L48/U48-1) -> 0.63400268 | AC48: =IF(W48=0,"",L48/W48-1) -> #REF!
Q49: =P49*M49 -> 0 | U49: =IF(EXACT(O49,Y49),M49,M49*(1-'Расчет ПРЕДЗАКАЗ'!$D$10)) -> 0 | V49: =P49*U49 -> 0 | W49: =IF(EXACT(O49,Y49),M49,M49*(1-#REF!)) -> #REF! | X49: =P49*W49 -> #REF! | Y49: СтопЦена | Z49: =IF(EXACT(O49,Y49),Q49,0) -> 0 | AA49: =IF(Z49=0,Q49,0) -> 0 | AB49: =IF(U49=0,"",L49/U49-1) | AC49: =IF(W49=0,"",L49/W49-1) -> #REF!
